Workbook
Name bbl_to_USgal: Units!$C$25
Name kWh_to_MJ: Units!$C$8
Name l_ModuleUse: Units!$C$85:$C$86
Name l_ProjectUpstreamDownstreamData: Units!$B$85:$B$86
Name LifecycleStage: Guidance!$C$10
Name PlantType: Guidance!$C$9

Sheet Guidance
B3: Low Carbon Fuels Fund (LCFF) Window 1 - Appendix H: GHG emissions intensity
B4: Power to Liquids consignment
B6: Project name
B7: Lead applicant
B8: Project location
B9: Type of plant
B10: Last project lifecycle stage to be funded under LCFF
B11: First full calendar year of operations
B12: Conversion technology pathway
B13: Feedstock (in this workbook)
B14: Non-biogenic renewable, nuclear or grid mix PTL consignment?
B16: If your plant is a demonstration, or a FOAK commercial only requesting Pre-FEED funding, you may choose to input a delivered feedstock emission intensity into the "Conversion to jet" tab instead of filling upstream steps
B17: =IF(OR(PlantType="",LifecycleStage=""), "Fill fields above", IF(OR(PlantType="Demonstration", AND(PlantType="FOAK Commercial",LifecycleStage="Pre-FEED")),"Do you have data for upstream steps before your plant?","Not applicable, full Appendix H required")) -> Fill fields above
B18: Any plant may choose to use the SAF Mandate default value for downstream jet distribution emissions instead of filling downstream steps with their own data
B19: Do you wish to enter your own jet distribution step data?
B22: Legend
C23: Cells require data input
C24: Calculation cells
C25: Highlighted cell to match chosen year (cell input not required)
C26: Cell does not require data input and is not a calculation
C27: Cell does not require data input and is not a calculation
B30: Workbook structure
B31: Guidance | C31: Project name, location, type, lifecycle stage, year, pathway, feedstock, consignment information, workbook legend, workbook structure and disclaimer. Complete the initial questions at the top of this worksheet
B32: Units | C32: Unit conversions that can be used throughout the workbook (additional conversions can be added if required)
B33: Assumptions | C33: Average grid mix electricity GHG emissions factor and PTL eligible shares to be used, other useful reference sources
B34: Summary | C34: Results tab showing module efficiencies, emissions, allocation between (co)products and chain total GHG emissions vs LCFF GHG threshold. Copy-paste into your application form
B35: System boundary | C35: Please provide a schematic representation of your system boundary, for the chosen consignment
B36: Additional evidence | C36: Evidence for feedstock electricity/heat eligibility, CO2 sourcing, non-waste fossil hydrogen limit, CCS
B37: CO2 capture | C37: Complete each of the applicable chain component worksheets, ensuring that all inputs and outputs for each process are captured. In each worksheet, a set of example inputs and outputs are provided. This should not be considered an exhaustive list, and some of the examples may not apply to your process, so red text should be deleted or adapted as appropriate. The input and output values should be reported in tonnes/yr or MWh/yr. If you are converting from tonnes/hr or MW, please provide the assumed operating hours at the bottom of the worksheet. If a worksheet is not required, set the relevant row in column C in the Summary tab to "No", and this will keep the worksheet result as 100% efficiency, 100% allocation with no added GHG emissions (i.e. no impact). The number of workbooks required will depend on (a) whether multiple/mixed feedstocks are used, and (b) the proposed plant(s): (a) Complete separate Excel workbooks for each feedstock used. If using a mix of feedstock electricity sources, complete separate Excel workbooks for each, splitting step input & output flow data across the different workbooks (noting flow LHVs and step conversion efficiencies can remain the same). (b) For those applying for funding for a FOAK commercial plant, complete a workbook for each consignment from that plant. For those applying for funding for a demo plant, complete separate Excel workbooks, one for each consignment of the demo plant and one for each consignment for a future FOAK commercial scale plant (evidencing any integration/optimisation changes from the demo plant, or changes in assumed feedstocks).
B38: CO2 processing
B39: CO2 transport
B40: H2 electrolysis
B41: H2 processing
B42: H2 transport
B43: Conversion to intermediate
B44: Intermediate transport
B45: Conversion to jet
B46: Jet distribution 1
B47: Jet storage
B48: Jet distribution 2
B49: Aircraft refuelling
... B58: Version control: v4.0

Sheet Units
B2: Energy conversion factors
B3: From To | C3: TJ | D3: Gcal | E3: Mtoe | F3: Mbtu | G3: GWh
B4: Terajoule (TJ) | D4: 238.8 | E4: =2.388*10^-5 -> 2.388e-05 | F4: 947.8 | G4: 0.2778
B5: GigaCalorie (Gcal) | C5: =4.1868*10^-3 -> 0.0041868 | E5: =10^-7 -> 1e-07 | F5: 3.968 | G5: =1.163*10^-3 -> 0.001163
B6: million tonne of oil equivalent (Mtoe) | C6: =4.1868*10^4 -> 41868 | D6: =10^7 -> 10000000 | F6: =3.968*10^7 -> 39680000 | G6: 11630
B7: million British thermal unit (Mbtu) | C7: =1.0551*10^-3 -> 0.0010551 | D7: 0.252 | E7: =2.52*10^-8 -> 2.52e-08 | G7: =1/F8 -> 0.00029307107
B8: GigaWatt hour (GWh) | C8: 3.6 | D8: 860 | E8: =8.6*10^-5 -> 8.6e-05 | F8: 3412.1416
B11: Mass conversion factors
B12: From To | C12: kg | D12: te | E12: lt | F12: st | G12: lb | H12: oz
B13: kilogramme (kg) | D13: 0.001 | E13: =9.84207*10^-4 -> 0.000984207 | F13: =1.10231*10^-3 -> 0.00110231 | G13: 2.20462 | H13: =G13*16 -> 35.27392
B14: tonne (te) | C14: 1000 | E14: 0.984207 | F14: 1.10231 | G14: 2204.62 | H14: =G14*16 -> 35273.92
B15: long ton (lt) | C15: =1/E13 -> 1016.0464 | D15: =1/E14 -> 1.0160464 | F15: 1.12 | G15: 2240 | H15: =G15*16 -> 35840
B16: short ton (st) | C16: =1/F13 -> 907.18582 | D16: =C16*D13 -> 0.90718582 | E16: =C16*E13 -> 0.89285863 | G16: 2000 | H16: =G16*16 -> 32000
B17: pound (lb) | C17: =1/G13 -> 0.45359291 | D17: =1/G14 -> 0.00045359291 | E17: =1/G15 -> 0.00044642857 | F17: =1/G16 -> 0.0005 | H17: 16
B18: ounce (oz) | C18: =C17/16 -> 0.028349557 | D18: =D17/16 -> 2.8349557e-05 | E18: =E17/16 -> 2.7901786e-05 | F18: =F17/16 -> 3.125e-05 | G18: =1/16 -> 0.0625
B21: Volume conversion factors
B22: From To | C22: gal US | D22: gal UK | E22: bbl | F22: ft3 | G22: l | H22: m3
B23: US gallon (gal) | D23: 0.832674 | E23: =1/C25 -> 0.023809524 | F23: 0.133681 | G23: 3.78541 | H23: 0.00378541
B24: UK gallon (gal) | C24: =1/D23 -> 1.2009502 | E24: =1/D25 -> 0.028594052 | F24: =1/D26 -> 0.16054422 | G24: 4.54609 | H24: =G24/1000 -> 0.00454609
B25: barrel (bbl) | C25: 42 | D25: =C25*D23 -> 34.972308 | F25: =1/E26 -> 5.614602 | G25: 158.98722 | H25: =G25/1000 -> 0.15898722
B26: cubic feet (ft3) | C26: =1/F23 -> 7.4804946 | D26: =C26*D23 -> 6.2288134 | E26: =C26*E23 -> 0.17810701 | G26: 28.3168 | H26: =G26/1000 -> 0.0283168
B27: litre (l) | C27: 0.26417218 | D27: =1/G24 -> 0.21996925 | E27: =1/G25 -> 0.0062898137 | F27: =1/G26 -> 0.035314725 | H27: 0.001
B28: cubic metre (m3) | C28: =1/H23 -> 264.17218 | D28: =1/H24 -> 219.96925 | E28: =1/H25 -> 6.2898137 | F28: =1/H26 -> 35.314725 | G28: 1000
B31: Length conversion factors
B32: From To | C32: in | D32: ft | E32: yd | F32: mi | G32: nmi | H32: m | I32: km
B33: inch (in) | D33: =1/C34 -> 0.083333333 | E33: =1/C35 -> 0.027777778 | F33: =1/C36 -> 1.5782828e-05 | G33: =1/C37 -> 1.37149e-05 | H33: =1/C38 -> 0.025399986 | I33: =H33/1000 -> 2.5399986e-05
B34: foot (ft) | C34: 12 | E34: =1/D35 -> 0.33333333 | F34: =1/D36 -> 0.00018939394 | G34: =1/D37 -> 0.0001645788 | H34: =1/D38 -> 0.30479984 | I34: =H34/1000 -> 0.00030479984
B35: yard (yd) | C35: 36 | D35: =C35*D33 -> 3 | F35: =1/E36 -> 0.00056818182 | G35: =1/E37 -> 0.00049373641 | H35: =1/E38 -> 0.91439951 | I35: =H35/1000 -> 0.00091439951
B36: mile (mi) | C36: 63360 | D36: =C36*D33 -> 5280 | E36: =C36*E33 -> 1760 | G36: =1/F37 -> 0.86897607 | H36: =1/F38 -> 1609.3431 | I36: =H36/1000 -> 1.6093431
B37: nautical mile (nmi) | C37: 72913.4 | D37: =C37*D33 -> 6076.1167 | E37: =C37*E33 -> 2025.3722 | F37: =C37*F33 -> 1.1507797 | H37: =1/G38 -> 1851.9994 | I37: =H37/1000 -> 1.8519994
B38: metre (m) | C38: 39.3701 | D38: =C38*D33 -> 3.2808417 | E38: =C38*E33 -> 1.0936139 | F38: =C38*F33 -> 0.00062137153 | G38: =C38*G33 -> 0.00053995699 | I38: =1/H39 -> 0.001
B39: kilometre (km) | C39: =C38*1000 -> 39370.1 | D39: =D38*1000 -> 3280.8417 | E39: =E38*1000 -> 1093.6139 | F39: =F38*1000 -> 0.62137153 | G39: =G38*1000 -> 0.53995699 | H39: 1000
B42: Power conversion factors
B43: From To | C43: HP | D43: kW
B44: horsepower (HP) - mechanic | D44: 0.74569987
B45: kilowatts (kW) | C45: =1/D44 -> 1.3410221
B48: Metric Prefixes
B49: 10^x | C49: Prefix | D49: Symbol
B50: 10^24 | C50: yotta | D50: Y
B51: 10^21 | C51: zetta | D51: Z
B52: 10^18 | C52: exa | D52: E
B53: 10^15 | C53: peta | D53: P
B54: 10^12 | C54: tera | D54: T
B55: 10^9 | C55: giga | D55: G
B56: 10^6 | C56: mega | D56: M
B57: 10^3 | C57: kilo | D57: k
B58: 10^2 | C58: hecto | D58: h
B59: 10^1 | C59: deka | D59: da
B60: 10^-1 | C60: deci | D60: d
... B69: 10^-24 | C69: yocto | D69: y
B71: Sources:
B72: http://wds.iea.org/wds/pdf/documentation_co2_2012.pdf
B73: http://www.exo.net/~pauld/physics/Metric_prefixes.html
B76: Global warming potentials
B77: Greenhouse gas | C77: tCO2e/t of gas | D77: Sources:
B78: CO | C78: 1.9 | D78: https://www.ipcc.ch/site/assets/uploads/2018/02/ar4-wg1-chapter2-1.pdf
B79: H2 | C79: 11 | D79: https://www.gov.uk/government/publications/atmospheric-implications-of-increased-hydrogen-use
B80: CH4 | C80: 28 | D80: https://www.gov.uk/government/publications/rtfo-and-saf-mandate-technical-information
B81: N2O | C81: 265 | D81: https://www.gov.uk/government/publications/rtfo-and-saf-mandate-technical-information
B83: Lists
B84: Project data | C84: Module use
B85: Yes | C85: Yes
B86: No | C86: No
B87: Not applicable

Sheet Assumptions
B2: GHG intensity of average grid mix electricity consumed by industrial users (gCO2e/MJe)
B3: First full calendar year of operations for your proposed plant | C3: 2027 | D3: =C3+1 -> 2028 | E3: =D3+1 -> 2029 | F3: =E3+1 -> 2030 | G3: =F3+1 -> 2031 | H3: =G3+1 -> 2032 | I3: =H3+1 -> 2033 | J3: =I3+1 -> 2034 | K3: =J3+1 -> 2035 | ... N3: =M3+1 -> 2038
B4: Great Britain | C4: 36.7 | D4: 29.8 | E4: 24.3 | F4: 15 | G4: 9.4 | H4: 5.4 | I4: 0.8 | J4: 0 | K4: 0 | L4: 0 | M4: 0 | N4: 0
B5: Northern Ireland | C5: 49.8 | D5: 45.8 | E5: 42 | F5: 38.3 | G5: 34.7 | H5: 31.2 | I5: 27.8 | J5: 24.3 | K5: 20.8 | L5: 17.3 | M5: 14 | N5: 10.6
B7: Please note that these trajectories are based off the NESO FES Holistic Scenario (including BECCS) for GB, and SONI TES Self-Sustaining Scenario for NI. Actual in year grid factors will differ from these projections.
B8: These respective GB/NI grid intensities are to be used in your Appendix H Excel workbook(s) for any consumption of GB/NI grid electricity by your plant or components of your supply chain, as well as for any RCF feedstocks where GB/NI grid electricity is the displaced energy in the RCF counterfactual.
B9: These values include upstream & generation GHG emissions for generation & gross imports, as well as downstream T&D losses. A floor value of zero has been taken for the purposes of the LCFF, to align with other UK Government policies.
B10: Compliance with the RTFO & SAF Mandate Guidance during operations will rely on using actual grid factors (that apply this full scope of emissions) from "relevant competent authorities". Note current NESO and EirGrid live reporting of GB and NI grid intensities do NOT include upstream emissions.
B11: If your plant is proposing to start full operations in e.g. August 2029, your first full calendar year of operations is 2030. You should therefore use the 2030 grid factor above for the relevant location for any consumption of grid electricity.
B14: PTL-eligible share of average grid mix electricity
B15: First full calendar year of operations for your proposed plant | C15: 2027 | D15: =C15+1 -> 2028 | E15: =D15+1 -> 2029 | F15: =E15+1 -> 2030 | G15: =F15+1 -> 2031 | H15: =G15+1 -> 2032 | I15: =H15+1 -> 2033 | J15: =I15+1 -> 2034 | K15: =J15+1 -> 2035 | ... N15: =M15+1 -> 2038
B16: Great Britain | C16: 0.65 | D16: 0.7 | E16: 0.72 | F16: 0.76 | G16: 0.77 | H16: 0.77 | I16: 0.8 | J16: 0.81 | K16: 0.82 | L16: 0.82 | M16: 0.83 | N16: 0.82
B17: Northern Ireland | C17: 0.42 | D17: 0.45 | E17: 0.48 | F17: 0.5 | G17: 0.52 | H17: 0.54 | I17: 0.56 | J17: 0.57 | K17: 0.59 | L17: 0.6 | M17: 0.61 | N17: 0.62
B19: Using the above NESO and SONI scenarios, the PTL-eligible shares of the average GB/NI grid mix has been derived in the table above.
B20: Electricity generation from wind, solar, hydroelectric, geothermal, tidal, wave and nuclear sources are included in the calculation of the PTL-eligible share. The shares of gross imports and storage discharge has been deemed non-eligible in these calculations for simplicity, and as full evidence requirements are not yet established.
B21: These values are to be used for the >90% feedstock electricity eligibility calculations if your project plans to consume a proportion of average grid mix electricity as feedstock electricity in producing SAF.
B22: Note these indicative values are only for use in the Low Carbon Fuels Fund, and these values should not be used to determine eligibility for the SAF mandate or RCM, in either the first year of plant operations or any other given year.
B25: Useful links, references | C25: Sources:
B27: RTFO & SAF Mandate technical guidance | C27: https://www.gov.uk/government/publications/rtfo-and-saf-mandate-technical-information
B28: SAF Mandate Compliance guidance | C28: https://www.gov.uk/government/publications/saf-mandate-compliance
B30: UK Government conversion factors for Company Reporting. | C30: https://www.gov.uk/government/collections/government-conversion-factors-for-company-reporting
B31: 0.13% methane loss per 1000km suggested for NTS gas grid transport | C31: https://www.gov.uk/government/publications/rtfo-biomethane
B32: 0.45% methane loss suggested for gas distribution grid transport | C32: https://www.erm.com/contentassets/553cd40a6def42b196e32e4d70e149a1/zemo-low-carbon-hydrogen-wtt-pathways-full-report.pdf
B34: The following links can provide useful data sources that may be relevant
B35: UK & Ireland Carbon Calculator | C35: https://www.gov.uk/government/publications/biofuels-carbon-calculator-rtfo
B36: UK Low Carbon Hydrogen Standard - guidance and annexes | C36: https://www.gov.uk/government/publications/uk-low-carbon-hydrogen-standard-emissions-reporting-and-sustainability-criteria
B37: UK Low Carbon Hydrogen Standard - data table annex | C37: https://assets.publishing.service.gov.uk/media/69678bf7a2bb8d22cd7b0d94/uk-low-carbon-hydrogen-standard-v4-data-annex-january-2026.pdf
B39: RED implementing act | C39: https://eur-lex.europa.eu/legal-content/EN/TXT/PDF/?uri=CELEX:02022R0996-20231230
B40: RED III text | C40: https://eur-lex.europa.eu/legal-content/EN/TXT/PDF/?uri=CELEX:02018L2001-20231120
B41: RED Delegated Act RFNBO/RCF GHG emissions | C41: https://eur-lex.europa.eu/legal-content/EN/TXT/PDF/?uri=CELEX:32023R1185
B42: ReFuelEUAviation text | C42: https://data.consilium.europa.eu/doc/document/PE-29-2023-INIT/en/pdf
B44: JRC updated GHG emission values of biofuels & biomass fuels in RED | C44: https://publications.jrc.ec.europa.eu/repository/handle/JRC142012
B45: JRC LCA comparison of hydrogen delivery options within Europe | C45: https://publications.jrc.ec.europa.eu/repository/handle/JRC137953
B46: JEC WTT v5 (old) | C46: https://publications.jrc.ec.europa.eu/repository/handle/JRC119036
B47: JRC report for biofuel GHG default values (old) | C47: https://publications.jrc.ec.europa.eu/repository/handle/JRC104483
B48: JRC input database for biofuel GHG default values (old) | C48: https://data.jrc.ec.europa.eu/dataset/e51f4304-7023-4fca-8900-7d206f89b914
... B53: IEA Net Zero Emissions by 2050 scenario | C53: https://iea.blob.core.windows.net/assets/deebef5d-0c34-4539-9d0c-10b13d840027/NetZeroby2050-ARoadmapfortheGlobalEnergySector_CORR.pdf

Sheet Summary
B2: Supply chain module (module & tab names can be altered) | C2: Is the module used? (to complete) | D2: Module efficiency (kg main output/kg main input) | E2: Module efficiency (MJLHV main output/MJLHV main input) | F2: Cumulative backward CO2 chain efficiency (kg module main output/kg delivered CO2) | G2: Cumulative backward chain efficiency (MJLHV module main output/MJLHV final fuel) | H2: GHG emissions from module, WITHOUT allocation (gCO2e/kg module main output) | I2: GHG emissions from module, WITHOUT allocation (gCO2e/MJLHV module main output) | J2: GHG emissions from module, WITHOUT allocation (gCO2e/kg delivered CO2) | K2: GHG emissions from module, WITHOUT allocation (gCO2e/MJLHV final fuel) | L2: Allocation of GHG emissions to main output of each module | M2: Cumulative backward chain allocation of GHG emissions | N2: GHG emissions from module, WITH allocation (gCO2e/kg delivered CO2) | O2: GHG emissions from module, WITH allocation (gCO2e/MJLHV final fuel) | Q2: Outstanding actions for the modules
B3: CO2 capture | C3: =IF(Guidance!$C$17="No", "No", "Enter") -> Enter | D3: =IF(C3="No", 100%, 'CO2 capture'!P19) | F3: =F4/D4 -> #VALUE! | H3: =IF(C3="No", 0, 'CO2 capture'!W36) -> 0 | J3: =H3*F3 -> #VALUE! | L3: =IF(OR(C3="No",'CO2 capture'!S19=""), 100%,'CO2 capture'!S19) -> 1 | M3: =M4*L3 -> 1 | N3: =IF(B3="No", "", J3*M3) -> #VALUE! | Q3: {=IF(AND(C3="Yes",IF(SUMPRODUCT(--(LEN(INDIRECT("'"&B3&"'!$Z$5:$Z$54"))>0)),TRUE)),"Check Column Z within this module to make sure information has been provided for all relevant inputs and outputs",IF(C3="Enter", "Complete column C on left", ""))} -> Complete column C on left
B4: CO2 processing | C4: =IF(Guidance!$C$17="No", "No", "Enter") -> Enter | D4: =IF(C4="No", 100%, 'CO2 processing'!P19) | F4: =F5/D5 -> #VALUE! | H4: =IF(C4="No", 0, 'CO2 processing'!W36) -> 0 | J4: =H4*F4 -> #VALUE! | L4: =IF(OR(C4="No",'CO2 processing'!S19=""), 100%,'CO2 processing'!S19) -> 1 | M4: =M5*L4 -> 1 | N4: =IF(B4="No", "", J4*M4) -> #VALUE! | Q4: {=IF(AND(C4="Yes",IF(SUMPRODUCT(--(LEN(INDIRECT("'"&B4&"'!$Z$5:$Z$54"))>0)),TRUE)),"Check Column Z within this module to make sure information has been provided for all relevant inputs and outputs",IF(C4="Enter", "Complete column C on left", ""))} -> Complete column C on left
B5: CO2 transport | C5: =IF(Guidance!$C$17="No", "No", "Enter") -> Enter | D5: =IF(C5="No", 100%, 'CO2 transport'!P19) | F5: 1 | H5: =IF(C5="No", 0, 'CO2 transport'!W36) -> 0 | J5: =H5*F5 -> 0 | L5: =IF(OR(C5="No",'CO2 transport'!S19=""), 100%,'CO2 transport'!S19) -> 1 | M5: =L5 -> 1 | N5: =IF(B5="No", "", J5*M5) -> 0 | Q5: {=IF(AND(C5="Yes",IF(SUMPRODUCT(--(LEN(INDIRECT("'"&B5&"'!$Z$5:$Z$54"))>0)),TRUE)),"Check Column Z within this module to make sure information has been provided for all relevant inputs and outputs",IF(C5="Enter", "Complete column C on left", ""))} -> Complete column C on left
B6: H2 electrolysis | C6: =IF(Guidance!$C$17="No", "No", "Enter") -> Enter | E6: =IF(C6="No", 100%, 'H2 electrolysis'!P19) | G6: =G7/E7 -> #VALUE! | I6: =IF(C6="No", 0, 'H2 electrolysis'!W36) -> 0 | K6: =I6*G6 -> #VALUE! | L6: =IF(C6="No", 100%,'H2 electrolysis'!S19) | M6: =M7*L6 -> #VALUE! | O6: =IF(C6="No", "", K6*M6) -> #VALUE! | Q6: {=IF(AND(C6="Yes",IF(SUMPRODUCT(--(LEN(INDIRECT("'"&B6&"'!$Z$5:$Z$54"))>0)),TRUE)),"Check Column Z within this module to make sure information has been provided for all relevant inputs and outputs",IF(C6="Enter", "Complete column C on left", ""))} -> Complete column C on left
B7: H2 processing | C7: =IF(Guidance!$C$17="No", "No", "Enter") -> Enter | E7: =IF(C7="No", 100%, 'H2 processing'!P19) | G7: =G8/E8 -> #VALUE! | I7: =IF(C7="No", 0, 'H2 processing'!W36) -> 0 | K7: =I7*G7 -> #VALUE! | L7: =IF(C7="No", 100%,'H2 processing'!S19) | M7: =M8*L7 -> #VALUE! | O7: =IF(C7="No", "", K7*M7) -> #VALUE! | Q7: {=IF(AND(C7="Yes",IF(SUMPRODUCT(--(LEN(INDIRECT("'"&B7&"'!$Z$5:$Z$54"))>0)),TRUE)),"Check Column Z within this module to make sure information has been provided for all relevant inputs and outputs",IF(C7="Enter", "Complete column C on left", ""))} -> Complete column C on left
B8: H2 transport | C8: =IF(Guidance!$C$17="No", "No", "Enter") -> Enter | E8: =IF(C8="No", 100%, 'H2 transport'!P19) | G8: =G9/E9 -> #VALUE! | I8: =IF(C8="No", 0, 'H2 transport'!W36) -> 0 | K8: =I8*G8 -> #VALUE! | L8: =IF(C8="No", 100%,'H2 transport'!S19) | M8: =M9*L8 -> #VALUE! | O8: =IF(C8="No", "", K8*M8) -> #VALUE! | Q8: {=IF(AND(C8="Yes",IF(SUMPRODUCT(--(LEN(INDIRECT("'"&B8&"'!$Z$5:$Z$54"))>0)),TRUE)),"Check Column Z within this module to make sure information has been provided for all relevant inputs and outputs",IF(C8="Enter", "Complete column C on left", ""))} -> Complete column C on left
B9: Conversion to intermediate | C9: =IF(Guidance!$C$17="No", "No", "Enter") -> Enter | E9: =IF(C9="No", 100%, 'Conversion to intermediate'!P19) | G9: =G10/E10 -> #VALUE! | I9: =IF(C9="No", 0, 'Conversion to intermediate'!W47) -> 0 | K9: =I9*G9 -> #VALUE! | L9: =IF(C9="No", 100%,'Conversion to intermediate'!S19) | M9: =M10*L9 -> #VALUE! | O9: =IF(C9="No", "", K9*M9) -> #VALUE! | Q9: {=IF(AND(C9="Yes",IF(SUMPRODUCT(--(LEN(INDIRECT("'"&B9&"'!$Z$5:$Z$54"))>0)),TRUE)),"Check Column Z within this module to make sure information has been provided for all relevant inputs and outputs",IF(C9="Enter", "Complete column C on left", ""))} -> Complete column C on left
B10: Intermediate transport | C10: =IF(Guidance!$C$17="No", "No", "Enter") -> Enter | E10: =IF(C10="No", 100%, 'Intermediate transport'!P19) | G10: =G11/E11 -> #VALUE! | I10: =IF(C10="No", 0, 'Intermediate transport'!W36) -> 0 | K10: =I10*G10 -> #VALUE! | L10: =IF(C10="No", 100%,'Intermediate transport'!S19) | M10: =M11*L10 -> #VALUE! | O10: =IF(C10="No", "", K10*M10) -> #VALUE! | Q10: {=IF(AND(C10="Yes",IF(SUMPRODUCT(--(LEN(INDIRECT("'"&B10&"'!$Z$5:$Z$54"))>0)),TRUE)),"Check Column Z within this module to make sure information has been provided for all relevant inputs and outputs",IF(C10="Enter", "Complete column C on left", ""))} -> Complete column C on left
B11: Conversion to jet | C11: Yes | E11: =IF(C11="No", 100%, 'Conversion to jet'!P19) | G11: =G12/E12 -> #VALUE! | I11: =IF(C11="No", 0, 'Conversion to jet'!W47) -> 0 | K11: =I11*G11 -> #VALUE! | L11: =IF(C11="No", 100%,'Conversion to jet'!S19) | M11: =M12*L11 -> #VALUE! | O11: =IF(C11="No", "", K11*M11) -> #VALUE! | Q11: {=IF(AND(C11="Yes",IF(SUMPRODUCT(--(LEN(INDIRECT("'"&B11&"'!$Z$5:$Z$54"))>0)),TRUE)),"Check Column Z within this module to make sure information has been provided for all relevant inputs and outputs",IF(C11="Enter", "Complete column C on left", ""))} -> Check Column Z within this module to make sure information has been provided for all relevant inputs and outputs
B12: Jet distribution 1 | C12: =IF(Guidance!$C$19="No", "No", "Enter") -> Enter | E12: =IF(C12="No", 100%, 'Jet distribution 1'!P19) | G12: =G13/E13 -> #VALUE! | I12: =IF(C12="No", 0, 'Jet distribution 1'!W36) -> 0 | K12: =I12*G12 -> #VALUE! | L12: =IF(C12="No", 100%,'Jet distribution 1'!S19) | M12: =M13*L12 -> #VALUE! | O12: =IF(C12="No", "", IF(Guidance!$C$19="No",0,K12*M12)) -> #VALUE! | Q12: {=IF(AND(C12="Yes",IF(SUMPRODUCT(--(LEN(INDIRECT("'"&B12&"'!$Z$5:$Z$54"))>0)),TRUE)),"Check Column Z within this module to make sure information has been provided for all relevant inputs and outputs",IF(C12="Enter", "Complete column C on left", ""))} -> Complete column C on left
B13: Jet storage | C13: =IF(Guidance!$C$19="No", "No", "Enter") -> Enter | E13: =IF(C13="No", 100%, 'Jet storage'!P19) | G13: =G14/E14 -> #VALUE! | I13: =IF(C13="No", 0, 'Jet storage'!W36) -> 0 | K13: =I13*G13 -> #VALUE! | L13: =IF(C13="No", 100%,'Jet storage'!S19) | M13: =M14*L13 -> #VALUE! | O13: =IF(C13="No", "", IF(Guidance!$C$19="No",0,K13*M13)) -> #VALUE! | Q13: {=IF(AND(C13="Yes",IF(SUMPRODUCT(--(LEN(INDIRECT("'"&B13&"'!$Z$5:$Z$54"))>0)),TRUE)),"Check Column Z within this module to make sure information has been provided for all relevant inputs and outputs",IF(C13="Enter", "Complete column C on left", ""))} -> Complete column C on left
B14: Jet distribution 2 | C14: =IF(Guidance!$C$19="No", "No", "Enter") -> Enter | E14: =IF(C14="No", 100%, 'Jet distribution 2'!P19) | G14: =G15/E15 -> #VALUE! | I14: =IF(C14="No", 0, 'Jet distribution 2'!W36) -> 0 | K14: =I14*G14 -> #VALUE! | L14: =IF(C14="No", 100%,'Jet distribution 2'!S19) | M14: =M15*L14 -> #VALUE! | O14: =IF(C14="No", "", IF(Guidance!$C$19="No",0,K14*M14)) -> #VALUE! | Q14: {=IF(AND(C14="Yes",IF(SUMPRODUCT(--(LEN(INDIRECT("'"&B14&"'!$Z$5:$Z$54"))>0)),TRUE)),"Check Column Z within this module to make sure information has been provided for all relevant inputs and outputs",IF(C14="Enter", "Complete column C on left", ""))} -> Complete column C on left
B15: Aircraft refuelling | C15: =IF(Guidance!$C$19="No", "No", "Yes") -> Yes | E15: =IF(C15="No", 100%, 'Aircraft refuelling'!P19) | G15: 1 | I15: =IF(C15="No", 0, 'Aircraft refuelling'!W36) -> 0 | K15: =I15*G15 -> 0 | L15: =IF(C15="No", 100%,'Aircraft refuelling'!S19) | M15: =L15 | O15: =IF(Guidance!$C$19="No",1.2,K15*M15) -> #VALUE! | Q15: {=IF(AND(C15="Yes",IF(SUMPRODUCT(--(LEN(INDIRECT("'"&B15&"'!$Z$5:$Z$54"))>0)),TRUE)),"Check Column Z within this module to make sure information has been provided for all relevant inputs and outputs",IF(C15="Enter", "Complete column C on left", ""))} -> Check Column Z within this module to make sure information has been provided for all relevant inputs and outputs
B16: Total chain | E16: =PRODUCT(E3:E15) -> 0 | O16: =IFERROR(SUM(O6:O15),"Missing information") -> Missing information | Q16: Check all the required information has been provided in the relevant modules above
B17: Low Carbon Fuels Fund threshold | O17: =IF(PlantType="Demonstration", 53.4,31) -> 31
B19: Include a copy of this table in your application form

Sheet System Boundary
B2: Please provide a schematic representation of your system boundary and supply chain for the fuel consignment(s) analysed in this Workbook

Sheet Additional evidence
B2: If applicable, evidence that at least 90% of the feedstock electricity/heat is derived from non-biogenic or nuclear sources
B6: If applicable, evidence that at least 90% of the feedstock electricity/heat meets the PTL requirements of the SAF Mandate, except for additionality rules
B10: If applicable, evidence on eligibility of CO2 sourcing
B14: If applicable, calculation of the amount of non-waste fossil-fuel derived hydrogen used compared to total jet output (and compliance with 10% threshold)
B18: If applicable, evidence for CCS use and compliance with RTFO & SAF Mandate Technical Guidance requirements
B22: Other relevant evidence

Sheet CO2 capture
A1: Demonstration project or FOAK Pre-FEED project selected and no upstream data available - if applicable, enter delivered captured CO2 emission factor in the "Conversion to jet" worksheet
B2: Type of input/output | C2: Description of input/output | D2: Units | E2: Value | F2: Further flow details (e.g. energy source, type, distance, temperature, pressure, purity) | G2: Source / evidence (e.g. reports, contracts, delivery notes, lab tests, model) | H2: Flow in from/out to: | I2: Does the flow cross the GHG assessment boundary? | J2: Lower heating value [LHV] (MJ/kgdry) | K2: Reference for LHVdry | L2: Moisture content (kg water/kg as received) | M2: Reference for moisture content | N2: Co-product heat/steam temperature (°C) | O2: Equivalent energy flow (MWh/yr LHVwet) | P2: Module efficiency (kg wet module main output/kg wet module main input) | R2: Equivalent energy flow for allocation (MWh/yr LHVallocation) | S2: Energy allocation (MJLHV allocation main product/MJLHV allocation all module products) | T2: GHG intensity (gCO2e/kg of material) - for materials with tonnes/yr units | U2: GHG intensity (gCO2e/MJLHV wet of energy) - for materials with MWh/yr (LHV) units | V2: Reference for GHG intensity | W2: GHG emissions (gCO2e/kg module main output), WITHOUT allocation | Y2: Comments & questions
B4: Main input
B5: Module main feedstock | C5: e.g. Gas stream containing CO2 | D5: tonnes/yr | I5: No | O5: =IF($D5="MWh/yr (LHV)",$E5,$J5*$E5*(1-$L5)/3.6) -> 0 | Z5: =IF(AND(C5<>"",OR(E5="",J5="",L5="")),"Missing information in this row.","") -> Missing information in this row.
B7: Energy supply and input materials
B8: Energy | C8: e.g. Electricity | D8: MWh/yr (LHV) | O8: =IF($D8="MWh/yr (LHV)",$E8,$J8*$E8*(1-$L8)/3.6) -> 0 | T8: =IF(B8="", "", IF(D8="MWh/yr (LHV)", "Use column to right", "Enter data here")) -> Use column to right | U8: =IF(B8="", "", IF(D8="MWh/yr (LHV)", "Enter data here", "Use column to left")) -> Enter data here | V8: Accounting for only the emissions in supplying this input. Record any GHGs released on use in outputs table below | W8: =IFERROR(IF(D8="tonnes/yr", $T8*$E8/$E$19, $U8*$E8*3.6/$E$19), "Unfilled fields on left") -> Unfilled fields on left | Z8: =IF(AND(C8<>"",OR(E8="",J8="",L8="",T8="Enter data here",U8="Enter data here")),"Missing information in this row. Leave the 'Description of input/output' (Column C) blank for this row if it is not used in this module","") -> Missing information in this row. Leave the 'Description of input/output' (Column C) blank for this row if it is not used in this module
B9: Energy | C9: e.g. Natural gas | D9: MWh/yr (LHV) | O9: =IF($D9="MWh/yr (LHV)",$E9,$J9*$E9*(1-$L9)/3.6) -> 0 | T9: =IF(B9="", "", IF(D9="MWh/yr (LHV)", "Use column to right", "Enter data here")) -> Use column to right | U9: =IF(B9="", "", IF(D9="MWh/yr (LHV)", "Enter data here", "Use column to left")) -> Enter data here | V9: Accounting for only the emissions in supplying this input. Record any GHGs released on use in outputs table below | W9: =IFERROR(IF(D9="tonnes/yr", $T9*$E9/$E$19, $U9*$E9*3.6/$E$19), "Unfilled fields on left") -> Unfilled fields on left | Z9: =IF(AND(C9<>"",OR(E9="",J9="",L9="",T9="Enter data here",U9="Enter data here")),"Missing information in this row. Leave the 'Description of input/output' (Column C) blank for this row if it is not used in this module","") -> Missing information in this row. Leave the 'Description of input/output' (Column C) blank for this row if it is not used in this module
B10: Energy | C10: e.g. Diesel | D10: tonnes/yr | O10: =IF($D10="MWh/yr (LHV)",$E10,$J10*$E10*(1-$L10)/3.6) -> 0 | T10: =IF(B10="", "", IF(D10="MWh/yr (LHV)", "Use column to right", "Enter data here")) -> Enter data here | U10: =IF(B10="", "", IF(D10="MWh/yr (LHV)", "Enter data here", "Use column to left")) -> Use column to left | V10: Accounting for only the emissions in supplying this input. Record any GHGs released on use in outputs table below | W10: =IFERROR(IF(D10="tonnes/yr", $T10*$E10/$E$19, $U10*$E10*3.6/$E$19), "Unfilled fields on left") -> Unfilled fields on left | Z10: =IF(AND(C10<>"",OR(E10="",J10="",L10="",T10="Enter data here",U10="Enter data here")),"Missing information in this row. Leave the 'Description of input/output' (Column C) blank for this row if it is not used in this module","") -> Missing information in this row. Leave the 'Description of input/output' (Column C) blank for this row if it is not used in this module
B11: Energy | C11: e.g. Heating oil | D11: tonnes/yr | O11: =IF($D11="MWh/yr (LHV)",$E11,$J11*$E11*(1-$L11)/3.6) -> 0 | T11: =IF(B11="", "", IF(D11="MWh/yr (LHV)", "Use column to right", "Enter data here")) -> Enter data here | U11: =IF(B11="", "", IF(D11="MWh/yr (LHV)", "Enter data here", "Use column to left")) -> Use column to left | V11: Accounting for only the emissions in supplying this input. Record any GHGs released on use in outputs table below | W11: =IFERROR(IF(D11="tonnes/yr", $T11*$E11/$E$19, $U11*$E11*3.6/$E$19), "Unfilled fields on left") -> Unfilled fields on left | Z11: =IF(AND(C11<>"",OR(E11="",J11="",L11="",T11="Enter data here",U11="Enter data here")),"Missing information in this row. Leave the 'Description of input/output' (Column C) blank for this row if it is not used in this module","") -> Missing information in this row. Leave the 'Description of input/output' (Column C) blank for this row if it is not used in this module
B12: Chemicals | C12: e.g. Amine | D12: tonnes/yr | O12: =IF($D12="MWh/yr (LHV)",$E12,$J12*$E12*(1-$L12)/3.6) -> 0 | T12: =IF(B12="", "", IF(D12="MWh/yr (LHV)", "Use column to right", "Enter data here")) -> Enter data here | U12: =IF(B12="", "", IF(D12="MWh/yr (LHV)", "Enter data here", "Use column to left")) -> Use column to left | V12: Accounting for only the emissions in supplying this input. Record any GHGs released on use in outputs table below | W12: =IFERROR(IF(D12="tonnes/yr", $T12*$E12/$E$19, $U12*$E12*3.6/$E$19), "Unfilled fields on left") -> Unfilled fields on left | Z12: =IF(AND(C12<>"",OR(E12="",J12="",L12="",T12="Enter data here",U12="Enter data here")),"Missing information in this row. Leave the 'Description of input/output' (Column C) blank for this row if it is not used in this module","") -> Missing information in this row. Leave the 'Description of input/output' (Column C) blank for this row if it is not used in this module
B13: Chemicals | C13: e.g. Chemicals | D13: tonnes/yr | O13: =IF($D13="MWh/yr (LHV)",$E13,$J13*$E13*(1-$L13)/3.6) -> 0 | T13: =IF(B13="", "", IF(D13="MWh/yr (LHV)", "Use column to right", "Enter data here")) -> Enter data here | U13: =IF(B13="", "", IF(D13="MWh/yr (LHV)", "Enter data here", "Use column to left")) -> Use column to left | V13: Accounting for only the emissions in supplying this input. Record any GHGs released on use in outputs table below | W13: =IFERROR(IF(D13="tonnes/yr", $T13*$E13/$E$19, $U13*$E13*3.6/$E$19), "Unfilled fields on left") -> Unfilled fields on left | Z13: =IF(AND(C13<>"",OR(E13="",J13="",L13="",T13="Enter data here",U13="Enter data here")),"Missing information in this row. Leave the 'Description of input/output' (Column C) blank for this row if it is not used in this module","") -> Missing information in this row. Leave the 'Description of input/output' (Column C) blank for this row if it is not used in this module
B14: Materials | C14: e.g. Catalyst | D14: tonnes/yr | O14: =IF($D14="MWh/yr (LHV)",$E14,$J14*$E14*(1-$L14)/3.6) -> 0 | T14: =IF(B14="", "", IF(D14="MWh/yr (LHV)", "Use column to right", "Enter data here")) -> Enter data here | U14: =IF(B14="", "", IF(D14="MWh/yr (LHV)", "Enter data here", "Use column to left")) -> Use column to left | V14: Accounting for only the emissions in supplying this input. Record any GHGs released on use in outputs table below | W14: =IFERROR(IF(D14="tonnes/yr", $T14*$E14/$E$19, $U14*$E14*3.6/$E$19), "Unfilled fields on left") -> Unfilled fields on left | Z14: =IF(AND(C14<>"",OR(E14="",J14="",L14="",T14="Enter data here",U14="Enter data here")),"Missing information in this row. Leave the 'Description of input/output' (Column C) blank for this row if it is not used in this module","") -> Missing information in this row. Leave the 'Description of input/output' (Column C) blank for this row if it is not used in this module
B15: Materials | C15: e.g. Water | D15: tonnes/yr | O15: =IF($D15="MWh/yr (LHV)",$E15,$J15*$E15*(1-$L15)/3.6) -> 0 | T15: =IF(B15="", "", IF(D15="MWh/yr (LHV)", "Use column to right", "Enter data here")) -> Enter data here | U15: =IF(B15="", "", IF(D15="MWh/yr (LHV)", "Enter data here", "Use column to left")) -> Use column to left | V15: Accounting for only the emissions in supplying this input. Record any GHGs released on use in outputs table below | W15: =IFERROR(IF(D15="tonnes/yr", $T15*$E15/$E$19, $U15*$E15*3.6/$E$19), "Unfilled fields on left") -> Unfilled fields on left | Z15: =IF(AND(C15<>"",OR(E15="",J15="",L15="",T15="Enter data here",U15="Enter data here")),"Missing information in this row. Leave the 'Description of input/output' (Column C) blank for this row if it is not used in this module","") -> Missing information in this row. Leave the 'Description of input/output' (Column C) blank for this row if it is not used in this module
O16: =IF($D16="MWh/yr (LHV)",$E16,$J16*$E16*(1-$L16)/3.6) -> 0 | T16: =IF(B16="", "", IF(D16="MWh/yr (LHV)", "Use column to right", "Enter data here")) | U16: =IF(B16="", "", IF(D16="MWh/yr (LHV)", "Enter data here", "Use column to left")) | V16: Accounting for only the emissions in supplying this input. Record any GHGs released on use in outputs table below | W16: =IFERROR(IF(D16="tonnes/yr", $T16*$E16/$E$19, $U16*$E16*3.6/$E$19), "Unfilled fields on left") -> Unfilled fields on left | Z16: =IF(AND(C16<>"",OR(E16="",J16="",L16="",T16="Enter data here",U16="Enter data here")),"Missing information in this row. Leave the 'Description of input/output' (Column C) blank for this row if it is not used in this module","")
B18: Main output and co-products
B19: Module main output | C19: e.g. Captured CO2 | D19: tonnes/yr | I19: No | O19: =IF($D19="MWh/yr (LHV)",$E19,$J19*$E19*(1-$L19)/3.6) -> 0 | P19: =IFERROR(E19/E5,"") | R19: =IF($D19="MWh/yr (LHV)",$E19,$E19*MAX(0, $J19*(1-$L19)-2.441*$L19)/kWh_to_MJ) -> 0 | S19: =IFERROR(R19/(SUM($R$19:$R$21)),"") | Z19: =IF(AND(C19<>"",OR(E19="",J19="",L19="")),"Missing information in this row. Leave the 'Description of input/output' (Column C) blank for this row if it is not used in this module","") -> Missing information in this row. Leave the 'Description of input/output' (Column C) blank for this row if it is not used in this module
B20: Co-products | D20: tonnes/yr | O20: =IF($D20="MWh/yr (LHV)",$E20,$J20*$E20*(1-$L20)/3.6) -> 0 | R20: =IF($D20="MWh/yr (LHV)",$E20,$E20*MAX(0, $J20*(1-$L20)-2.441*$L20)/kWh_to_MJ) -> 0 | S20: =IFERROR(R20/(SUM($R$19:$R$21)),"") | Z20: =IF(AND(C20<>"",OR(E20="",J20="",L20="")),"Missing information in this row. Leave the 'Description of input/output' (Column C) blank for this row if it is not used in this module","")
B21: Co-products | D21: tonnes/yr | O21: =IF($D21="MWh/yr (LHV)",$E21,$J21*$E21*(1-$L21)/3.6) -> 0 | R21: =IF($D21="MWh/yr (LHV)",$E21,$E21*MAX(0, $J21*(1-$L21)-2.441*$L21)/kWh_to_MJ) -> 0 | S21: =IFERROR(R21/(SUM($R$19:$R$21)),"") | Z21: =IF(AND(C21<>"",OR(E21="",J21="",L21="")),"Missing information in this row. Leave the 'Description of input/output' (Column C) blank for this row if it is not used in this module","")
B23: Residues, wastes and emissions
B24: Wastes | C24: e.g. Wastewater | D24: tonnes/yr | O24: =IF($D24="MWh/yr (LHV)",$E24,$J24*$E24*(1-$L24)/3.6) -> 0 | T24: =IF(B24="", "", IF(D24="MWh/yr (LHV)", "Use column to right", "Enter data here")) -> Enter data here | U24: =IF(B24="", "", IF(D24="MWh/yr (LHV)", "Enter data here", "Use column to left")) -> Use column to left | V24: Accounting for the emissions in disposing of this output | W24: =IFERROR(IF(D24="tonnes/yr", $T24*$E24/$E$19, $U24*$E24*3.6/$E$19), "Unfilled fields on left") -> Unfilled fields on left | Z24: =IF(AND(C24<>"",OR(E24="",J24="",L24="",T24="Enter data here",U24="Enter data here")),"Missing information in this row. Leave the 'Description of input/output' (Column C) blank for this row if it is not used in this module","") -> Missing information in this row. Leave the 'Description of input/output' (Column C) blank for this row if it is not used in this module
B25: Wastes | C25: e.g. Reject materials, losses | D25: tonnes/yr | O25: =IF($D25="MWh/yr (LHV)",$E25,$J25*$E25*(1-$L25)/3.6) -> 0 | T25: =IF(B25="", "", IF(D25="MWh/yr (LHV)", "Use column to right", "Enter data here")) -> Enter data here | U25: =IF(B25="", "", IF(D25="MWh/yr (LHV)", "Enter data here", "Use column to left")) -> Use column to left | V25: Accounting for the emissions in disposing of this output | W25: =IFERROR(IF(D25="tonnes/yr", $T25*$E25/$E$19, $U25*$E25*3.6/$E$19), "Unfilled fields on left") -> Unfilled fields on left | Z25: =IF(AND(C25<>"",OR(E25="",J25="",L25="",T25="Enter data here",U25="Enter data here")),"Missing information in this row. Leave the 'Description of input/output' (Column C) blank for this row if it is not used in this module","") -> Missing information in this row. Leave the 'Description of input/output' (Column C) blank for this row if it is not used in this module
B26: Residues | C26: e.g. Sulphur | D26: tonnes/yr | O26: =IF($D26="MWh/yr (LHV)",$E26,$J26*$E26*(1-$L26)/3.6) -> 0 | T26: =IF(B26="", "", IF(D26="MWh/yr (LHV)", "Use column to right", "Enter data here")) -> Enter data here | U26: =IF(B26="", "", IF(D26="MWh/yr (LHV)", "Enter data here", "Use column to left")) -> Use column to left | V26: Accounting for the emissions in disposing of this output | W26: =IFERROR(IF(D26="tonnes/yr", $T26*$E26/$E$19, $U26*$E26*3.6/$E$19), "Unfilled fields on left") -> Unfilled fields on left | Z26: =IF(AND(C26<>"",OR(E26="",J26="",L26="",T26="Enter data here",U26="Enter data here")),"Missing information in this row. Leave the 'Description of input/output' (Column C) blank for this row if it is not used in this module","") -> Missing information in this row. Leave the 'Description of input/output' (Column C) blank for this row if it is not used in this module
B27: Residues | C27: e.g. Ash | D27: tonnes/yr | O27: =IF($D27="MWh/yr (LHV)",$E27,$J27*$E27*(1-$L27)/3.6) -> 0 | T27: =IF(B27="", "", IF(D27="MWh/yr (LHV)", "Use column to right", "Enter data here")) -> Enter data here | U27: =IF(B27="", "", IF(D27="MWh/yr (LHV)", "Enter data here", "Use column to left")) -> Use column to left | V27: Accounting for the emissions in disposing of this output | W27: =IFERROR(IF(D27="tonnes/yr", $T27*$E27/$E$19, $U27*$E27*3.6/$E$19), "Unfilled fields on left") -> Unfilled fields on left | Z27: =IF(AND(C27<>"",OR(E27="",J27="",L27="",T27="Enter data here",U27="Enter data here")),"Missing information in this row. Leave the 'Description of input/output' (Column C) blank for this row if it is not used in this module","") -> Missing information in this row. Leave the 'Description of input/output' (Column C) blank for this row if it is not used in this module
B28: CO2 emitted | C28: e.g. Fossil CO2 emitted onsite from use of process inputs (e.g. diesel, nat gas etc) | D28: tonnes/yr | O28: =IF($D28="MWh/yr (LHV)",$E28,$J28*$E28*(1-$L28)/3.6) -> 0 | T28: 1000 | V28: Fossil CO2 emissions generated by process inputs to the step, and emitted, are given a penalty of 1000 gCO2e/kg CO2. Any fossil CO2 that goes uncaptured from the main input gas stream is not accounted for (as this does not cross the system boundary) | W28: =IFERROR(IF(D28="tonnes/yr", $T28*$E28/$E$19, $U28*$E28*3.6/$E$19), "Unfilled fields on left") -> Unfilled fields on left | Z28: =IF(AND(C28<>"",OR(E28="",J28="",L28="",T28="Enter data here",U28="Enter data here")),"Missing information in this row. Leave the 'Description of input/output' (Column C) blank for this row if it is not used in this module","") -> Missing information in this row. Leave the 'Description of input/output' (Column C) blank for this row if it is not used in this module
B29: Fugitive non-CO2 emitted | C29: e.g. Methane emitted, net of any mitigation | D29: tonnes/yr | O29: =IF($D29="MWh/yr (LHV)",$E29,$J29*$E29*(1-$L29)/3.6) -> 0 | T29: 28000 | V29: IPCC Fifth Assessment Report (AR5), GWP100 without carbon feedbacks | W29: =IFERROR(IF(D29="tonnes/yr", $T29*$E29/$E$19, $U29*$E29*3.6/$E$19), "Unfilled fields on left") -> Unfilled fields on left | Z29: =IF(AND(C29<>"",OR(E29="",J29="",L29="",T29="Enter data here",U29="Enter data here")),"Missing information in this row. Leave the 'Description of input/output' (Column C) blank for this row if it is not used in this module","") -> Missing information in this row. Leave the 'Description of input/output' (Column C) blank for this row if it is not used in this module
B30: Fugitive non-CO2 emitted | C30: e.g. N2O emitted, net of any mitigation | D30: tonnes/yr | O30: =IF($D30="MWh/yr (LHV)",$E30,$J30*$E30*(1-$L30)/3.6) -> 0 | T30: 265000 | V30: IPCC Fifth Assessment Report (AR5), GWP100 without carbon feedbacks | W30: =IFERROR(IF(D30="tonnes/yr", $T30*$E30/$E$19, $U30*$E30*3.6/$E$19), "Unfilled fields on left") -> Unfilled fields on left | Z30: =IF(AND(C30<>"",OR(E30="",J30="",L30="",T30="Enter data here",U30="Enter data here")),"Missing information in this row. Leave the 'Description of input/output' (Column C) blank for this row if it is not used in this module","") -> Missing information in this row. Leave the 'Description of input/output' (Column C) blank for this row if it is not used in this module
O31: =IF($D31="MWh/yr (LHV)",$E31,$J31*$E31*(1-$L31)/3.6) -> 0 | W31: =IFERROR(IF(D31="tonnes/yr", $T31*$E31/$E$19, $U31*$E31*3.6/$E$19), "Unfilled fields on left") -> Unfilled fields on left | Z31: =IF(AND(C31<>"",OR(E31="",J31="",L31="",T31="Enter data here",U31="Enter data here")),"Missing information in this row. Leave the 'Description of input/output' (Column C) blank for this row if it is not used in this module","")
O32: =IF($D32="MWh/yr (LHV)",$E32,$J32*$E32*(1-$L32)/3.6) -> 0 | W32: =IFERROR(IF(D32="tonnes/yr", $T32*$E32/$E$19, $U32*$E32*3.6/$E$19), "Unfilled fields on left") -> Unfilled fields on left | Z32: =IF(AND(C32<>"",OR(E32="",J32="",L32="",T32="Enter data here",U32="Enter data here")),"Missing information in this row. Leave the 'Description of input/output' (Column C) blank for this row if it is not used in this module","")
O33: =IF($D33="MWh/yr (LHV)",$E33,$J33*$E33*(1-$L33)/3.6) -> 0 | W33: =IFERROR(IF(D33="tonnes/yr", $T33*$E33/$E$19, $U33*$E33*3.6/$E$19), "Unfilled fields on left") -> Unfilled fields on left | Z33: =IF(AND(C33<>"",OR(E33="",J33="",L33="",T33="Enter data here",U33="Enter data here")),"Missing information in this row. Leave the 'Description of input/output' (Column C) blank for this row if it is not used in this module","")
O34: =IF($D34="MWh/yr (LHV)",$E34,$J34*$E34*(1-$L34)/3.6) -> 0 | W34: =IFERROR(IF(D34="tonnes/yr", $T34*$E34/$E$19, $U34*$E34*3.6/$E$19), "Unfilled fields on left") -> Unfilled fields on left | Z34: =IF(AND(C34<>"",OR(E34="",J34="",L34="",T34="Enter data here",U34="Enter data here")),"Missing information in this row. Leave the 'Description of input/output' (Column C) blank for this row if it is not used in this module","")
V36: Module total | W36: =SUM(W4:W35) -> 0
B37: Other characteristics
B38: Operating hours | C38: Full-load equivalents | D38: hr/yr
B39: Capture rate | C39: CO2 capture rate | D39: %

Sheet CO2 processing
A1: Demonstration project or FOAK Pre-FEED project selected and no upstream data available - if applicable, enter delivered captured CO2 emission factor in the "Conversion to jet" worksheet
B2: Type of input/output | C2: Description of input/output | D2: Units | E2: Value | F2: Further flow details (e.g. energy source, type, distance, temperature, pressure, purity) | G2: Source / evidence (e.g. reports, contracts, delivery notes, lab tests, model) | H2: Flow in from/out to: | I2: Does the flow cross the GHG assessment boundary? | J2: Lower heating value [LHV] (MJ/kgdry) | K2: Reference for LHVdry | L2: Moisture content (kg water/kg as received) | M2: Reference for moisture content | N2: Co-product heat/steam temperature (°C) | O2: Equivalent energy flow (MWh/yr LHVwet) | P2: Module efficiency (kg wet module main output/kg wet module main input) | R2: Equivalent energy flow for allocation (MWh/yr LHVallocation) | S2: Energy allocation (MJLHV allocation main product/MJLHV allocation all module products) | T2: GHG intensity (gCO2e/kg of material) - for materials with tonnes/yr units | U2: GHG intensity (gCO2e/MJLHV wet of energy) - for materials with MWh/yr (LHV) units | V2: Reference for GHG intensity | W2: GHG emissions (gCO2e/kg module main output), WITHOUT allocation | Y2: Comments & questions
B4: Main input
B5: Module main feedstock | C5: e.g. Captured CO2 | D5: tonnes/yr | I5: No | O5: =IF($D5="MWh/yr (LHV)",$E5,$J5*$E5*(1-$L5)/3.6) -> 0 | Z5: =IF(AND(C5<>"",OR(E5="",J5="",L5="")),"Missing information in this row.","") -> Missing information in this row.
B7: Energy supply and input materials
B8: Energy | C8: e.g. Electricity | D8: MWh/yr (LHV) | O8: =IF($D8="MWh/yr (LHV)",$E8,$J8*$E8*(1-$L8)/3.6) -> 0 | T8: =IF(B8="", "", IF(D8="MWh/yr (LHV)", "Use column to right", "Enter data here")) -> Use column to right | U8: =IF(B8="", "", IF(D8="MWh/yr (LHV)", "Enter data here", "Use column to left")) -> Enter data here | V8: Accounting for only the emissions in supplying this input. Record any GHGs released on use in outputs table below | W8: =IFERROR(IF(D8="tonnes/yr", $T8*$E8/$E$19, $U8*$E8*3.6/$E$19), "Unfilled fields on left") -> Unfilled fields on left | Z8: =IF(AND(C8<>"",OR(E8="",J8="",L8="",T8="Enter data here",U8="Enter data here")),"Missing information in this row. Leave the 'Description of input/output' (Column C) blank for this row if it is not used in this module","") -> Missing information in this row. Leave the 'Description of input/output' (Column C) blank for this row if it is not used in this module
B9: Energy | C9: e.g. Natural gas | D9: MWh/yr (LHV) | O9: =IF($D9="MWh/yr (LHV)",$E9,$J9*$E9*(1-$L9)/3.6) -> 0 | T9: =IF(B9="", "", IF(D9="MWh/yr (LHV)", "Use column to right", "Enter data here")) -> Use column to right | U9: =IF(B9="", "", IF(D9="MWh/yr (LHV)", "Enter data here", "Use column to left")) -> Enter data here | V9: Accounting for only the emissions in supplying this input. Record any GHGs released on use in outputs table below | W9: =IFERROR(IF(D9="tonnes/yr", $T9*$E9/$E$19, $U9*$E9*3.6/$E$19), "Unfilled fields on left") -> Unfilled fields on left | Z9: =IF(AND(C9<>"",OR(E9="",J9="",L9="",T9="Enter data here",U9="Enter data here")),"Missing information in this row. Leave the 'Description of input/output' (Column C) blank for this row if it is not used in this module","") -> Missing information in this row. Leave the 'Description of input/output' (Column C) blank for this row if it is not used in this module
B10: Energy | C10: e.g. Diesel | D10: tonnes/yr | O10: =IF($D10="MWh/yr (LHV)",$E10,$J10*$E10*(1-$L10)/3.6) -> 0 | T10: =IF(B10="", "", IF(D10="MWh/yr (LHV)", "Use column to right", "Enter data here")) -> Enter data here | U10: =IF(B10="", "", IF(D10="MWh/yr (LHV)", "Enter data here", "Use column to left")) -> Use column to left | V10: Accounting for only the emissions in supplying this input. Record any GHGs released on use in outputs table below | W10: =IFERROR(IF(D10="tonnes/yr", $T10*$E10/$E$19, $U10*$E10*3.6/$E$19), "Unfilled fields on left") -> Unfilled fields on left | Z10: =IF(AND(C10<>"",OR(E10="",J10="",L10="",T10="Enter data here",U10="Enter data here")),"Missing information in this row. Leave the 'Description of input/output' (Column C) blank for this row if it is not used in this module","") -> Missing information in this row. Leave the 'Description of input/output' (Column C) blank for this row if it is not used in this module
B11: Energy | C11: e.g. Heating oil | D11: tonnes/yr | O11: =IF($D11="MWh/yr (LHV)",$E11,$J11*$E11*(1-$L11)/3.6) -> 0 | T11: =IF(B11="", "", IF(D11="MWh/yr (LHV)", "Use column to right", "Enter data here")) -> Enter data here | U11: =IF(B11="", "", IF(D11="MWh/yr (LHV)", "Enter data here", "Use column to left")) -> Use column to left | V11: Accounting for only the emissions in supplying this input. Record any GHGs released on use in outputs table below | W11: =IFERROR(IF(D11="tonnes/yr", $T11*$E11/$E$19, $U11*$E11*3.6/$E$19), "Unfilled fields on left") -> Unfilled fields on left | Z11: =IF(AND(C11<>"",OR(E11="",J11="",L11="",T11="Enter data here",U11="Enter data here")),"Missing information in this row. Leave the 'Description of input/output' (Column C) blank for this row if it is not used in this module","") -> Missing information in this row. Leave the 'Description of input/output' (Column C) blank for this row if it is not used in this module
B12: Chemicals | C12: e.g. Amine | D12: tonnes/yr | O12: =IF($D12="MWh/yr (LHV)",$E12,$J12*$E12*(1-$L12)/3.6) -> 0 | T12: =IF(B12="", "", IF(D12="MWh/yr (LHV)", "Use column to right", "Enter data here")) -> Enter data here | U12: =IF(B12="", "", IF(D12="MWh/yr (LHV)", "Enter data here", "Use column to left")) -> Use column to left | V12: Accounting for only the emissions in supplying this input. Record any GHGs released on use in outputs table below | W12: =IFERROR(IF(D12="tonnes/yr", $T12*$E12/$E$19, $U12*$E12*3.6/$E$19), "Unfilled fields on left") -> Unfilled fields on left | Z12: =IF(AND(C12<>"",OR(E12="",J12="",L12="",T12="Enter data here",U12="Enter data here")),"Missing information in this row. Leave the 'Description of input/output' (Column C) blank for this row if it is not used in this module","") -> Missing information in this row. Leave the 'Description of input/output' (Column C) blank for this row if it is not used in this module
B13: Chemicals | C13: e.g. Chemicals | D13: tonnes/yr | O13: =IF($D13="MWh/yr (LHV)",$E13,$J13*$E13*(1-$L13)/3.6) -> 0 | T13: =IF(B13="", "", IF(D13="MWh/yr (LHV)", "Use column to right", "Enter data here")) -> Enter data here | U13: =IF(B13="", "", IF(D13="MWh/yr (LHV)", "Enter data here", "Use column to left")) -> Use column to left | V13: Accounting for only the emissions in supplying this input. Record any GHGs released on use in outputs table below | W13: =IFERROR(IF(D13="tonnes/yr", $T13*$E13/$E$19, $U13*$E13*3.6/$E$19), "Unfilled fields on left") -> Unfilled fields on left | Z13: =IF(AND(C13<>"",OR(E13="",J13="",L13="",T13="Enter data here",U13="Enter data here")),"Missing information in this row. Leave the 'Description of input/output' (Column C) blank for this row if it is not used in this module","") -> Missing information in this row. Leave the 'Description of input/output' (Column C) blank for this row if it is not used in this module
B14: Materials | C14: e.g. Catalyst | D14: tonnes/yr | O14: =IF($D14="MWh/yr (LHV)",$E14,$J14*$E14*(1-$L14)/3.6) -> 0 | T14: =IF(B14="", "", IF(D14="MWh/yr (LHV)", "Use column to right", "Enter data here")) -> Enter data here | U14: =IF(B14="", "", IF(D14="MWh/yr (LHV)", "Enter data here", "Use column to left")) -> Use column to left | V14: Accounting for only the emissions in supplying this input. Record any GHGs released on use in outputs table below | W14: =IFERROR(IF(D14="tonnes/yr", $T14*$E14/$E$19, $U14*$E14*3.6/$E$19), "Unfilled fields on left") -> Unfilled fields on left | Z14: =IF(AND(C14<>"",OR(E14="",J14="",L14="",T14="Enter data here",U14="Enter data here")),"Missing information in this row. Leave the 'Description of input/output' (Column C) blank for this row if it is not used in this module","") -> Missing information in this row. Leave the 'Description of input/output' (Column C) blank for this row if it is not used in this module
B15: Materials | C15: e.g. Water | D15: tonnes/yr | O15: =IF($D15="MWh/yr (LHV)",$E15,$J15*$E15*(1-$L15)/3.6) -> 0 | T15: =IF(B15="", "", IF(D15="MWh/yr (LHV)", "Use column to right", "Enter data here")) -> Enter data here | U15: =IF(B15="", "", IF(D15="MWh/yr (LHV)", "Enter data here", "Use column to left")) -> Use column to left | V15: Accounting for only the emissions in supplying this input. Record any GHGs released on use in outputs table below | W15: =IFERROR(IF(D15="tonnes/yr", $T15*$E15/$E$19, $U15*$E15*3.6/$E$19), "Unfilled fields on left") -> Unfilled fields on left | Z15: =IF(AND(C15<>"",OR(E15="",J15="",L15="",T15="Enter data here",U15="Enter data here")),"Missing information in this row. Leave the 'Description of input/output' (Column C) blank for this row if it is not used in this module","") -> Missing information in this row. Leave the 'Description of input/output' (Column C) blank for this row if it is not used in this module
O16: =IF($D16="MWh/yr (LHV)",$E16,$J16*$E16*(1-$L16)/3.6) -> 0 | T16: =IF(B16="", "", IF(D16="MWh/yr (LHV)", "Use column to right", "Enter data here")) | U16: =IF(B16="", "", IF(D16="MWh/yr (LHV)", "Enter data here", "Use column to left")) | V16: Accounting for only the emissions in supplying this input. Record any GHGs released on use in outputs table below | W16: =IFERROR(IF(D16="tonnes/yr", $T16*$E16/$E$19, $U16*$E16*3.6/$E$19), "Unfilled fields on left") -> Unfilled fields on left | Z16: =IF(AND(C16<>"",OR(E16="",J16="",L16="",T16="Enter data here",U16="Enter data here")),"Missing information in this row. Leave the 'Description of input/output' (Column C) blank for this row if it is not used in this module","")
B18: Main output and co-products
B19: Module main output | C19: e.g. Captured CO2 | D19: tonnes/yr | I19: No | O19: =IF($D19="MWh/yr (LHV)",$E19,$J19*$E19*(1-$L19)/3.6) -> 0 | P19: =IFERROR(E19/E5,"") | R19: =IF($D19="MWh/yr (LHV)",$E19,$E19*MAX(0, $J19*(1-$L19)-2.441*$L19)/kWh_to_MJ) -> 0 | S19: =IFERROR(R19/(SUM($R$19:$R$21)),"") | Z19: =IF(AND(C19<>"",OR(E19="",J19="",L19="")),"Missing information in this row. Leave the 'Description of input/output' (Column C) blank for this row if it is not used in this module","") -> Missing information in this row. Leave the 'Description of input/output' (Column C) blank for this row if it is not used in this module
B20: Co-products | D20: tonnes/yr | O20: =IF($D20="MWh/yr (LHV)",$E20,$J20*$E20*(1-$L20)/3.6) -> 0 | R20: =IF($D20="MWh/yr (LHV)",$E20,$E20*MAX(0, $J20*(1-$L20)-2.441*$L20)/kWh_to_MJ) -> 0 | S20: =IFERROR(R20/(SUM($R$19:$R$21)),"") | Z20: =IF(AND(C20<>"",OR(E20="",J20="",L20="")),"Missing information in this row. Leave the 'Description of input/output' (Column C) blank for this row if it is not used in this module","")
B21: Co-products | D21: tonnes/yr | O21: =IF($D21="MWh/yr (LHV)",$E21,$J21*$E21*(1-$L21)/3.6) -> 0 | R21: =IF($D21="MWh/yr (LHV)",$E21,$E21*MAX(0, $J21*(1-$L21)-2.441*$L21)/kWh_to_MJ) -> 0 | S21: =IFERROR(R21/(SUM($R$19:$R$21)),"") | Z21: =IF(AND(C21<>"",OR(E21="",J21="",L21="")),"Missing information in this row. Leave the 'Description of input/output' (Column C) blank for this row if it is not used in this module","")
B23: Residues, wastes and emissions
B24: Wastes | C24: e.g. Wastewater | D24: tonnes/yr | O24: =IF($D24="MWh/yr (LHV)",$E24,$J24*$E24*(1-$L24)/3.6) -> 0 | T24: =IF(B24="", "", IF(D24="MWh/yr (LHV)", "Use column to right", "Enter data here")) -> Enter data here | U24: =IF(B24="", "", IF(D24="MWh/yr (LHV)", "Enter data here", "Use column to left")) -> Use column to left | V24: Accounting for the emissions in disposing of this output | W24: =IFERROR(IF(D24="tonnes/yr", $T24*$E24/$E$19, $U24*$E24*3.6/$E$19), "Unfilled fields on left") -> Unfilled fields on left | Z24: =IF(AND(C24<>"",OR(E24="",J24="",L24="",T24="Enter data here",U24="Enter data here")),"Missing information in this row. Leave the 'Description of input/output' (Column C) blank for this row if it is not used in this module","") -> Missing information in this row. Leave the 'Description of input/output' (Column C) blank for this row if it is not used in this module
B25: Wastes | C25: e.g. Reject materials, losses | D25: tonnes/yr | O25: =IF($D25="MWh/yr (LHV)",$E25,$J25*$E25*(1-$L25)/3.6) -> 0 | T25: =IF(B25="", "", IF(D25="MWh/yr (LHV)", "Use column to right", "Enter data here")) -> Enter data here | U25: =IF(B25="", "", IF(D25="MWh/yr (LHV)", "Enter data here", "Use column to left")) -> Use column to left | V25: Accounting for the emissions in disposing of this output | W25: =IFERROR(IF(D25="tonnes/yr", $T25*$E25/$E$19, $U25*$E25*3.6/$E$19), "Unfilled fields on left") -> Unfilled fields on left | Z25: =IF(AND(C25<>"",OR(E25="",J25="",L25="",T25="Enter data here",U25="Enter data here")),"Missing information in this row. Leave the 'Description of input/output' (Column C) blank for this row if it is not used in this module","") -> Missing information in this row. Leave the 'Description of input/output' (Column C) blank for this row if it is not used in this module
B26: Residues | C26: e.g. Sulphur | D26: tonnes/yr | O26: =IF($D26="MWh/yr (LHV)",$E26,$J26*$E26*(1-$L26)/3.6) -> 0 | T26: =IF(B26="", "", IF(D26="MWh/yr (LHV)", "Use column to right", "Enter data here")) -> Enter data here | U26: =IF(B26="", "", IF(D26="MWh/yr (LHV)", "Enter data here", "Use column to left")) -> Use column to left | V26: Accounting for the emissions in disposing of this output | W26: =IFERROR(IF(D26="tonnes/yr", $T26*$E26/$E$19, $U26*$E26*3.6/$E$19), "Unfilled fields on left") -> Unfilled fields on left | Z26: =IF(AND(C26<>"",OR(E26="",J26="",L26="",T26="Enter data here",U26="Enter data here")),"Missing information in this row. Leave the 'Description of input/output' (Column C) blank for this row if it is not used in this module","") -> Missing information in this row. Leave the 'Description of input/output' (Column C) blank for this row if it is not used in this module
B27: Residues | C27: e.g. Ash | D27: tonnes/yr | O27: =IF($D27="MWh/yr (LHV)",$E27,$J27*$E27*(1-$L27)/3.6) -> 0 | T27: =IF(B27="", "", IF(D27="MWh/yr (LHV)", "Use column to right", "Enter data here")) -> Enter data here | U27: =IF(B27="", "", IF(D27="MWh/yr (LHV)", "Enter data here", "Use column to left")) -> Use column to left | V27: Accounting for the emissions in disposing of this output | W27: =IFERROR(IF(D27="tonnes/yr", $T27*$E27/$E$19, $U27*$E27*3.6/$E$19), "Unfilled fields on left") -> Unfilled fields on left | Z27: =IF(AND(C27<>"",OR(E27="",J27="",L27="",T27="Enter data here",U27="Enter data here")),"Missing information in this row. Leave the 'Description of input/output' (Column C) blank for this row if it is not used in this module","") -> Missing information in this row. Leave the 'Description of input/output' (Column C) blank for this row if it is not used in this module
B28: CO2 emitted | C28: e.g. Fossil CO2 emitted onsite from use of process inputs (e.g. diesel, nat gas etc) | D28: tonnes/yr | O28: =IF($D28="MWh/yr (LHV)",$E28,$J28*$E28*(1-$L28)/3.6) -> 0 | T28: 1000 | V28: Fossil CO2 emissions generated by process inputs to the step, and emitted, are given a penalty of 1000 gCO2e/kg CO2 | W28: =IFERROR(IF(D28="tonnes/yr", $T28*$E28/$E$19, $U28*$E28*3.6/$E$19), "Unfilled fields on left") -> Unfilled fields on left | Z28: =IF(AND(C28<>"",OR(E28="",J28="",L28="",T28="Enter data here",U28="Enter data here")),"Missing information in this row. Leave the 'Description of input/output' (Column C) blank for this row if it is not used in this module","") -> Missing information in this row. Leave the 'Description of input/output' (Column C) blank for this row if it is not used in this module
B29: Fugitive non-CO2 emitted | C29: e.g. Methane emitted, net of any mitigation | D29: tonnes/yr | O29: =IF($D29="MWh/yr (LHV)",$E29,$J29*$E29*(1-$L29)/3.6) -> 0 | T29: 28000 | V29: IPCC Fifth Assessment Report (AR5), GWP100 without carbon feedbacks | W29: =IFERROR(IF(D29="tonnes/yr", $T29*$E29/$E$19, $U29*$E29*3.6/$E$19), "Unfilled fields on left") -> Unfilled fields on left | Z29: =IF(AND(C29<>"",OR(E29="",J29="",L29="",T29="Enter data here",U29="Enter data here")),"Missing information in this row. Leave the 'Description of input/output' (Column C) blank for this row if it is not used in this module","") -> Missing information in this row. Leave the 'Description of input/output' (Column C) blank for this row if it is not used in this module
B30: Fugitive non-CO2 emitted | C30: e.g. N2O emitted, net of any mitigation | D30: tonnes/yr | O30: =IF($D30="MWh/yr (LHV)",$E30,$J30*$E30*(1-$L30)/3.6) -> 0 | T30: 265000 | V30: IPCC Fifth Assessment Report (AR5), GWP100 without carbon feedbacks | W30: =IFERROR(IF(D30="tonnes/yr", $T30*$E30/$E$19, $U30*$E30*3.6/$E$19), "Unfilled fields on left") -> Unfilled fields on left | Z30: =IF(AND(C30<>"",OR(E30="",J30="",L30="",T30="Enter data here",U30="Enter data here")),"Missing information in this row. Leave the 'Description of input/output' (Column C) blank for this row if it is not used in this module","") -> Missing information in this row. Leave the 'Description of input/output' (Column C) blank for this row if it is not used in this module
O31: =IF($D31="MWh/yr (LHV)",$E31,$J31*$E31*(1-$L31)/3.6) -> 0 | W31: =IFERROR(IF(D31="tonnes/yr", $T31*$E31/$E$19, $U31*$E31*3.6/$E$19), "Unfilled fields on left") -> Unfilled fields on left | Z31: =IF(AND(C31<>"",OR(E31="",J31="",L31="",T31="Enter data here",U31="Enter data here")),"Missing information in this row. Leave the 'Description of input/output' (Column C) blank for this row if it is not used in this module","")
O32: =IF($D32="MWh/yr (LHV)",$E32,$J32*$E32*(1-$L32)/3.6) -> 0 | W32: =IFERROR(IF(D32="tonnes/yr", $T32*$E32/$E$19, $U32*$E32*3.6/$E$19), "Unfilled fields on left") -> Unfilled fields on left | Z32: =IF(AND(C32<>"",OR(E32="",J32="",L32="",T32="Enter data here",U32="Enter data here")),"Missing information in this row. Leave the 'Description of input/output' (Column C) blank for this row if it is not used in this module","")
O33: =IF($D33="MWh/yr (LHV)",$E33,$J33*$E33*(1-$L33)/3.6) -> 0 | W33: =IFERROR(IF(D33="tonnes/yr", $T33*$E33/$E$19, $U33*$E33*3.6/$E$19), "Unfilled fields on left") -> Unfilled fields on left | Z33: =IF(AND(C33<>"",OR(E33="",J33="",L33="",T33="Enter data here",U33="Enter data here")),"Missing information in this row. Leave the 'Description of input/output' (Column C) blank for this row if it is not used in this module","")
O34: =IF($D34="MWh/yr (LHV)",$E34,$J34*$E34*(1-$L34)/3.6) -> 0 | W34: =IFERROR(IF(D34="tonnes/yr", $T34*$E34/$E$19, $U34*$E34*3.6/$E$19), "Unfilled fields on left") -> Unfilled fields on left | Z34: =IF(AND(C34<>"",OR(E34="",J34="",L34="",T34="Enter data here",U34="Enter data here")),"Missing information in this row. Leave the 'Description of input/output' (Column C) blank for this row if it is not used in this module","")
V36: Module total | W36: =SUM(W4:W35) -> 0
B37: Other characteristics
B38: Operating hours | C38: Full-load equivalents | D38: hr/yr

Sheet CO2 transport
A1: Demonstration project or FOAK Pre-FEED project selected and no upstream data available - if applicable, enter delivered captured CO2 emission factor in the "Conversion to jet" worksheet
B2: Type of input/output | C2: Description of input/output | D2: Units | E2: Value | F2: Further flow details (e.g. energy source, type, distance, temperature, pressure, purity) | G2: Source / evidence (e.g. reports, contracts, delivery notes, lab tests, model) | H2: Flow in from/out to: | I2: Does the flow cross the GHG assessment boundary? | J2: Lower heating value [LHV] (MJ/kgdry) | K2: Reference for LHVdry | L2: Moisture content (kg water/kg as received) | M2: Reference for moisture content | N2: Co-product heat/steam temperature (°C) | O2: Equivalent energy flow (MWh/yr LHVwet) | P2: Module efficiency (kg wet module main output/kg wet module main input) | R2: Equivalent energy flow for allocation (MWh/yr LHVallocation) | S2: Energy allocation (MJLHV allocation main product/MJLHV allocation all module products) | T2: GHG intensity (gCO2e/kg of material) - for materials with tonnes/yr units | U2: GHG intensity (gCO2e/MJLHV wet of energy) - for materials with MWh/yr (LHV) units | V2: Reference for GHG intensity | W2: GHG emissions (gCO2e/kg module main output), WITHOUT allocation | Y2: Comments & questions
B4: Main input
B5: Module main feedstock | C5: e.g. Captured CO2 | D5: tonnes/yr | I5: No | O5: =IF($D5="MWh/yr (LHV)",$E5,$J5*$E5*(1-$L5)/3.6) -> 0 | Z5: =IF(AND(C5<>"",OR(E5="",J5="",L5="")),"Missing information in this row.","") -> Missing information in this row.
B7: Energy supply and input materials
B8: Energy | C8: e.g. Electricity | D8: MWh/yr (LHV) | O8: =IF($D8="MWh/yr (LHV)",$E8,$J8*$E8*(1-$L8)/3.6) -> 0 | T8: =IF(B8="", "", IF(D8="MWh/yr (LHV)", "Use column to right", "Enter data here")) -> Use column to right | U8: =IF(B8="", "", IF(D8="MWh/yr (LHV)", "Enter data here", "Use column to left")) -> Enter data here | V8: Accounting for only the emissions in supplying this input. Record any GHGs released on use in outputs table below | W8: =IFERROR(IF(D8="tonnes/yr", $T8*$E8/$E$19, $U8*$E8*3.6/$E$19), "Unfilled fields on left") -> Unfilled fields on left | Z8: =IF(AND(C8<>"",OR(E8="",J8="",L8="",T8="Enter data here",U8="Enter data here")),"Missing information in this row. Leave the 'Description of input/output' (Column C) blank for this row if it is not used in this module","") -> Missing information in this row. Leave the 'Description of input/output' (Column C) blank for this row if it is not used in this module
B9: Energy | C9: e.g. Natural gas | D9: MWh/yr (LHV) | O9: =IF($D9="MWh/yr (LHV)",$E9,$J9*$E9*(1-$L9)/3.6) -> 0 | T9: =IF(B9="", "", IF(D9="MWh/yr (LHV)", "Use column to right", "Enter data here")) -> Use column to right | U9: =IF(B9="", "", IF(D9="MWh/yr (LHV)", "Enter data here", "Use column to left")) -> Enter data here | V9: Accounting for only the emissions in supplying this input. Record any GHGs released on use in outputs table below | W9: =IFERROR(IF(D9="tonnes/yr", $T9*$E9/$E$19, $U9*$E9*3.6/$E$19), "Unfilled fields on left") -> Unfilled fields on left | Z9: =IF(AND(C9<>"",OR(E9="",J9="",L9="",T9="Enter data here",U9="Enter data here")),"Missing information in this row. Leave the 'Description of input/output' (Column C) blank for this row if it is not used in this module","") -> Missing information in this row. Leave the 'Description of input/output' (Column C) blank for this row if it is not used in this module
B10: Energy | C10: e.g. Diesel | D10: tonnes/yr | O10: =IF($D10="MWh/yr (LHV)",$E10,$J10*$E10*(1-$L10)/3.6) -> 0 | T10: =IF(B10="", "", IF(D10="MWh/yr (LHV)", "Use column to right", "Enter data here")) -> Enter data here | U10: =IF(B10="", "", IF(D10="MWh/yr (LHV)", "Enter data here", "Use column to left")) -> Use column to left | V10: Accounting for only the emissions in supplying this input. Record any GHGs released on use in outputs table below | W10: =IFERROR(IF(D10="tonnes/yr", $T10*$E10/$E$19, $U10*$E10*3.6/$E$19), "Unfilled fields on left") -> Unfilled fields on left | Z10: =IF(AND(C10<>"",OR(E10="",J10="",L10="",T10="Enter data here",U10="Enter data here")),"Missing information in this row. Leave the 'Description of input/output' (Column C) blank for this row if it is not used in this module","") -> Missing information in this row. Leave the 'Description of input/output' (Column C) blank for this row if it is not used in this module
B11: Energy | C11: e.g. Heating oil | D11: tonnes/yr | O11: =IF($D11="MWh/yr (LHV)",$E11,$J11*$E11*(1-$L11)/3.6) -> 0 | T11: =IF(B11="", "", IF(D11="MWh/yr (LHV)", "Use column to right", "Enter data here")) -> Enter data here | U11: =IF(B11="", "", IF(D11="MWh/yr (LHV)", "Enter data here", "Use column to left")) -> Use column to left | V11: Accounting for only the emissions in supplying this input. Record any GHGs released on use in outputs table below | W11: =IFERROR(IF(D11="tonnes/yr", $T11*$E11/$E$19, $U11*$E11*3.6/$E$19), "Unfilled fields on left") -> Unfilled fields on left | Z11: =IF(AND(C11<>"",OR(E11="",J11="",L11="",T11="Enter data here",U11="Enter data here")),"Missing information in this row. Leave the 'Description of input/output' (Column C) blank for this row if it is not used in this module","") -> Missing information in this row. Leave the 'Description of input/output' (Column C) blank for this row if it is not used in this module
B12: Chemicals | C12: e.g. Oxygen | D12: tonnes/yr | O12: =IF($D12="MWh/yr (LHV)",$E12,$J12*$E12*(1-$L12)/3.6) -> 0 | T12: =IF(B12="", "", IF(D12="MWh/yr (LHV)", "Use column to right", "Enter data here")) -> Enter data here | U12: =IF(B12="", "", IF(D12="MWh/yr (LHV)", "Enter data here", "Use column to left")) -> Use column to left | V12: Accounting for only the emissions in supplying this input. Record any GHGs released on use in outputs table below | W12: =IFERROR(IF(D12="tonnes/yr", $T12*$E12/$E$19, $U12*$E12*3.6/$E$19), "Unfilled fields on left") -> Unfilled fields on left | Z12: =IF(AND(C12<>"",OR(E12="",J12="",L12="",T12="Enter data here",U12="Enter data here")),"Missing information in this row. Leave the 'Description of input/output' (Column C) blank for this row if it is not used in this module","") -> Missing information in this row. Leave the 'Description of input/output' (Column C) blank for this row if it is not used in this module
B13: Chemicals | C13: e.g. Chemicals | D13: tonnes/yr | O13: =IF($D13="MWh/yr (LHV)",$E13,$J13*$E13*(1-$L13)/3.6) -> 0 | T13: =IF(B13="", "", IF(D13="MWh/yr (LHV)", "Use column to right", "Enter data here")) -> Enter data here | U13: =IF(B13="", "", IF(D13="MWh/yr (LHV)", "Enter data here", "Use column to left")) -> Use column to left | V13: Accounting for only the emissions in supplying this input. Record any GHGs released on use in outputs table below | W13: =IFERROR(IF(D13="tonnes/yr", $T13*$E13/$E$19, $U13*$E13*3.6/$E$19), "Unfilled fields on left") -> Unfilled fields on left | Z13: =IF(AND(C13<>"",OR(E13="",J13="",L13="",T13="Enter data here",U13="Enter data here")),"Missing information in this row. Leave the 'Description of input/output' (Column C) blank for this row if it is not used in this module","") -> Missing information in this row. Leave the 'Description of input/output' (Column C) blank for this row if it is not used in this module
B14: Materials | C14: e.g. Catalyst | D14: tonnes/yr | O14: =IF($D14="MWh/yr (LHV)",$E14,$J14*$E14*(1-$L14)/3.6) -> 0 | T14: =IF(B14="", "", IF(D14="MWh/yr (LHV)", "Use column to right", "Enter data here")) -> Enter data here | U14: =IF(B14="", "", IF(D14="MWh/yr (LHV)", "Enter data here", "Use column to left")) -> Use column to left | V14: Accounting for only the emissions in supplying this input. Record any GHGs released on use in outputs table below | W14: =IFERROR(IF(D14="tonnes/yr", $T14*$E14/$E$19, $U14*$E14*3.6/$E$19), "Unfilled fields on left") -> Unfilled fields on left | Z14: =IF(AND(C14<>"",OR(E14="",J14="",L14="",T14="Enter data here",U14="Enter data here")),"Missing information in this row. Leave the 'Description of input/output' (Column C) blank for this row if it is not used in this module","") -> Missing information in this row. Leave the 'Description of input/output' (Column C) blank for this row if it is not used in this module
B15: Materials | C15: e.g. Water | D15: tonnes/yr | O15: =IF($D15="MWh/yr (LHV)",$E15,$J15*$E15*(1-$L15)/3.6) -> 0 | T15: =IF(B15="", "", IF(D15="MWh/yr (LHV)", "Use column to right", "Enter data here")) -> Enter data here | U15: =IF(B15="", "", IF(D15="MWh/yr (LHV)", "Enter data here", "Use column to left")) -> Use column to left | V15: Accounting for only the emissions in supplying this input. Record any GHGs released on use in outputs table below | W15: =IFERROR(IF(D15="tonnes/yr", $T15*$E15/$E$19, $U15*$E15*3.6/$E$19), "Unfilled fields on left") -> Unfilled fields on left | Z15: =IF(AND(C15<>"",OR(E15="",J15="",L15="",T15="Enter data here",U15="Enter data here")),"Missing information in this row. Leave the 'Description of input/output' (Column C) blank for this row if it is not used in this module","") -> Missing information in this row. Leave the 'Description of input/output' (Column C) blank for this row if it is not used in this module
O16: =IF($D16="MWh/yr (LHV)",$E16,$J16*$E16*(1-$L16)/3.6) -> 0 | T16: =IF(B16="", "", IF(D16="MWh/yr (LHV)", "Use column to right", "Enter data here")) | U16: =IF(B16="", "", IF(D16="MWh/yr (LHV)", "Enter data here", "Use column to left")) | V16: Accounting for only the emissions in supplying this input. Record any GHGs released on use in outputs table below | W16: =IFERROR(IF(D16="tonnes/yr", $T16*$E16/$E$19, $U16*$E16*3.6/$E$19), "Unfilled fields on left") -> Unfilled fields on left | Z16: =IF(AND(C16<>"",OR(E16="",J16="",L16="",T16="Enter data here",U16="Enter data here")),"Missing information in this row. Leave the 'Description of input/output' (Column C) blank for this row if it is not used in this module","")
B18: Main output and co-products
B19: Module main output | C19: e.g. Captured CO2 | D19: tonnes/yr | I19: No | O19: =IF($D19="MWh/yr (LHV)",$E19,$J19*$E19*(1-$L19)/3.6) -> 0 | P19: =IFERROR(E19/E5,"") | R19: =IF($D19="MWh/yr (LHV)",$E19,$E19*MAX(0, $J19*(1-$L19)-2.441*$L19)/kWh_to_MJ) -> 0 | S19: =IFERROR(R19/(SUM($R$19:$R$21)),"") | Z19: =IF(AND(C19<>"",OR(E19="",J19="",L19="")),"Missing information in this row. Leave the 'Description of input/output' (Column C) blank for this row if it is not used in this module","") -> Missing information in this row. Leave the 'Description of input/output' (Column C) blank for this row if it is not used in this module
B20: Co-products | C20: (Unlikely to be any arising from this step) | D20: tonnes/yr | O20: =IF($D20="MWh/yr (LHV)",$E20,$J20*$E20*(1-$L20)/3.6) -> 0 | R20: =IF($D20="MWh/yr (LHV)",$E20,$E20*MAX(0, $J20*(1-$L20)-2.441*$L20)/kWh_to_MJ) -> 0 | S20: =IFERROR(R20/(SUM($R$19:$R$21)),"") | Z20: =IF(AND(C20<>"",OR(E20="",J20="",L20="")),"Missing information in this row. Leave the 'Description of input/output' (Column C) blank for this row if it is not used in this module","") -> Missing information in this row. Leave the 'Description of input/output' (Column C) blank for this row if it is not used in this module
B21: Co-products | O21: =IF($D21="MWh/yr (LHV)",$E21,$J21*$E21*(1-$L21)/3.6) -> 0 | R21: =IF($D21="MWh/yr (LHV)",$E21,$E21*MAX(0, $J21*(1-$L21)-2.441*$L21)/kWh_to_MJ) -> 0 | S21: =IFERROR(R21/(SUM($R$19:$R$21)),"") | Z21: =IF(AND(C21<>"",OR(E21="",J21="",L21="")),"Missing information in this row. Leave the 'Description of input/output' (Column C) blank for this row if it is not used in this module","")
B23: Residues, wastes and emissions
B24: Wastes | C24: e.g. Wastewater | D24: tonnes/yr | O24: =IF($D24="MWh/yr (LHV)",$E24,$J24*$E24*(1-$L24)/3.6) -> 0 | T24: =IF(B24="", "", IF(D24="MWh/yr (LHV)", "Use column to right", "Enter data here")) -> Enter data here | U24: =IF(B24="", "", IF(D24="MWh/yr (LHV)", "Enter data here", "Use column to left")) -> Use column to left | V24: Accounting for the emissions in disposing of this output | W24: =IFERROR(IF(D24="tonnes/yr", $T24*$E24/$E$19, $U24*$E24*3.6/$E$19), "Unfilled fields on left") -> Unfilled fields on left | Z24: =IF(AND(C24<>"",OR(E24="",J24="",L24="",T24="Enter data here",U24="Enter data here")),"Missing information in this row. Leave the 'Description of input/output' (Column C) blank for this row if it is not used in this module","") -> Missing information in this row. Leave the 'Description of input/output' (Column C) blank for this row if it is not used in this module
B25: Wastes | C25: e.g. Reject materials, losses | D25: tonnes/yr | O25: =IF($D25="MWh/yr (LHV)",$E25,$J25*$E25*(1-$L25)/3.6) -> 0 | T25: =IF(B25="", "", IF(D25="MWh/yr (LHV)", "Use column to right", "Enter data here")) -> Enter data here | U25: =IF(B25="", "", IF(D25="MWh/yr (LHV)", "Enter data here", "Use column to left")) -> Use column to left | V25: Accounting for the emissions in disposing of this output | W25: =IFERROR(IF(D25="tonnes/yr", $T25*$E25/$E$19, $U25*$E25*3.6/$E$19), "Unfilled fields on left") -> Unfilled fields on left | Z25: =IF(AND(C25<>"",OR(E25="",J25="",L25="",T25="Enter data here",U25="Enter data here")),"Missing information in this row. Leave the 'Description of input/output' (Column C) blank for this row if it is not used in this module","") -> Missing information in this row. Leave the 'Description of input/output' (Column C) blank for this row if it is not used in this module
B26: Residues | C26: e.g. Sulphur | D26: tonnes/yr | O26: =IF($D26="MWh/yr (LHV)",$E26,$J26*$E26*(1-$L26)/3.6) -> 0 | T26: =IF(B26="", "", IF(D26="MWh/yr (LHV)", "Use column to right", "Enter data here")) -> Enter data here | U26: =IF(B26="", "", IF(D26="MWh/yr (LHV)", "Enter data here", "Use column to left")) -> Use column to left | V26: Accounting for the emissions in disposing of this output | W26: =IFERROR(IF(D26="tonnes/yr", $T26*$E26/$E$19, $U26*$E26*3.6/$E$19), "Unfilled fields on left") -> Unfilled fields on left | Z26: =IF(AND(C26<>"",OR(E26="",J26="",L26="",T26="Enter data here",U26="Enter data here")),"Missing information in this row. Leave the 'Description of input/output' (Column C) blank for this row if it is not used in this module","") -> Missing information in this row. Leave the 'Description of input/output' (Column C) blank for this row if it is not used in this module
B27: Residues | C27: e.g. Ash | D27: tonnes/yr | O27: =IF($D27="MWh/yr (LHV)",$E27,$J27*$E27*(1-$L27)/3.6) -> 0 | T27: =IF(B27="", "", IF(D27="MWh/yr (LHV)", "Use column to right", "Enter data here")) -> Enter data here | U27: =IF(B27="", "", IF(D27="MWh/yr (LHV)", "Enter data here", "Use column to left")) -> Use column to left | V27: Accounting for the emissions in disposing of this output | W27: =IFERROR(IF(D27="tonnes/yr", $T27*$E27/$E$19, $U27*$E27*3.6/$E$19), "Unfilled fields on left") -> Unfilled fields on left | Z27: =IF(AND(C27<>"",OR(E27="",J27="",L27="",T27="Enter data here",U27="Enter data here")),"Missing information in this row. Leave the 'Description of input/output' (Column C) blank for this row if it is not used in this module","") -> Missing information in this row. Leave the 'Description of input/output' (Column C) blank for this row if it is not used in this module
B28: CO2 emitted | C28: e.g. Fossil CO2 emitted onsite from use of process inputs (e.g. diesel, nat gas etc) | D28: tonnes/yr | O28: =IF($D28="MWh/yr (LHV)",$E28,$J28*$E28*(1-$L28)/3.6) -> 0 | T28: 1000 | V28: Fossil CO2 emissions generated by process inputs to the step, and emitted, are given a penalty of 1000 gCO2e/kg CO2 | W28: =IFERROR(IF(D28="tonnes/yr", $T28*$E28/$E$19, $U28*$E28*3.6/$E$19), "Unfilled fields on left") -> Unfilled fields on left | Z28: =IF(AND(C28<>"",OR(E28="",J28="",L28="",T28="Enter data here",U28="Enter data here")),"Missing information in this row. Leave the 'Description of input/output' (Column C) blank for this row if it is not used in this module","") -> Missing information in this row. Leave the 'Description of input/output' (Column C) blank for this row if it is not used in this module
B29: Fugitive non-CO2 emitted | C29: e.g. Methane emitted, net of any mitigation | D29: tonnes/yr | O29: =IF($D29="MWh/yr (LHV)",$E29,$J29*$E29*(1-$L29)/3.6) -> 0 | T29: 28000 | V29: IPCC Fifth Assessment Report (AR5), GWP100 without carbon feedbacks | W29: =IFERROR(IF(D29="tonnes/yr", $T29*$E29/$E$19, $U29*$E29*3.6/$E$19), "Unfilled fields on left") -> Unfilled fields on left | Z29: =IF(AND(C29<>"",OR(E29="",J29="",L29="",T29="Enter data here",U29="Enter data here")),"Missing information in this row. Leave the 'Description of input/output' (Column C) blank for this row if it is not used in this module","") -> Missing information in this row. Leave the 'Description of input/output' (Column C) blank for this row if it is not used in this module
B30: Fugitive non-CO2 emitted | C30: e.g. N2O emitted, net of any mitigation | D30: tonnes/yr | O30: =IF($D30="MWh/yr (LHV)",$E30,$J30*$E30*(1-$L30)/3.6) -> 0 | T30: 265000 | V30: IPCC Fifth Assessment Report (AR5), GWP100 without carbon feedbacks | W30: =IFERROR(IF(D30="tonnes/yr", $T30*$E30/$E$19, $U30*$E30*3.6/$E$19), "Unfilled fields on left") -> Unfilled fields on left | Z30: =IF(AND(C30<>"",OR(E30="",J30="",L30="",T30="Enter data here",U30="Enter data here")),"Missing information in this row. Leave the 'Description of input/output' (Column C) blank for this row if it is not used in this module","") -> Missing information in this row. Leave the 'Description of input/output' (Column C) blank for this row if it is not used in this module
O31: =IF($D31="MWh/yr (LHV)",$E31,$J31*$E31*(1-$L31)/3.6) -> 0 | W31: =IFERROR(IF(D31="tonnes/yr", $T31*$E31/$E$19, $U31*$E31*3.6/$E$19), "Unfilled fields on left") -> Unfilled fields on left | Z31: =IF(AND(C31<>"",OR(E31="",J31="",L31="",T31="Enter data here",U31="Enter data here")),"Missing information in this row. Leave the 'Description of input/output' (Column C) blank for this row if it is not used in this module","")
O32: =IF($D32="MWh/yr (LHV)",$E32,$J32*$E32*(1-$L32)/3.6) -> 0 | W32: =IFERROR(IF(D32="tonnes/yr", $T32*$E32/$E$19, $U32*$E32*3.6/$E$19), "Unfilled fields on left") -> Unfilled fields on left | Z32: =IF(AND(C32<>"",OR(E32="",J32="",L32="",T32="Enter data here",U32="Enter data here")),"Missing information in this row. Leave the 'Description of input/output' (Column C) blank for this row if it is not used in this module","")
O33: =IF($D33="MWh/yr (LHV)",$E33,$J33*$E33*(1-$L33)/3.6) -> 0 | W33: =IFERROR(IF(D33="tonnes/yr", $T33*$E33/$E$19, $U33*$E33*3.6/$E$19), "Unfilled fields on left") -> Unfilled fields on left | Z33: =IF(AND(C33<>"",OR(E33="",J33="",L33="",T33="Enter data here",U33="Enter data here")),"Missing information in this row. Leave the 'Description of input/output' (Column C) blank for this row if it is not used in this module","")
O34: =IF($D34="MWh/yr (LHV)",$E34,$J34*$E34*(1-$L34)/3.6) -> 0 | W34: =IFERROR(IF(D34="tonnes/yr", $T34*$E34/$E$19, $U34*$E34*3.6/$E$19), "Unfilled fields on left") -> Unfilled fields on left | Z34: =IF(AND(C34<>"",OR(E34="",J34="",L34="",T34="Enter data here",U34="Enter data here")),"Missing information in this row. Leave the 'Description of input/output' (Column C) blank for this row if it is not used in this module","")
V36: Module total | W36: =SUM(W4:W35) -> 0
B37: Other characteristics
B38: Operating hours | C38: Full-load equivalents | D38: hr/yr

Sheet H2 electrolysis
A1: Demonstration project or FOAK Pre-FEED project selected and no upstream data available - if applicable, enter delivered hydrogen emission factor in the "Conversion to jet" worksheet
B2: Type of input/output | C2: Description of input/output | D2: Units | E2: Value | F2: Further flow details (e.g. energy source, type, distance, temperature, pressure, purity) | G2: Source / evidence (e.g. reports, contracts, delivery notes, lab tests, model) | H2: Flow in from/out to: | I2: Does the flow cross the GHG assessment boundary? | J2: Lower heating value [LHV] (MJ/kgdry) | K2: Reference for LHVdry | L2: Moisture content (kg water/kg as received) | M2: Reference for moisture content | N2: Co-product heat/steam temperature (°C) | O2: Equivalent energy flow (MWh/yr LHVwet) | P2: Module efficiency (MJLHV wet module main output/MJLHV wet module main input) | R2: Equivalent energy flow for allocation (MWh/yr LHVallocation) | S2: Energy allocation (MJLHV allocation main product/MJLHV allocation all module products) | T2: GHG intensity (gCO2e/kg of material) - for materials with tonnes/yr units | U2: GHG intensity (gCO2e/MJLHV wet of energy) - for materials with MWh/yr (LHV) units | V2: Reference for GHG intensity | W2: GHG emissions (gCO2e/MJLHV module main output), WITHOUT allocation | Y2: Comments & questions
B4: Main input
B5: Module main feedstock | C5: e.g. Electricity to stack | D5: MWh/yr (LHV) | I5: Yes | O5: =IF($D5="MWh/yr (LHV)",$E5,$J5*$E5*(1-$L5)/3.6) -> 0 | U5: =IF(B5="", "", "Enter data here") -> Enter data here | V5: Accounting for only the emissions in supplying this input. | W5: =IFERROR($U5*$E5*3.6/($O$19*3.6), "Unfilled fields on left") -> Unfilled fields on left | Z5: =IF(AND(C5<>"",OR(E5="",J5="",L5="",U5="Enter data here")),"Missing information in this row","") -> Missing information in this row
B7: Energy supply and input materials
B8: Energy | C8: e.g. Electricity to Balance of Plant | D8: MWh/yr (LHV) | O8: =IF($D8="MWh/yr (LHV)",$E8,$J8*$E8*(1-$L8)/3.6) -> 0 | T8: =IF(B8="", "", IF(D8="MWh/yr (LHV)", "Use column to right", "Enter data here")) -> Use column to right | U8: =IF(B8="", "", IF(D8="MWh/yr (LHV)", "Enter data here", "Use column to left")) -> Enter data here | V8: Accounting for only the emissions in supplying this input. Record any GHGs released on use in outputs table below | W8: =IFERROR(IF(D8="tonnes/yr", $T8*$E8/($O$19*3.6), $U8*$E8*3.6/($O$19*3.6)), "Unfilled fields on left") -> Unfilled fields on left | Z8: =IF(AND(C8<>"",OR(E8="",J8="",L8="",T8="Enter data here",U8="Enter data here")),"Missing information in this row. Leave the 'Description of input/output' (Column C) blank for this row if it is not used in this module","") -> Missing information in this row. Leave the 'Description of input/output' (Column C) blank for this row if it is not used in this module
B9: Energy | C9: e.g. Natural gas | D9: MWh/yr (LHV) | O9: =IF($D9="MWh/yr (LHV)",$E9,$J9*$E9*(1-$L9)/3.6) -> 0 | T9: =IF(B9="", "", IF(D9="MWh/yr (LHV)", "Use column to right", "Enter data here")) -> Use column to right | U9: =IF(B9="", "", IF(D9="MWh/yr (LHV)", "Enter data here", "Use column to left")) -> Enter data here | V9: Accounting for only the emissions in supplying this input. Record any GHGs released on use in outputs table below | W9: =IFERROR(IF(D9="tonnes/yr", $T9*$E9/($O$19*3.6), $U9*$E9*3.6/($O$19*3.6)), "Unfilled fields on left") -> Unfilled fields on left | Z9: =IF(AND(C9<>"",OR(E9="",J9="",L9="",T9="Enter data here",U9="Enter data here")),"Missing information in this row. Leave the 'Description of input/output' (Column C) blank for this row if it is not used in this module","") -> Missing information in this row. Leave the 'Description of input/output' (Column C) blank for this row if it is not used in this module
B10: Energy | C10: e.g. Diesel | D10: tonnes/yr | O10: =IF($D10="MWh/yr (LHV)",$E10,$J10*$E10*(1-$L10)/3.6) -> 0 | T10: =IF(B10="", "", IF(D10="MWh/yr (LHV)", "Use column to right", "Enter data here")) -> Enter data here | U10: =IF(B10="", "", IF(D10="MWh/yr (LHV)", "Enter data here", "Use column to left")) -> Use column to left | V10: Accounting for only the emissions in supplying this input. Record any GHGs released on use in outputs table below | W10: =IFERROR(IF(D10="tonnes/yr", $T10*$E10/($O$19*3.6), $U10*$E10*3.6/($O$19*3.6)), "Unfilled fields on left") -> Unfilled fields on left | Z10: =IF(AND(C10<>"",OR(E10="",J10="",L10="",T10="Enter data here",U10="Enter data here")),"Missing information in this row. Leave the 'Description of input/output' (Column C) blank for this row if it is not used in this module","") -> Missing information in this row. Leave the 'Description of input/output' (Column C) blank for this row if it is not used in this module
B11: Energy | C11: e.g. Heating oil | D11: tonnes/yr | O11: =IF($D11="MWh/yr (LHV)",$E11,$J11*$E11*(1-$L11)/3.6) -> 0 | T11: =IF(B11="", "", IF(D11="MWh/yr (LHV)", "Use column to right", "Enter data here")) -> Enter data here | U11: =IF(B11="", "", IF(D11="MWh/yr (LHV)", "Enter data here", "Use column to left")) -> Use column to left | V11: Accounting for only the emissions in supplying this input. Record any GHGs released on use in outputs table below | W11: =IFERROR(IF(D11="tonnes/yr", $T11*$E11/($O$19*3.6), $U11*$E11*3.6/($O$19*3.6)), "Unfilled fields on left") -> Unfilled fields on left | Z11: =IF(AND(C11<>"",OR(E11="",J11="",L11="",T11="Enter data here",U11="Enter data here")),"Missing information in this row. Leave the 'Description of input/output' (Column C) blank for this row if it is not used in this module","") -> Missing information in this row. Leave the 'Description of input/output' (Column C) blank for this row if it is not used in this module
B12: Chemicals | C12: e.g. Oxygen | D12: tonnes/yr | O12: =IF($D12="MWh/yr (LHV)",$E12,$J12*$E12*(1-$L12)/3.6) -> 0 | T12: =IF(B12="", "", IF(D12="MWh/yr (LHV)", "Use column to right", "Enter data here")) -> Enter data here | U12: =IF(B12="", "", IF(D12="MWh/yr (LHV)", "Enter data here", "Use column to left")) -> Use column to left | V12: Accounting for only the emissions in supplying this input. Record any GHGs released on use in outputs table below | W12: =IFERROR(IF(D12="tonnes/yr", $T12*$E12/($O$19*3.6), $U12*$E12*3.6/($O$19*3.6)), "Unfilled fields on left") -> Unfilled fields on left | Z12: =IF(AND(C12<>"",OR(E12="",J12="",L12="",T12="Enter data here",U12="Enter data here")),"Missing information in this row. Leave the 'Description of input/output' (Column C) blank for this row if it is not used in this module","") -> Missing information in this row. Leave the 'Description of input/output' (Column C) blank for this row if it is not used in this module
B13: Chemicals | C13: e.g. Chemicals | D13: tonnes/yr | O13: =IF($D13="MWh/yr (LHV)",$E13,$J13*$E13*(1-$L13)/3.6) -> 0 | T13: =IF(B13="", "", IF(D13="MWh/yr (LHV)", "Use column to right", "Enter data here")) -> Enter data here | U13: =IF(B13="", "", IF(D13="MWh/yr (LHV)", "Enter data here", "Use column to left")) -> Use column to left | V13: Accounting for only the emissions in supplying this input. Record any GHGs released on use in outputs table below | W13: =IFERROR(IF(D13="tonnes/yr", $T13*$E13/($O$19*3.6), $U13*$E13*3.6/($O$19*3.6)), "Unfilled fields on left") -> Unfilled fields on left | Z13: =IF(AND(C13<>"",OR(E13="",J13="",L13="",T13="Enter data here",U13="Enter data here")),"Missing information in this row. Leave the 'Description of input/output' (Column C) blank for this row if it is not used in this module","") -> Missing information in this row. Leave the 'Description of input/output' (Column C) blank for this row if it is not used in this module
B14: Materials | C14: e.g. Catalyst | D14: tonnes/yr | O14: =IF($D14="MWh/yr (LHV)",$E14,$J14*$E14*(1-$L14)/3.6) -> 0 | T14: =IF(B14="", "", IF(D14="MWh/yr (LHV)", "Use column to right", "Enter data here")) -> Enter data here | U14: =IF(B14="", "", IF(D14="MWh/yr (LHV)", "Enter data here", "Use column to left")) -> Use column to left | V14: Accounting for only the emissions in supplying this input. Record any GHGs released on use in outputs table below | W14: =IFERROR(IF(D14="tonnes/yr", $T14*$E14/($O$19*3.6), $U14*$E14*3.6/($O$19*3.6)), "Unfilled fields on left") -> Unfilled fields on left | Z14: =IF(AND(C14<>"",OR(E14="",J14="",L14="",T14="Enter data here",U14="Enter data here")),"Missing information in this row. Leave the 'Description of input/output' (Column C) blank for this row if it is not used in this module","") -> Missing information in this row. Leave the 'Description of input/output' (Column C) blank for this row if it is not used in this module
B15: Materials | C15: e.g. Water | D15: tonnes/yr | O15: =IF($D15="MWh/yr (LHV)",$E15,$J15*$E15*(1-$L15)/3.6) -> 0 | T15: =IF(B15="", "", IF(D15="MWh/yr (LHV)", "Use column to right", "Enter data here")) -> Enter data here | U15: =IF(B15="", "", IF(D15="MWh/yr (LHV)", "Enter data here", "Use column to left")) -> Use column to left | V15: Accounting for only the emissions in supplying this input. Record any GHGs released on use in outputs table below | W15: =IFERROR(IF(D15="tonnes/yr", $T15*$E15/($O$19*3.6), $U15*$E15*3.6/($O$19*3.6)), "Unfilled fields on left") -> Unfilled fields on left | Z15: =IF(AND(C15<>"",OR(E15="",J15="",L15="",T15="Enter data here",U15="Enter data here")),"Missing information in this row. Leave the 'Description of input/output' (Column C) blank for this row if it is not used in this module","") -> Missing information in this row. Leave the 'Description of input/output' (Column C) blank for this row if it is not used in this module
O16: =IF($D16="MWh/yr (LHV)",$E16,$J16*$E16*(1-$L16)/3.6) -> 0 | T16: =IF(B16="", "", IF(D16="MWh/yr (LHV)", "Use column to right", "Enter data here")) | U16: =IF(B16="", "", IF(D16="MWh/yr (LHV)", "Enter data here", "Use column to left")) | V16: Accounting for only the emissions in supplying this input. Record any GHGs released on use in outputs table below | W16: =IFERROR(IF(D16="tonnes/yr", $T16*$E16/($O$19*3.6), $U16*$E16*3.6/($O$19*3.6)), "Unfilled fields on left") -> Unfilled fields on left | Z16: =IF(AND(C16<>"",OR(E16="",J16="",L16="",T16="Enter data here",U16="Enter data here")),"Missing information in this row. Leave the 'Description of input/output' (Column C) blank for this row if it is not used in this module","")
B18: Main output and co-products
B19: Module main output | C19: e.g. Electrolytic hydrogen | D19: tonnes/yr | I19: No | O19: =IF($D19="MWh/yr (LHV)",$E19,$J19*$E19*(1-$L19)/3.6) -> 0 | P19: =IFERROR(O19/O5,"") | R19: =IF($D19="MWh/yr (LHV)",$E19,$E19*MAX(0, $J19*(1-$L19)-2.441*$L19)/kWh_to_MJ) -> 0 | S19: =IFERROR(R19/(SUM($R$19:$R$21)),"") | Z19: =IF(AND(C19<>"",OR(E19="",J19="",L19="")),"Missing information in this row. Leave the 'Description of input/output' (Column C) blank for this row if it is not used in this module","") -> Missing information in this row. Leave the 'Description of input/output' (Column C) blank for this row if it is not used in this module
B20: Co-products | C20: e.g. Oxygen sold (not vented) | D20: tonnes/yr | O20: =IF($D20="MWh/yr (LHV)",$E20,$J20*$E20*(1-$L20)/3.6) -> 0 | R20: =IF($D20="MWh/yr (LHV)",$E20,$E20*MAX(0, $J20*(1-$L20)-2.441*$L20)/kWh_to_MJ) -> 0 | S20: =IFERROR(R20/(SUM($R$19:$R$21)),"") | Z20: =IF(AND(C20<>"",OR(E20="",J20="",L20="")),"Missing information in this row. Leave the 'Description of input/output' (Column C) blank for this row if it is not used in this module","") -> Missing information in this row. Leave the 'Description of input/output' (Column C) blank for this row if it is not used in this module
B21: Co-products | D21: tonnes/yr | O21: =IF($D21="MWh/yr (LHV)",$E21,$J21*$E21*(1-$L21)/3.6) -> 0 | R21: =IF($D21="MWh/yr (LHV)",$E21,$E21*MAX(0, $J21*(1-$L21)-2.441*$L21)/kWh_to_MJ) -> 0 | S21: =IFERROR(R21/(SUM($R$19:$R$21)),"") | Z21: =IF(AND(C21<>"",OR(E21="",J21="",L21="")),"Missing information in this row. Leave the 'Description of input/output' (Column C) blank for this row if it is not used in this module","")
B23: Residues, wastes and emissions
B24: Wastes | C24: e.g. Wastewater | D24: tonnes/yr | O24: =IF($D24="MWh/yr (LHV)",$E24,$J24*$E24*(1-$L24)/3.6) -> 0 | T24: =IF(D24="", "", IF(F24="MWh/yr (LHV)", "Use column to right", "Enter data here")) -> Enter data here | U24: =IF(D24="", "", IF(F24="MWh/yr (LHV)", "Enter data here", "Use column to left")) -> Use column to left | V24: Accounting for the emissions in disposing of this output | W24: =IFERROR(IF(F24="tonnes/yr", $Q24*$E24/($L$19*3.6), $S24*$E24*3.6/($L$19*3.6)), "Unfilled fields on left") -> Unfilled fields on left | Z24: =IF(AND(C24<>"",OR(E24="",J24="",L24="",T24="Enter data here",U24="Enter data here")),"Missing information in this row. Leave the 'Description of input/output' (Column C) blank for this row if it is not used in this module","") -> Missing information in this row. Leave the 'Description of input/output' (Column C) blank for this row if it is not used in this module
B25: Wastes | C25: e.g. Reject materials, losses | D25: tonnes/yr | O25: =IF($D25="MWh/yr (LHV)",$E25,$J25*$E25*(1-$L25)/3.6) -> 0 | T25: =IF(D25="", "", IF(F25="MWh/yr (LHV)", "Use column to right", "Enter data here")) -> Enter data here | U25: =IF(D25="", "", IF(F25="MWh/yr (LHV)", "Enter data here", "Use column to left")) -> Use column to left | V25: Accounting for the emissions in disposing of this output | W25: =IFERROR(IF(F25="tonnes/yr", $Q25*$E25/($L$19*3.6), $S25*$E25*3.6/($L$19*3.6)), "Unfilled fields on left") -> Unfilled fields on left | Z25: =IF(AND(C25<>"",OR(E25="",J25="",L25="",T25="Enter data here",U25="Enter data here")),"Missing information in this row. Leave the 'Description of input/output' (Column C) blank for this row if it is not used in this module","") -> Missing information in this row. Leave the 'Description of input/output' (Column C) blank for this row if it is not used in this module
B26: Residues | C26: e.g. Sulphur | D26: tonnes/yr | O26: =IF($D26="MWh/yr (LHV)",$E26,$J26*$E26*(1-$L26)/3.6) -> 0 | T26: =IF(D26="", "", IF(F26="MWh/yr (LHV)", "Use column to right", "Enter data here")) -> Enter data here | U26: =IF(D26="", "", IF(F26="MWh/yr (LHV)", "Enter data here", "Use column to left")) -> Use column to left | V26: Accounting for the emissions in disposing of this output | W26: =IFERROR(IF(F26="tonnes/yr", $Q26*$E26/($L$19*3.6), $S26*$E26*3.6/($L$19*3.6)), "Unfilled fields on left") -> Unfilled fields on left | Z26: =IF(AND(C26<>"",OR(E26="",J26="",L26="",T26="Enter data here",U26="Enter data here")),"Missing information in this row. Leave the 'Description of input/output' (Column C) blank for this row if it is not used in this module","") -> Missing information in this row. Leave the 'Description of input/output' (Column C) blank for this row if it is not used in this module
B27: Residues | C27: e.g. Ash | D27: tonnes/yr | O27: =IF($D27="MWh/yr (LHV)",$E27,$J27*$E27*(1-$L27)/3.6) -> 0 | T27: =IF(D27="", "", IF(F27="MWh/yr (LHV)", "Use column to right", "Enter data here")) -> Enter data here | U27: =IF(D27="", "", IF(F27="MWh/yr (LHV)", "Enter data here", "Use column to left")) -> Use column to left | V27: Accounting for the emissions in disposing of this output | W27: =IFERROR(IF(F27="tonnes/yr", $Q27*$E27/($L$19*3.6), $S27*$E27*3.6/($L$19*3.6)), "Unfilled fields on left") -> Unfilled fields on left | Z27: =IF(AND(C27<>"",OR(E27="",J27="",L27="",T27="Enter data here",U27="Enter data here")),"Missing information in this row. Leave the 'Description of input/output' (Column C) blank for this row if it is not used in this module","") -> Missing information in this row. Leave the 'Description of input/output' (Column C) blank for this row if it is not used in this module
B28: CO2 emitted | C28: e.g. Fossil CO2 emitted onsite from use of process inputs (e.g. diesel, nat gas etc) | D28: tonnes/yr | O28: =IF($D28="MWh/yr (LHV)",$E28,$J28*$E28*(1-$L28)/3.6) -> 0 | T28: 1000 | V28: Fossil CO2 emissions generated by process inputs to the step, and emitted, are given a penalty of 1000 gCO2e/kg CO2 | W28: =IFERROR(IF(D28="tonnes/yr", $T28*$E28/($O$19*3.6), $U28*$E28*3.6/($O$19*3.6)), "Unfilled fields on left") -> Unfilled fields on left | Z28: =IF(AND(C28<>"",OR(E28="",J28="",L28="",T28="Enter data here",U28="Enter data here")),"Missing information in this row. Leave the 'Description of input/output' (Column C) blank for this row if it is not used in this module","") -> Missing information in this row. Leave the 'Description of input/output' (Column C) blank for this row if it is not used in this module
B29: Fugitive non-CO2 emitted | C29: e.g. Methane emitted, net of any mitigation | D29: tonnes/yr | O29: =IF($D29="MWh/yr (LHV)",$E29,$J29*$E29*(1-$L29)/3.6) -> 0 | T29: 28000 | V29: IPCC Fifth Assessment Report (AR5), GWP100 without carbon feedbacks | W29: =IFERROR(IF(D29="tonnes/yr", $T29*$E29/($O$19*3.6), $U29*$E29*3.6/($O$19*3.6)), "Unfilled fields on left") -> Unfilled fields on left | Z29: =IF(AND(C29<>"",OR(E29="",J29="",L29="",T29="Enter data here",U29="Enter data here")),"Missing information in this row. Leave the 'Description of input/output' (Column C) blank for this row if it is not used in this module","") -> Missing information in this row. Leave the 'Description of input/output' (Column C) blank for this row if it is not used in this module
B30: Fugitive non-CO2 emitted | C30: e.g. N2O emitted, net of any mitigation | D30: tonnes/yr | O30: =IF($D30="MWh/yr (LHV)",$E30,$J30*$E30*(1-$L30)/3.6) -> 0 | T30: 265000 | V30: IPCC Fifth Assessment Report (AR5), GWP100 without carbon feedbacks | W30: =IFERROR(IF(D30="tonnes/yr", $T30*$E30/($O$19*3.6), $U30*$E30*3.6/($O$19*3.6)), "Unfilled fields on left") -> Unfilled fields on left | Z30: =IF(AND(C30<>"",OR(E30="",J30="",L30="",T30="Enter data here",U30="Enter data here")),"Missing information in this row. Leave the 'Description of input/output' (Column C) blank for this row if it is not used in this module","") -> Missing information in this row. Leave the 'Description of input/output' (Column C) blank for this row if it is not used in this module
B31: Fugitive non-CO2 emitted | C31: e.g. O2 vented | D31: tonnes/yr | O31: =IF($D31="MWh/yr (LHV)",$E31,$J31*$E31*(1-$L31)/3.6) -> 0 | T31: 0 | V31: IPCC Fifth Assessment Report (AR5), GWP100 without carbon feedbacks | W31: =IFERROR(IF(D31="tonnes/yr", $T31*$E31/($O$19*3.6), $U31*$E31*3.6/($O$19*3.6)), "Unfilled fields on left") -> Unfilled fields on left | Z31: =IF(AND(C31<>"",OR(E31="",J31="",L31="",T31="Enter data here",U31="Enter data here")),"Missing information in this row. Leave the 'Description of input/output' (Column C) blank for this row if it is not used in this module","") -> Missing information in this row. Leave the 'Description of input/output' (Column C) blank for this row if it is not used in this module
O32: =IF($D32="MWh/yr (LHV)",$E32,$J32*$E32*(1-$L32)/3.6) -> 0 | W32: =IFERROR(IF(D32="tonnes/yr", $T32*$E32/($O$19*3.6), $U32*$E32*3.6/($O$19*3.6)), "Unfilled fields on left") -> Unfilled fields on left | Z32: =IF(AND(C32<>"",OR(E32="",J32="",L32="",T32="Enter data here",U32="Enter data here")),"Missing information in this row. Leave the 'Description of input/output' (Column C) blank for this row if it is not used in this module","")
O33: =IF($D33="MWh/yr (LHV)",$E33,$J33*$E33*(1-$L33)/3.6) -> 0 | W33: =IFERROR(IF(D33="tonnes/yr", $T33*$E33/($O$19*3.6), $U33*$E33*3.6/($O$19*3.6)), "Unfilled fields on left") -> Unfilled fields on left | Z33: =IF(AND(C33<>"",OR(E33="",J33="",L33="",T33="Enter data here",U33="Enter data here")),"Missing information in this row. Leave the 'Description of input/output' (Column C) blank for this row if it is not used in this module","")
O34: =IF($D34="MWh/yr (LHV)",$E34,$J34*$E34*(1-$L34)/3.6) -> 0 | W34: =IFERROR(IF(D34="tonnes/yr", $T34*$E34/($O$19*3.6), $U34*$E34*3.6/($O$19*3.6)), "Unfilled fields on left") -> Unfilled fields on left | Z34: =IF(AND(C34<>"",OR(E34="",J34="",L34="",T34="Enter data here",U34="Enter data here")),"Missing information in this row. Leave the 'Description of input/output' (Column C) blank for this row if it is not used in this module","")
V36: Module total | W36: =SUM(W4:W35) -> 0
B37: Other characteristics
B38: Operating hours | C38: Full-load equivalents | D38: hr/yr

Sheet H2 processing
A1: Demonstration project or FOAK Pre-FEED project selected and no upstream data available - if applicable, enter delivered hydrogen emission factor in the "Conversion to jet" worksheet
B2: Type of input/output | C2: Description of input/output | D2: Units | E2: Value | F2: Further flow details (e.g. energy source, type, distance, temperature, pressure, purity) | G2: Source / evidence (e.g. reports, contracts, delivery notes, lab tests, model) | H2: Flow in from/out to: | I2: Does the flow cross the GHG assessment boundary? | J2: Lower heating value [LHV] (MJ/kgdry) | K2: Reference for LHVdry | L2: Moisture content (kg water/kg as received) | M2: Reference for moisture content | N2: Co-product heat/steam temperature (°C) | O2: Equivalent energy flow (MWh/yr LHVwet) | P2: Module efficiency (MJLHV wet module main output/MJLHV wet module main input) | R2: Equivalent energy flow for allocation (MWh/yr LHVallocation) | S2: Energy allocation (MJLHV allocation main product/MJLHV allocation all module products) | T2: GHG intensity (gCO2e/kg of material) - for materials with tonnes/yr units | U2: GHG intensity (gCO2e/MJLHV wet of energy) - for materials with MWh/yr (LHV) units | V2: Reference for GHG intensity | W2: GHG emissions (gCO2e/MJLHV module main output), WITHOUT allocation | Y2: Comments & questions
B4: Main input
B5: Module main feedstock | C5: ='H2 electrolysis'!C19 -> e.g. Electrolytic hydrogen | D5: tonnes/yr | I5: Yes | O5: =IF($D5="MWh/yr (LHV)",$E5,$J5*$E5*(1-$L5)/3.6) -> 0 | Z5: =IF(AND(C5<>"",OR(E5="",J5="",L5="")),"Missing information in this row.","") -> Missing information in this row.
B7: Energy supply and input materials
B8: Energy | C8: e.g. Electricity | D8: MWh/yr (LHV) | O8: =IF($D8="MWh/yr (LHV)",$E8,$J8*$E8*(1-$L8)/3.6) -> 0 | T8: =IF(B8="", "", IF(D8="MWh/yr (LHV)", "Use column to right", "Enter data here")) -> Use column to right | U8: =IF(B8="", "", IF(D8="MWh/yr (LHV)", "Enter data here", "Use column to left")) -> Enter data here | V8: Accounting for only the emissions in supplying this input. Record any GHGs released on use in outputs table below | W8: =IFERROR(IF(D8="tonnes/yr", $T8*$E8/($O$19*3.6), $U8*$E8*3.6/($O$19*3.6)), "Unfilled fields on left") -> Unfilled fields on left | Z8: =IF(AND(C8<>"",OR(E8="",J8="",L8="",T8="Enter data here",U8="Enter data here")),"Missing information in this row. Leave the 'Description of input/output' (Column C) blank for this row if it is not used in this module","") -> Missing information in this row. Leave the 'Description of input/output' (Column C) blank for this row if it is not used in this module
B9: Energy | C9: e.g. Natural gas | D9: MWh/yr (LHV) | O9: =IF($D9="MWh/yr (LHV)",$E9,$J9*$E9*(1-$L9)/3.6) -> 0 | T9: =IF(B9="", "", IF(D9="MWh/yr (LHV)", "Use column to right", "Enter data here")) -> Use column to right | U9: =IF(B9="", "", IF(D9="MWh/yr (LHV)", "Enter data here", "Use column to left")) -> Enter data here | V9: Accounting for only the emissions in supplying this input. Record any GHGs released on use in outputs table below | W9: =IFERROR(IF(D9="tonnes/yr", $T9*$E9/($O$19*3.6), $U9*$E9*3.6/($O$19*3.6)), "Unfilled fields on left") -> Unfilled fields on left | Z9: =IF(AND(C9<>"",OR(E9="",J9="",L9="",T9="Enter data here",U9="Enter data here")),"Missing information in this row. Leave the 'Description of input/output' (Column C) blank for this row if it is not used in this module","") -> Missing information in this row. Leave the 'Description of input/output' (Column C) blank for this row if it is not used in this module
B10: Energy | C10: e.g. Diesel | D10: tonnes/yr | O10: =IF($D10="MWh/yr (LHV)",$E10,$J10*$E10*(1-$L10)/3.6) -> 0 | T10: =IF(B10="", "", IF(D10="MWh/yr (LHV)", "Use column to right", "Enter data here")) -> Enter data here | U10: =IF(B10="", "", IF(D10="MWh/yr (LHV)", "Enter data here", "Use column to left")) -> Use column to left | V10: Accounting for only the emissions in supplying this input. Record any GHGs released on use in outputs table below | W10: =IFERROR(IF(D10="tonnes/yr", $T10*$E10/($O$19*3.6), $U10*$E10*3.6/($O$19*3.6)), "Unfilled fields on left") -> Unfilled fields on left | Z10: =IF(AND(C10<>"",OR(E10="",J10="",L10="",T10="Enter data here",U10="Enter data here")),"Missing information in this row. Leave the 'Description of input/output' (Column C) blank for this row if it is not used in this module","") -> Missing information in this row. Leave the 'Description of input/output' (Column C) blank for this row if it is not used in this module
B11: Energy | C11: e.g. Heating oil | D11: tonnes/yr | O11: =IF($D11="MWh/yr (LHV)",$E11,$J11*$E11*(1-$L11)/3.6) -> 0 | T11: =IF(B11="", "", IF(D11="MWh/yr (LHV)", "Use column to right", "Enter data here")) -> Enter data here | U11: =IF(B11="", "", IF(D11="MWh/yr (LHV)", "Enter data here", "Use column to left")) -> Use column to left | V11: Accounting for only the emissions in supplying this input. Record any GHGs released on use in outputs table below | W11: =IFERROR(IF(D11="tonnes/yr", $T11*$E11/($O$19*3.6), $U11*$E11*3.6/($O$19*3.6)), "Unfilled fields on left") -> Unfilled fields on left | Z11: =IF(AND(C11<>"",OR(E11="",J11="",L11="",T11="Enter data here",U11="Enter data here")),"Missing information in this row. Leave the 'Description of input/output' (Column C) blank for this row if it is not used in this module","") -> Missing information in this row. Leave the 'Description of input/output' (Column C) blank for this row if it is not used in this module
B12: Chemicals | C12: e.g. Oxygen | D12: tonnes/yr | O12: =IF($D12="MWh/yr (LHV)",$E12,$J12*$E12*(1-$L12)/3.6) -> 0 | T12: =IF(B12="", "", IF(D12="MWh/yr (LHV)", "Use column to right", "Enter data here")) -> Enter data here | U12: =IF(B12="", "", IF(D12="MWh/yr (LHV)", "Enter data here", "Use column to left")) -> Use column to left | V12: Accounting for only the emissions in supplying this input. Record any GHGs released on use in outputs table below | W12: =IFERROR(IF(D12="tonnes/yr", $T12*$E12/($O$19*3.6), $U12*$E12*3.6/($O$19*3.6)), "Unfilled fields on left") -> Unfilled fields on left | Z12: =IF(AND(C12<>"",OR(E12="",J12="",L12="",T12="Enter data here",U12="Enter data here")),"Missing information in this row. Leave the 'Description of input/output' (Column C) blank for this row if it is not used in this module","") -> Missing information in this row. Leave the 'Description of input/output' (Column C) blank for this row if it is not used in this module
B13: Chemicals | C13: e.g. Chemicals | D13: tonnes/yr | O13: =IF($D13="MWh/yr (LHV)",$E13,$J13*$E13*(1-$L13)/3.6) -> 0 | T13: =IF(B13="", "", IF(D13="MWh/yr (LHV)", "Use column to right", "Enter data here")) -> Enter data here | U13: =IF(B13="", "", IF(D13="MWh/yr (LHV)", "Enter data here", "Use column to left")) -> Use column to left | V13: Accounting for only the emissions in supplying this input. Record any GHGs released on use in outputs table below | W13: =IFERROR(IF(D13="tonnes/yr", $T13*$E13/($O$19*3.6), $U13*$E13*3.6/($O$19*3.6)), "Unfilled fields on left") -> Unfilled fields on left | Z13: =IF(AND(C13<>"",OR(E13="",J13="",L13="",T13="Enter data here",U13="Enter data here")),"Missing information in this row. Leave the 'Description of input/output' (Column C) blank for this row if it is not used in this module","") -> Missing information in this row. Leave the 'Description of input/output' (Column C) blank for this row if it is not used in this module
B14: Materials | C14: e.g. Catalyst | D14: tonnes/yr | O14: =IF($D14="MWh/yr (LHV)",$E14,$J14*$E14*(1-$L14)/3.6) -> 0 | T14: =IF(B14="", "", IF(D14="MWh/yr (LHV)", "Use column to right", "Enter data here")) -> Enter data here | U14: =IF(B14="", "", IF(D14="MWh/yr (LHV)", "Enter data here", "Use column to left")) -> Use column to left | V14: Accounting for only the emissions in supplying this input. Record any GHGs released on use in outputs table below | W14: =IFERROR(IF(D14="tonnes/yr", $T14*$E14/($O$19*3.6), $U14*$E14*3.6/($O$19*3.6)), "Unfilled fields on left") -> Unfilled fields on left | Z14: =IF(AND(C14<>"",OR(E14="",J14="",L14="",T14="Enter data here",U14="Enter data here")),"Missing information in this row. Leave the 'Description of input/output' (Column C) blank for this row if it is not used in this module","") -> Missing information in this row. Leave the 'Description of input/output' (Column C) blank for this row if it is not used in this module
B15: Materials | C15: e.g. Water | D15: tonnes/yr | O15: =IF($D15="MWh/yr (LHV)",$E15,$J15*$E15*(1-$L15)/3.6) -> 0 | T15: =IF(B15="", "", IF(D15="MWh/yr (LHV)", "Use column to right", "Enter data here")) -> Enter data here | U15: =IF(B15="", "", IF(D15="MWh/yr (LHV)", "Enter data here", "Use column to left")) -> Use column to left | V15: Accounting for only the emissions in supplying this input. Record any GHGs released on use in outputs table below | W15: =IFERROR(IF(D15="tonnes/yr", $T15*$E15/($O$19*3.6), $U15*$E15*3.6/($O$19*3.6)), "Unfilled fields on left") -> Unfilled fields on left | Z15: =IF(AND(C15<>"",OR(E15="",J15="",L15="",T15="Enter data here",U15="Enter data here")),"Missing information in this row. Leave the 'Description of input/output' (Column C) blank for this row if it is not used in this module","") -> Missing information in this row. Leave the 'Description of input/output' (Column C) blank for this row if it is not used in this module
O16: =IF($D16="MWh/yr (LHV)",$E16,$J16*$E16*(1-$L16)/3.6) -> 0 | T16: =IF(B16="", "", IF(D16="MWh/yr (LHV)", "Use column to right", "Enter data here")) | U16: =IF(B16="", "", IF(D16="MWh/yr (LHV)", "Enter data here", "Use column to left")) | V16: Accounting for only the emissions in supplying this input. Record any GHGs released on use in outputs table below | W16: =IFERROR(IF(D16="tonnes/yr", $T16*$E16/($O$19*3.6), $U16*$E16*3.6/($O$19*3.6)), "Unfilled fields on left") -> Unfilled fields on left | Z16: =IF(AND(C16<>"",OR(E16="",J16="",L16="",T16="Enter data here",U16="Enter data here")),"Missing information in this row. Leave the 'Description of input/output' (Column C) blank for this row if it is not used in this module","")
B18: Main output and co-products
B19: Module main output | C19: e.g. Compressed/liquefied hydrogen | D19: tonnes/yr | I19: No | O19: =IF($D19="MWh/yr (LHV)",$E19,$J19*$E19*(1-$L19)/3.6) -> 0 | P19: =IFERROR(O19/O5,"") | R19: =IF($D19="MWh/yr (LHV)",$E19,$E19*MAX(0, $J19*(1-$L19)-2.441*$L19)/kWh_to_MJ) -> 0 | S19: =IFERROR(R19/(SUM($R$19:$R$21)),"") | Z19: =IF(AND(C19<>"",OR(E19="",J19="",L19="")),"Missing information in this row. Leave the 'Description of input/output' (Column C) blank for this row if it is not used in this module","") -> Missing information in this row. Leave the 'Description of input/output' (Column C) blank for this row if it is not used in this module
B20: Co-products | D20: tonnes/yr | O20: =IF($D20="MWh/yr (LHV)",$E20,$J20*$E20*(1-$L20)/3.6) -> 0 | R20: =IF($D20="MWh/yr (LHV)",$E20,$E20*MAX(0, $J20*(1-$L20)-2.441*$L20)/kWh_to_MJ) -> 0 | S20: =IFERROR(R20/(SUM($R$19:$R$21)),"") | Z20: =IF(AND(C20<>"",OR(E20="",J20="",L20="")),"Missing information in this row. Leave the 'Description of input/output' (Column C) blank for this row if it is not used in this module","")
B21: Co-products | D21: tonnes/yr | O21: =IF($D21="MWh/yr (LHV)",$E21,$J21*$E21*(1-$L21)/3.6) -> 0 | R21: =IF($D21="MWh/yr (LHV)",$E21,$E21*MAX(0, $J21*(1-$L21)-2.441*$L21)/kWh_to_MJ) -> 0 | S21: =IFERROR(R21/(SUM($R$19:$R$21)),"") | Z21: =IF(AND(C21<>"",OR(E21="",J21="",L21="")),"Missing information in this row. Leave the 'Description of input/output' (Column C) blank for this row if it is not used in this module","")
B23: Residues, wastes and emissions
B24: Wastes | C24: e.g. Wastewater | D24: tonnes/yr | O24: =IF($D24="MWh/yr (LHV)",$E24,$J24*$E24*(1-$L24)/3.6) -> 0 | T24: =IF(D24="", "", IF(F24="MWh/yr (LHV)", "Use column to right", "Enter data here")) -> Enter data here | U24: =IF(D24="", "", IF(F24="MWh/yr (LHV)", "Enter data here", "Use column to left")) -> Use column to left | V24: Accounting for the emissions in disposing of this output | W24: =IFERROR(IF(F24="tonnes/yr", $Q24*$E24/($L$19*3.6), $S24*$E24*3.6/($L$19*3.6)), "Unfilled fields on left") -> Unfilled fields on left | Z24: =IF(AND(C24<>"",OR(E24="",J24="",L24="",T24="Enter data here",U24="Enter data here")),"Missing information in this row. Leave the 'Description of input/output' (Column C) blank for this row if it is not used in this module","") -> Missing information in this row. Leave the 'Description of input/output' (Column C) blank for this row if it is not used in this module
B25: Wastes | C25: e.g. Reject materials, losses | D25: tonnes/yr | O25: =IF($D25="MWh/yr (LHV)",$E25,$J25*$E25*(1-$L25)/3.6) -> 0 | T25: =IF(D25="", "", IF(F25="MWh/yr (LHV)", "Use column to right", "Enter data here")) -> Enter data here | U25: =IF(D25="", "", IF(F25="MWh/yr (LHV)", "Enter data here", "Use column to left")) -> Use column to left | V25: Accounting for the emissions in disposing of this output | W25: =IFERROR(IF(F25="tonnes/yr", $Q25*$E25/($L$19*3.6), $S25*$E25*3.6/($L$19*3.6)), "Unfilled fields on left") -> Unfilled fields on left | Z25: =IF(AND(C25<>"",OR(E25="",J25="",L25="",T25="Enter data here",U25="Enter data here")),"Missing information in this row. Leave the 'Description of input/output' (Column C) blank for this row if it is not used in this module","") -> Missing information in this row. Leave the 'Description of input/output' (Column C) blank for this row if it is not used in this module
B26: Residues | C26: e.g. Sulphur | D26: tonnes/yr | O26: =IF($D26="MWh/yr (LHV)",$E26,$J26*$E26*(1-$L26)/3.6) -> 0 | T26: =IF(D26="", "", IF(F26="MWh/yr (LHV)", "Use column to right", "Enter data here")) -> Enter data here | U26: =IF(D26="", "", IF(F26="MWh/yr (LHV)", "Enter data here", "Use column to left")) -> Use column to left | V26: Accounting for the emissions in disposing of this output | W26: =IFERROR(IF(F26="tonnes/yr", $Q26*$E26/($L$19*3.6), $S26*$E26*3.6/($L$19*3.6)), "Unfilled fields on left") -> Unfilled fields on left | Z26: =IF(AND(C26<>"",OR(E26="",J26="",L26="",T26="Enter data here",U26="Enter data here")),"Missing information in this row. Leave the 'Description of input/output' (Column C) blank for this row if it is not used in this module","") -> Missing information in this row. Leave the 'Description of input/output' (Column C) blank for this row if it is not used in this module
B27: Residues | C27: e.g. Ash | D27: tonnes/yr | O27: =IF($D27="MWh/yr (LHV)",$E27,$J27*$E27*(1-$L27)/3.6) -> 0 | T27: =IF(D27="", "", IF(F27="MWh/yr (LHV)", "Use column to right", "Enter data here")) -> Enter data here | U27: =IF(D27="", "", IF(F27="MWh/yr (LHV)", "Enter data here", "Use column to left")) -> Use column to left | V27: Accounting for the emissions in disposing of this output | W27: =IFERROR(IF(F27="tonnes/yr", $Q27*$E27/($L$19*3.6), $S27*$E27*3.6/($L$19*3.6)), "Unfilled fields on left") -> Unfilled fields on left | Z27: =IF(AND(C27<>"",OR(E27="",J27="",L27="",T27="Enter data here",U27="Enter data here")),"Missing information in this row. Leave the 'Description of input/output' (Column C) blank for this row if it is not used in this module","") -> Missing information in this row. Leave the 'Description of input/output' (Column C) blank for this row if it is not used in this module
B28: CO2 emitted | C28: e.g. Fossil CO2 emitted onsite from use of process inputs (e.g. diesel, nat gas etc) | D28: tonnes/yr | O28: =IF($D28="MWh/yr (LHV)",$E28,$J28*$E28*(1-$L28)/3.6) -> 0 | T28: 1000 | V28: Fossil CO2 emissions generated by process inputs to the step, and emitted, are given a penalty of 1000 gCO2e/kg CO2 | W28: =IFERROR(IF(D28="tonnes/yr", $T28*$E28/($O$19*3.6), $U28*$E28*3.6/($O$19*3.6)), "Unfilled fields on left") -> Unfilled fields on left | Z28: =IF(AND(C28<>"",OR(E28="",J28="",L28="",T28="Enter data here",U28="Enter data here")),"Missing information in this row. Leave the 'Description of input/output' (Column C) blank for this row if it is not used in this module","") -> Missing information in this row. Leave the 'Description of input/output' (Column C) blank for this row if it is not used in this module
B29: Fugitive non-CO2 emitted | C29: e.g. Methane emitted, net of any mitigation | D29: tonnes/yr | O29: =IF($D29="MWh/yr (LHV)",$E29,$J29*$E29*(1-$L29)/3.6) -> 0 | T29: 28000 | V29: IPCC Fifth Assessment Report (AR5), GWP100 without carbon feedbacks | W29: =IFERROR(IF(D29="tonnes/yr", $T29*$E29/($O$19*3.6), $U29*$E29*3.6/($O$19*3.6)), "Unfilled fields on left") -> Unfilled fields on left | Z29: =IF(AND(C29<>"",OR(E29="",J29="",L29="",T29="Enter data here",U29="Enter data here")),"Missing information in this row. Leave the 'Description of input/output' (Column C) blank for this row if it is not used in this module","") -> Missing information in this row. Leave the 'Description of input/output' (Column C) blank for this row if it is not used in this module
B30: Fugitive non-CO2 emitted | C30: e.g. N2O emitted, net of any mitigation | D30: tonnes/yr | O30: =IF($D30="MWh/yr (LHV)",$E30,$J30*$E30*(1-$L30)/3.6) -> 0 | T30: 265000 | V30: IPCC Fifth Assessment Report (AR5), GWP100 without carbon feedbacks | W30: =IFERROR(IF(D30="tonnes/yr", $T30*$E30/($O$19*3.6), $U30*$E30*3.6/($O$19*3.6)), "Unfilled fields on left") -> Unfilled fields on left | Z30: =IF(AND(C30<>"",OR(E30="",J30="",L30="",T30="Enter data here",U30="Enter data here")),"Missing information in this row. Leave the 'Description of input/output' (Column C) blank for this row if it is not used in this module","") -> Missing information in this row. Leave the 'Description of input/output' (Column C) blank for this row if it is not used in this module
O31: =IF($D31="MWh/yr (LHV)",$E31,$J31*$E31*(1-$L31)/3.6) -> 0 | W31: =IFERROR(IF(D31="tonnes/yr", $T31*$E31/($O$19*3.6), $U31*$E31*3.6/($O$19*3.6)), "Unfilled fields on left") -> Unfilled fields on left | Z31: =IF(AND(C31<>"",OR(E31="",J31="",L31="",T31="Enter data here",U31="Enter data here")),"Missing information in this row. Leave the 'Description of input/output' (Column C) blank for this row if it is not used in this module","")
O32: =IF($D32="MWh/yr (LHV)",$E32,$J32*$E32*(1-$L32)/3.6) -> 0 | W32: =IFERROR(IF(D32="tonnes/yr", $T32*$E32/($O$19*3.6), $U32*$E32*3.6/($O$19*3.6)), "Unfilled fields on left") -> Unfilled fields on left | Z32: =IF(AND(C32<>"",OR(E32="",J32="",L32="",T32="Enter data here",U32="Enter data here")),"Missing information in this row. Leave the 'Description of input/output' (Column C) blank for this row if it is not used in this module","")
O33: =IF($D33="MWh/yr (LHV)",$E33,$J33*$E33*(1-$L33)/3.6) -> 0 | W33: =IFERROR(IF(D33="tonnes/yr", $T33*$E33/($O$19*3.6), $U33*$E33*3.6/($O$19*3.6)), "Unfilled fields on left") -> Unfilled fields on left | Z33: =IF(AND(C33<>"",OR(E33="",J33="",L33="",T33="Enter data here",U33="Enter data here")),"Missing information in this row. Leave the 'Description of input/output' (Column C) blank for this row if it is not used in this module","")
O34: =IF($D34="MWh/yr (LHV)",$E34,$J34*$E34*(1-$L34)/3.6) -> 0 | W34: =IFERROR(IF(D34="tonnes/yr", $T34*$E34/($O$19*3.6), $U34*$E34*3.6/($O$19*3.6)), "Unfilled fields on left") -> Unfilled fields on left | Z34: =IF(AND(C34<>"",OR(E34="",J34="",L34="",T34="Enter data here",U34="Enter data here")),"Missing information in this row. Leave the 'Description of input/output' (Column C) blank for this row if it is not used in this module","")
V36: Module total | W36: =SUM(W4:W35) -> 0
B37: Other characteristics
B38: Operating hours | C38: Full-load equivalents | D38: hr/yr

Sheet H2 transport
A1: Demonstration project or FOAK Pre-FEED project selected and no upstream data available - if applicable, enter delivered hydrogen emission factor in the "Conversion to jet" worksheet
B2: Type of input/output | C2: Description of input/output | D2: Units | E2: Value | F2: Further flow details (e.g. energy source, type, distance, temperature, pressure, purity) | G2: Source / evidence (e.g. reports, contracts, delivery notes, lab tests, model) | H2: Flow in from/out to: | I2: Does the flow cross the GHG assessment boundary? | J2: Lower heating value [LHV] (MJ/kgdry) | K2: Reference for LHVdry | L2: Moisture content (kg water/kg as received) | M2: Reference for moisture content | N2: Co-product heat/steam temperature (°C) | O2: Equivalent energy flow (MWh/yr LHVwet) | P2: Module efficiency (MJLHV wet module main output/MJLHV wet module main input) | R2: Equivalent energy flow for allocation (MWh/yr LHVallocation) | S2: Energy allocation (MJLHV allocation main product/MJLHV allocation all module products) | T2: GHG intensity (gCO2e/kg of material) - for materials with tonnes/yr units | U2: GHG intensity (gCO2e/MJLHV wet of energy) - for materials with MWh/yr (LHV) units | V2: Reference for GHG intensity | W2: GHG emissions (gCO2e/MJLHV module main output), WITHOUT allocation | Y2: Comments & questions
B4: Main input
B5: Module main feedstock | C5: ='H2 processing'!C19 -> e.g. Compressed/liquefied hydrogen | D5: tonnes/yr | I5: No | O5: =IF($D5="MWh/yr (LHV)",$E5,$J5*$E5*(1-$L5)/3.6) -> 0 | Z5: =IF(AND(C5<>"",OR(E5="",J5="",L5="")),"Missing information in this row.","") -> Missing information in this row.
B7: Energy supply and input materials
B8: Energy | C8: e.g. Electricity | D8: MWh/yr (LHV) | O8: =IF($D8="MWh/yr (LHV)",$E8,$J8*$E8*(1-$L8)/3.6) -> 0 | T8: =IF(B8="", "", IF(D8="MWh/yr (LHV)", "Use column to right", "Enter data here")) -> Use column to right | U8: =IF(B8="", "", IF(D8="MWh/yr (LHV)", "Enter data here", "Use column to left")) -> Enter data here | V8: Accounting for only the emissions in supplying this input. Record any GHGs released on use in outputs table below | W8: =IFERROR(IF(D8="tonnes/yr", $T8*$E8/($O$19*3.6), $U8*$E8*3.6/($O$19*3.6)), "Unfilled fields on left") -> Unfilled fields on left | Z8: =IF(AND(C8<>"",OR(E8="",J8="",L8="",T8="Enter data here",U8="Enter data here")),"Missing information in this row. Leave the 'Description of input/output' (Column C) blank for this row if it is not used in this module","") -> Missing information in this row. Leave the 'Description of input/output' (Column C) blank for this row if it is not used in this module
B9: Energy | C9: e.g. Natural gas | D9: MWh/yr (LHV) | O9: =IF($D9="MWh/yr (LHV)",$E9,$J9*$E9*(1-$L9)/3.6) -> 0 | T9: =IF(B9="", "", IF(D9="MWh/yr (LHV)", "Use column to right", "Enter data here")) -> Use column to right | U9: =IF(B9="", "", IF(D9="MWh/yr (LHV)", "Enter data here", "Use column to left")) -> Enter data here | V9: Accounting for only the emissions in supplying this input. Record any GHGs released on use in outputs table below | W9: =IFERROR(IF(D9="tonnes/yr", $T9*$E9/($O$19*3.6), $U9*$E9*3.6/($O$19*3.6)), "Unfilled fields on left") -> Unfilled fields on left | Z9: =IF(AND(C9<>"",OR(E9="",J9="",L9="",T9="Enter data here",U9="Enter data here")),"Missing information in this row. Leave the 'Description of input/output' (Column C) blank for this row if it is not used in this module","") -> Missing information in this row. Leave the 'Description of input/output' (Column C) blank for this row if it is not used in this module
B10: Energy | C10: e.g. Diesel | D10: tonnes/yr | O10: =IF($D10="MWh/yr (LHV)",$E10,$J10*$E10*(1-$L10)/3.6) -> 0 | T10: =IF(B10="", "", IF(D10="MWh/yr (LHV)", "Use column to right", "Enter data here")) -> Enter data here | U10: =IF(B10="", "", IF(D10="MWh/yr (LHV)", "Enter data here", "Use column to left")) -> Use column to left | V10: Accounting for only the emissions in supplying this input. Record any GHGs released on use in outputs table below | W10: =IFERROR(IF(D10="tonnes/yr", $T10*$E10/($O$19*3.6), $U10*$E10*3.6/($O$19*3.6)), "Unfilled fields on left") -> Unfilled fields on left | Z10: =IF(AND(C10<>"",OR(E10="",J10="",L10="",T10="Enter data here",U10="Enter data here")),"Missing information in this row. Leave the 'Description of input/output' (Column C) blank for this row if it is not used in this module","") -> Missing information in this row. Leave the 'Description of input/output' (Column C) blank for this row if it is not used in this module
B11: Energy | C11: e.g. Heating oil | D11: tonnes/yr | O11: =IF($D11="MWh/yr (LHV)",$E11,$J11*$E11*(1-$L11)/3.6) -> 0 | T11: =IF(B11="", "", IF(D11="MWh/yr (LHV)", "Use column to right", "Enter data here")) -> Enter data here | U11: =IF(B11="", "", IF(D11="MWh/yr (LHV)", "Enter data here", "Use column to left")) -> Use column to left | V11: Accounting for only the emissions in supplying this input. Record any GHGs released on use in outputs table below | W11: =IFERROR(IF(D11="tonnes/yr", $T11*$E11/($O$19*3.6), $U11*$E11*3.6/($O$19*3.6)), "Unfilled fields on left") -> Unfilled fields on left | Z11: =IF(AND(C11<>"",OR(E11="",J11="",L11="",T11="Enter data here",U11="Enter data here")),"Missing information in this row. Leave the 'Description of input/output' (Column C) blank for this row if it is not used in this module","") -> Missing information in this row. Leave the 'Description of input/output' (Column C) blank for this row if it is not used in this module
B12: Chemicals | C12: e.g. Oxygen | D12: tonnes/yr | O12: =IF($D12="MWh/yr (LHV)",$E12,$J12*$E12*(1-$L12)/3.6) -> 0 | T12: =IF(B12="", "", IF(D12="MWh/yr (LHV)", "Use column to right", "Enter data here")) -> Enter data here | U12: =IF(B12="", "", IF(D12="MWh/yr (LHV)", "Enter data here", "Use column to left")) -> Use column to left | V12: Accounting for only the emissions in supplying this input. Record any GHGs released on use in outputs table below | W12: =IFERROR(IF(D12="tonnes/yr", $T12*$E12/($O$19*3.6), $U12*$E12*3.6/($O$19*3.6)), "Unfilled fields on left") -> Unfilled fields on left | Z12: =IF(AND(C12<>"",OR(E12="",J12="",L12="",T12="Enter data here",U12="Enter data here")),"Missing information in this row. Leave the 'Description of input/output' (Column C) blank for this row if it is not used in this module","") -> Missing information in this row. Leave the 'Description of input/output' (Column C) blank for this row if it is not used in this module
B13: Chemicals | C13: e.g. Chemicals | D13: tonnes/yr | O13: =IF($D13="MWh/yr (LHV)",$E13,$J13*$E13*(1-$L13)/3.6) -> 0 | T13: =IF(B13="", "", IF(D13="MWh/yr (LHV)", "Use column to right", "Enter data here")) -> Enter data here | U13: =IF(B13="", "", IF(D13="MWh/yr (LHV)", "Enter data here", "Use column to left")) -> Use column to left | V13: Accounting for only the emissions in supplying this input. Record any GHGs released on use in outputs table below | W13: =IFERROR(IF(D13="tonnes/yr", $T13*$E13/($O$19*3.6), $U13*$E13*3.6/($O$19*3.6)), "Unfilled fields on left") -> Unfilled fields on left | Z13: =IF(AND(C13<>"",OR(E13="",J13="",L13="",T13="Enter data here",U13="Enter data here")),"Missing information in this row. Leave the 'Description of input/output' (Column C) blank for this row if it is not used in this module","") -> Missing information in this row. Leave the 'Description of input/output' (Column C) blank for this row if it is not used in this module
B14: Materials | C14: e.g. Catalyst | D14: tonnes/yr | O14: =IF($D14="MWh/yr (LHV)",$E14,$J14*$E14*(1-$L14)/3.6) -> 0 | T14: =IF(B14="", "", IF(D14="MWh/yr (LHV)", "Use column to right", "Enter data here")) -> Enter data here | U14: =IF(B14="", "", IF(D14="MWh/yr (LHV)", "Enter data here", "Use column to left")) -> Use column to left | V14: Accounting for only the emissions in supplying this input. Record any GHGs released on use in outputs table below | W14: =IFERROR(IF(D14="tonnes/yr", $T14*$E14/($O$19*3.6), $U14*$E14*3.6/($O$19*3.6)), "Unfilled fields on left") -> Unfilled fields on left | Z14: =IF(AND(C14<>"",OR(E14="",J14="",L14="",T14="Enter data here",U14="Enter data here")),"Missing information in this row. Leave the 'Description of input/output' (Column C) blank for this row if it is not used in this module","") -> Missing information in this row. Leave the 'Description of input/output' (Column C) blank for this row if it is not used in this module
B15: Materials | C15: e.g. Water | D15: tonnes/yr | O15: =IF($D15="MWh/yr (LHV)",$E15,$J15*$E15*(1-$L15)/3.6) -> 0 | T15: =IF(B15="", "", IF(D15="MWh/yr (LHV)", "Use column to right", "Enter data here")) -> Enter data here | U15: =IF(B15="", "", IF(D15="MWh/yr (LHV)", "Enter data here", "Use column to left")) -> Use column to left | V15: Accounting for only the emissions in supplying this input. Record any GHGs released on use in outputs table below | W15: =IFERROR(IF(D15="tonnes/yr", $T15*$E15/($O$19*3.6), $U15*$E15*3.6/($O$19*3.6)), "Unfilled fields on left") -> Unfilled fields on left | Z15: =IF(AND(C15<>"",OR(E15="",J15="",L15="",T15="Enter data here",U15="Enter data here")),"Missing information in this row. Leave the 'Description of input/output' (Column C) blank for this row if it is not used in this module","") -> Missing information in this row. Leave the 'Description of input/output' (Column C) blank for this row if it is not used in this module
O16: =IF($D16="MWh/yr (LHV)",$E16,$J16*$E16*(1-$L16)/3.6) -> 0 | T16: =IF(B16="", "", IF(D16="MWh/yr (LHV)", "Use column to right", "Enter data here")) | U16: =IF(B16="", "", IF(D16="MWh/yr (LHV)", "Enter data here", "Use column to left")) | V16: Accounting for only the emissions in supplying this input. Record any GHGs released on use in outputs table below | W16: =IFERROR(IF(D16="tonnes/yr", $T16*$E16/($O$19*3.6), $U16*$E16*3.6/($O$19*3.6)), "Unfilled fields on left") -> Unfilled fields on left | Z16: =IF(AND(C16<>"",OR(E16="",J16="",L16="",T16="Enter data here",U16="Enter data here")),"Missing information in this row. Leave the 'Description of input/output' (Column C) blank for this row if it is not used in this module","")
B18: Main output and co-products
B19: Module main output | C19: e.g. Compressed/liquefied hydrogen | D19: tonnes/yr | I19: No | O19: =IF($D19="MWh/yr (LHV)",$E19,$J19*$E19*(1-$L19)/3.6) -> 0 | P19: =IFERROR(O19/O5,"") | R19: =IF($D19="MWh/yr (LHV)",$E19,$E19*MAX(0, $J19*(1-$L19)-2.441*$L19)/kWh_to_MJ) -> 0 | S19: =IFERROR(R19/(SUM($R$19:$R$21)),"") | Z19: =IF(AND(C19<>"",OR(E19="",J19="",L19="")),"Missing information in this row. Leave the 'Description of input/output' (Column C) blank for this row if it is not used in this module","") -> Missing information in this row. Leave the 'Description of input/output' (Column C) blank for this row if it is not used in this module
B20: Co-products | C20: (Unlikely to be any arising from this step) | D20: tonnes/yr | O20: =IF($D20="MWh/yr (LHV)",$E20,$J20*$E20*(1-$L20)/3.6) -> 0 | R20: =IF($D20="MWh/yr (LHV)",$E20,$E20*MAX(0, $J20*(1-$L20)-2.441*$L20)/kWh_to_MJ) -> 0 | S20: =IFERROR(R20/(SUM($R$19:$R$21)),"") | Z20: =IF(AND(C20<>"",OR(E20="",J20="",L20="")),"Missing information in this row. Leave the 'Description of input/output' (Column C) blank for this row if it is not used in this module","") -> Missing information in this row. Leave the 'Description of input/output' (Column C) blank for this row if it is not used in this module
B21: Co-products | C21: (Unlikely to be any arising from this step) | D21: tonnes/yr | O21: =IF($D21="MWh/yr (LHV)",$E21,$J21*$E21*(1-$L21)/3.6) -> 0 | R21: =IF($D21="MWh/yr (LHV)",$E21,$E21*MAX(0, $J21*(1-$L21)-2.441*$L21)/kWh_to_MJ) -> 0 | S21: =IFERROR(R21/(SUM($R$19:$R$21)),"") | Z21: =IF(AND(C21<>"",OR(E21="",J21="",L21="")),"Missing information in this row. Leave the 'Description of input/output' (Column C) blank for this row if it is not used in this module","") -> Missing information in this row. Leave the 'Description of input/output' (Column C) blank for this row if it is not used in this module
B23: Main output and co-products
B24: Wastes | C24: e.g. Wastewater | D24: tonnes/yr | O24: =IF($D24="MWh/yr (LHV)",$E24,$J24*$E24*(1-$L24)/3.6) -> 0 | T24: =IF(B24="", "", IF(D24="MWh/yr (LHV)", "Use column to right", "Enter data here")) -> Enter data here | U24: =IF(B24="", "", IF(D24="MWh/yr (LHV)", "Enter data here", "Use column to left")) -> Use column to left | V24: Accounting for the emissions in disposing of this output | W24: =IFERROR(IF(D24="tonnes/yr", $T24*$E24/($O$19*3.6), $U24*$E24*3.6/($O$19*3.6)), "Unfilled fields on left") -> Unfilled fields on left | Z24: =IF(AND(C24<>"",OR(E24="",J24="",L24="",T24="Enter data here",U24="Enter data here")),"Missing information in this row. Leave the 'Description of input/output' (Column C) blank for this row if it is not used in this module","") -> Missing information in this row. Leave the 'Description of input/output' (Column C) blank for this row if it is not used in this module
B25: Wastes | C25: e.g. Reject materials, losses | D25: tonnes/yr | O25: =IF($D25="MWh/yr (LHV)",$E25,$J25*$E25*(1-$L25)/3.6) -> 0 | T25: =IF(B25="", "", IF(D25="MWh/yr (LHV)", "Use column to right", "Enter data here")) -> Enter data here | U25: =IF(B25="", "", IF(D25="MWh/yr (LHV)", "Enter data here", "Use column to left")) -> Use column to left | V25: Accounting for the emissions in disposing of this output | W25: =IFERROR(IF(D25="tonnes/yr", $T25*$E25/($O$19*3.6), $U25*$E25*3.6/($O$19*3.6)), "Unfilled fields on left") -> Unfilled fields on left | Z25: =IF(AND(C25<>"",OR(E25="",J25="",L25="",T25="Enter data here",U25="Enter data here")),"Missing information in this row. Leave the 'Description of input/output' (Column C) blank for this row if it is not used in this module","") -> Missing information in this row. Leave the 'Description of input/output' (Column C) blank for this row if it is not used in this module
B26: Residues | C26: e.g. Sulphur | D26: tonnes/yr | O26: =IF($D26="MWh/yr (LHV)",$E26,$J26*$E26*(1-$L26)/3.6) -> 0 | T26: =IF(B26="", "", IF(D26="MWh/yr (LHV)", "Use column to right", "Enter data here")) -> Enter data here | U26: =IF(B26="", "", IF(D26="MWh/yr (LHV)", "Enter data here", "Use column to left")) -> Use column to left | V26: Accounting for the emissions in disposing of this output | W26: =IFERROR(IF(D26="tonnes/yr", $T26*$E26/($O$19*3.6), $U26*$E26*3.6/($O$19*3.6)), "Unfilled fields on left") -> Unfilled fields on left | Z26: =IF(AND(C26<>"",OR(E26="",J26="",L26="",T26="Enter data here",U26="Enter data here")),"Missing information in this row. Leave the 'Description of input/output' (Column C) blank for this row if it is not used in this module","") -> Missing information in this row. Leave the 'Description of input/output' (Column C) blank for this row if it is not used in this module
B27: Residues | C27: e.g. Ash | D27: tonnes/yr | O27: =IF($D27="MWh/yr (LHV)",$E27,$J27*$E27*(1-$L27)/3.6) -> 0 | T27: =IF(B27="", "", IF(D27="MWh/yr (LHV)", "Use column to right", "Enter data here")) -> Enter data here | U27: =IF(B27="", "", IF(D27="MWh/yr (LHV)", "Enter data here", "Use column to left")) -> Use column to left | V27: Accounting for the emissions in disposing of this output | W27: =IFERROR(IF(D27="tonnes/yr", $T27*$E27/($O$19*3.6), $U27*$E27*3.6/($O$19*3.6)), "Unfilled fields on left") -> Unfilled fields on left | Z27: =IF(AND(C27<>"",OR(E27="",J27="",L27="",T27="Enter data here",U27="Enter data here")),"Missing information in this row. Leave the 'Description of input/output' (Column C) blank for this row if it is not used in this module","") -> Missing information in this row. Leave the 'Description of input/output' (Column C) blank for this row if it is not used in this module
B28: CO2 emitted | C28: e.g. Fossil CO2 emitted onsite from use of process inputs (e.g. diesel, nat gas etc) | D28: tonnes/yr | O28: =IF($D28="MWh/yr (LHV)",$E28,$J28*$E28*(1-$L28)/3.6) -> 0 | T28: 1000 | V28: Fossil CO2 emissions generated by process inputs to the step, and emitted, are given a penalty of 1000 gCO2e/kg CO2 | W28: =IFERROR(IF(D28="tonnes/yr", $T28*$E28/($O$19*3.6), $U28*$E28*3.6/($O$19*3.6)), "Unfilled fields on left") -> Unfilled fields on left | Z28: =IF(AND(C28<>"",OR(E28="",J28="",L28="",T28="Enter data here",U28="Enter data here")),"Missing information in this row. Leave the 'Description of input/output' (Column C) blank for this row if it is not used in this module","") -> Missing information in this row. Leave the 'Description of input/output' (Column C) blank for this row if it is not used in this module
B29: Fugitive non-CO2 emitted | C29: e.g. Methane emitted, net of any mitigation | D29: tonnes/yr | O29: =IF($D29="MWh/yr (LHV)",$E29,$J29*$E29*(1-$L29)/3.6) -> 0 | T29: 28000 | V29: IPCC Fifth Assessment Report (AR5), GWP100 without carbon feedbacks | W29: =IFERROR(IF(D29="tonnes/yr", $T29*$E29/($O$19*3.6), $U29*$E29*3.6/($O$19*3.6)), "Unfilled fields on left") -> Unfilled fields on left | Z29: =IF(AND(C29<>"",OR(E29="",J29="",L29="",T29="Enter data here",U29="Enter data here")),"Missing information in this row. Leave the 'Description of input/output' (Column C) blank for this row if it is not used in this module","") -> Missing information in this row. Leave the 'Description of input/output' (Column C) blank for this row if it is not used in this module
B30: Fugitive non-CO2 emitted | C30: e.g. N2O emitted, net of any mitigation | D30: tonnes/yr | O30: =IF($D30="MWh/yr (LHV)",$E30,$J30*$E30*(1-$L30)/3.6) -> 0 | T30: 265000 | V30: IPCC Fifth Assessment Report (AR5), GWP100 without carbon feedbacks | W30: =IFERROR(IF(D30="tonnes/yr", $T30*$E30/($O$19*3.6), $U30*$E30*3.6/($O$19*3.6)), "Unfilled fields on left") -> Unfilled fields on left | Z30: =IF(AND(C30<>"",OR(E30="",J30="",L30="",T30="Enter data here",U30="Enter data here")),"Missing information in this row. Leave the 'Description of input/output' (Column C) blank for this row if it is not used in this module","") -> Missing information in this row. Leave the 'Description of input/output' (Column C) blank for this row if it is not used in this module
O31: =IF($D31="MWh/yr (LHV)",$E31,$J31*$E31*(1-$L31)/3.6) -> 0 | W31: =IFERROR(IF(D31="tonnes/yr", $T31*$E31/($O$19*3.6), $U31*$E31*3.6/($O$19*3.6)), "Unfilled fields on left") -> Unfilled fields on left | Z31: =IF(AND(C31<>"",OR(E31="",J31="",L31="",T31="Enter data here",U31="Enter data here")),"Missing information in this row. Leave the 'Description of input/output' (Column C) blank for this row if it is not used in this module","")
O32: =IF($D32="MWh/yr (LHV)",$E32,$J32*$E32*(1-$L32)/3.6) -> 0 | W32: =IFERROR(IF(D32="tonnes/yr", $T32*$E32/($O$19*3.6), $U32*$E32*3.6/($O$19*3.6)), "Unfilled fields on left") -> Unfilled fields on left | Z32: =IF(AND(C32<>"",OR(E32="",J32="",L32="",T32="Enter data here",U32="Enter data here")),"Missing information in this row. Leave the 'Description of input/output' (Column C) blank for this row if it is not used in this module","")
O33: =IF($D33="MWh/yr (LHV)",$E33,$J33*$E33*(1-$L33)/3.6) -> 0 | W33: =IFERROR(IF(D33="tonnes/yr", $T33*$E33/($O$19*3.6), $U33*$E33*3.6/($O$19*3.6)), "Unfilled fields on left") -> Unfilled fields on left | Z33: =IF(AND(C33<>"",OR(E33="",J33="",L33="",T33="Enter data here",U33="Enter data here")),"Missing information in this row. Leave the 'Description of input/output' (Column C) blank for this row if it is not used in this module","")
O34: =IF($D34="MWh/yr (LHV)",$E34,$J34*$E34*(1-$L34)/3.6) -> 0 | W34: =IFERROR(IF(D34="tonnes/yr", $T34*$E34/($O$19*3.6), $U34*$E34*3.6/($O$19*3.6)), "Unfilled fields on left") -> Unfilled fields on left | Z34: =IF(AND(C34<>"",OR(E34="",J34="",L34="",T34="Enter data here",U34="Enter data here")),"Missing information in this row. Leave the 'Description of input/output' (Column C) blank for this row if it is not used in this module","")
V36: Module total | W36: =SUM(W4:W35) -> 0
B37: Other characteristics
B38: Operating hours | C38: Full-load equivalents | D38: hr/yr

Sheet Conversion to intermediate
A1: Demonstration project or FOAK Pre-FEED project selected and no upstream data available - if applicable, enter delivered intermediate fuel emission factor in the "Conversion to jet" worksheet
B2: Type of input/output | C2: Description of input/output | D2: Units | E2: Value | F2: Further flow details (e.g. energy source, type, distance, temperature, pressure, purity) | G2: Source / evidence (e.g. reports, contracts, delivery notes, lab tests, model) | H2: Flow in from/out to: | I2: Does the flow cross the GHG assessment boundary? | J2: Lower heating value [LHV] (MJ/kgdry) | K2: Reference for LHVdry | L2: Moisture content (kg water/kg as received) | M2: Reference for moisture content | N2: Co-product heat/steam temperature (°C) | O2: Equivalent energy flow (MWh/yr LHVwet) | P2: Module efficiency (MJLHV wet module main output/MJLHV wet module main input) | R2: Equivalent energy flow for allocation (MWh/yr LHVallocation) | S2: Energy allocation (MJLHV allocation main product/MJLHV allocation all module products) | T2: GHG intensity (gCO2e/kg of material) - for materials with tonnes/yr units | U2: GHG intensity (gCO2e/MJLHV wet of energy) - for materials with MWh/yr (LHV) units | V2: Reference for GHG intensity | W2: GHG emissions (gCO2e/MJLHV module main output), WITHOUT allocation | Y2: Comments & questions
B4: Main input
B5: Module main feedstock | C5: ='H2 transport'!C19 -> e.g. Compressed/liquefied hydrogen | D5: tonnes/yr | I5: No | O5: =IF($D5="MWh/yr (LHV)",$E5,$J5*$E5*(1-$L5)/3.6) -> 0 | T5: =IF(B5="", "", IF(D5="MWh/yr (LHV)", "Use column to right", "Enter data here")) -> Enter data here | U5: =IF(B5="", "", IF(D5="MWh/yr (LHV)", "Enter data here", "Use column to left")) -> Use column to left | V5: Accounting for only the emissions in supplying this input. Record any GHGs released on use in outputs table below | W5: =IFERROR(IF(D5="tonnes/yr", $T5*$E5/($O$19*3.6), $U5*$E5*3.6/($O$19*3.6)), "Unfilled fields on left") -> Unfilled fields on left | Z5: =IF(AND(C5<>"",OR(E5="",J5="",L5="",T5="Enter data here",U5="Enter data here")),"Missing information in this row","") -> Missing information in this row
B7: Energy supply and input materials
B8: Energy | C8: e.g. Electricity | D8: MWh/yr (LHV) | O8: =IF($D8="MWh/yr (LHV)",$E8,$J8*$E8*(1-$L8)/3.6) -> 0 | T8: =IF(B8="", "", IF(D8="MWh/yr (LHV)", "Use column to right", "Enter data here")) -> Use column to right | U8: =IF(B8="", "", IF(D8="MWh/yr (LHV)", "Enter data here", "Use column to left")) -> Enter data here | V8: Accounting for only the emissions in supplying this input. Record any GHGs released on use in outputs table below | W8: =IFERROR(IF(D8="tonnes/yr", $T8*$E8/($O$19*3.6), $U8*$E8*3.6/($O$19*3.6)), "Unfilled fields on left") -> Unfilled fields on left | Z8: =IF(AND(C8<>"",OR(E8="",J8="",L8="",T8="Enter data here",U8="Enter data here")),"Missing information in this row. Leave the 'Description of input/output' (Column C) blank for this row if it is not used in this module","") -> Missing information in this row. Leave the 'Description of input/output' (Column C) blank for this row if it is not used in this module
B9: Energy | C9: e.g. Natural gas | D9: MWh/yr (LHV) | O9: =IF($D9="MWh/yr (LHV)",$E9,$J9*$E9*(1-$L9)/3.6) -> 0 | T9: =IF(B9="", "", IF(D9="MWh/yr (LHV)", "Use column to right", "Enter data here")) -> Use column to right | U9: =IF(B9="", "", IF(D9="MWh/yr (LHV)", "Enter data here", "Use column to left")) -> Enter data here | V9: Accounting for only the emissions in supplying this input. Record any GHGs released on use in outputs table below | W9: =IFERROR(IF(D9="tonnes/yr", $T9*$E9/($O$19*3.6), $U9*$E9*3.6/($O$19*3.6)), "Unfilled fields on left") -> Unfilled fields on left | Z9: =IF(AND(C9<>"",OR(E9="",J9="",L9="",T9="Enter data here",U9="Enter data here")),"Missing information in this row. Leave the 'Description of input/output' (Column C) blank for this row if it is not used in this module","") -> Missing information in this row. Leave the 'Description of input/output' (Column C) blank for this row if it is not used in this module
B10: Energy | C10: e.g. Diesel | D10: tonnes/yr | O10: =IF($D10="MWh/yr (LHV)",$E10,$J10*$E10*(1-$L10)/3.6) -> 0 | T10: =IF(B10="", "", IF(D10="MWh/yr (LHV)", "Use column to right", "Enter data here")) -> Enter data here | U10: =IF(B10="", "", IF(D10="MWh/yr (LHV)", "Enter data here", "Use column to left")) -> Use column to left | V10: Accounting for only the emissions in supplying this input. Record any GHGs released on use in outputs table below | W10: =IFERROR(IF(D10="tonnes/yr", $T10*$E10/($O$19*3.6), $U10*$E10*3.6/($O$19*3.6)), "Unfilled fields on left") -> Unfilled fields on left | Z10: =IF(AND(C10<>"",OR(E10="",J10="",L10="",T10="Enter data here",U10="Enter data here")),"Missing information in this row. Leave the 'Description of input/output' (Column C) blank for this row if it is not used in this module","") -> Missing information in this row. Leave the 'Description of input/output' (Column C) blank for this row if it is not used in this module
B11: Energy | C11: e.g. Heating oil | D11: tonnes/yr | O11: =IF($D11="MWh/yr (LHV)",$E11,$J11*$E11*(1-$L11)/3.6) -> 0 | T11: =IF(B11="", "", IF(D11="MWh/yr (LHV)", "Use column to right", "Enter data here")) -> Enter data here | U11: =IF(B11="", "", IF(D11="MWh/yr (LHV)", "Enter data here", "Use column to left")) -> Use column to left | V11: Accounting for only the emissions in supplying this input. Record any GHGs released on use in outputs table below | W11: =IFERROR(IF(D11="tonnes/yr", $T11*$E11/($O$19*3.6), $U11*$E11*3.6/($O$19*3.6)), "Unfilled fields on left") -> Unfilled fields on left | Z11: =IF(AND(C11<>"",OR(E11="",J11="",L11="",T11="Enter data here",U11="Enter data here")),"Missing information in this row. Leave the 'Description of input/output' (Column C) blank for this row if it is not used in this module","") -> Missing information in this row. Leave the 'Description of input/output' (Column C) blank for this row if it is not used in this module
B12: Chemicals | C12: e.g. Oxygen | D12: tonnes/yr | O12: =IF($D12="MWh/yr (LHV)",$E12,$J12*$E12*(1-$L12)/3.6) -> 0 | T12: =IF(B12="", "", IF(D12="MWh/yr (LHV)", "Use column to right", "Enter data here")) -> Enter data here | U12: =IF(B12="", "", IF(D12="MWh/yr (LHV)", "Enter data here", "Use column to left")) -> Use column to left | V12: Accounting for only the emissions in supplying this input. Record any GHGs released on use in outputs table below | W12: =IFERROR(IF(D12="tonnes/yr", $T12*$E12/($O$19*3.6), $U12*$E12*3.6/($O$19*3.6)), "Unfilled fields on left") -> Unfilled fields on left | Z12: =IF(AND(C12<>"",OR(E12="",J12="",L12="",T12="Enter data here",U12="Enter data here")),"Missing information in this row. Leave the 'Description of input/output' (Column C) blank for this row if it is not used in this module","") -> Missing information in this row. Leave the 'Description of input/output' (Column C) blank for this row if it is not used in this module
B13: Chemicals | C13: e.g. Chemicals | D13: tonnes/yr | O13: =IF($D13="MWh/yr (LHV)",$E13,$J13*$E13*(1-$L13)/3.6) -> 0 | T13: =IF(B13="", "", IF(D13="MWh/yr (LHV)", "Use column to right", "Enter data here")) -> Enter data here | U13: =IF(B13="", "", IF(D13="MWh/yr (LHV)", "Enter data here", "Use column to left")) -> Use column to left | V13: Accounting for only the emissions in supplying this input. Record any GHGs released on use in outputs table below | W13: =IFERROR(IF(D13="tonnes/yr", $T13*$E13/($O$19*3.6), $U13*$E13*3.6/($O$19*3.6)), "Unfilled fields on left") -> Unfilled fields on left | Z13: =IF(AND(C13<>"",OR(E13="",J13="",L13="",T13="Enter data here",U13="Enter data here")),"Missing information in this row. Leave the 'Description of input/output' (Column C) blank for this row if it is not used in this module","") -> Missing information in this row. Leave the 'Description of input/output' (Column C) blank for this row if it is not used in this module
B14: Materials | C14: e.g. Catalyst | D14: tonnes/yr | O14: =IF($D14="MWh/yr (LHV)",$E14,$J14*$E14*(1-$L14)/3.6) -> 0 | T14: =IF(B14="", "", IF(D14="MWh/yr (LHV)", "Use column to right", "Enter data here")) -> Enter data here | U14: =IF(B14="", "", IF(D14="MWh/yr (LHV)", "Enter data here", "Use column to left")) -> Use column to left | V14: Accounting for only the emissions in supplying this input. Record any GHGs released on use in outputs table below | W14: =IFERROR(IF(D14="tonnes/yr", $T14*$E14/($O$19*3.6), $U14*$E14*3.6/($O$19*3.6)), "Unfilled fields on left") -> Unfilled fields on left | Z14: =IF(AND(C14<>"",OR(E14="",J14="",L14="",T14="Enter data here",U14="Enter data here")),"Missing information in this row. Leave the 'Description of input/output' (Column C) blank for this row if it is not used in this module","") -> Missing information in this row. Leave the 'Description of input/output' (Column C) blank for this row if it is not used in this module
B15: Materials | C15: e.g. Water | D15: tonnes/yr | O15: =IF($D15="MWh/yr (LHV)",$E15,$J15*$E15*(1-$L15)/3.6) -> 0 | T15: =IF(B15="", "", IF(D15="MWh/yr (LHV)", "Use column to right", "Enter data here")) -> Enter data here | U15: =IF(B15="", "", IF(D15="MWh/yr (LHV)", "Enter data here", "Use column to left")) -> Use column to left | V15: Accounting for only the emissions in supplying this input. Record any GHGs released on use in outputs table below | W15: =IFERROR(IF(D15="tonnes/yr", $T15*$E15/($O$19*3.6), $U15*$E15*3.6/($O$19*3.6)), "Unfilled fields on left") -> Unfilled fields on left | Z15: =IF(AND(C15<>"",OR(E15="",J15="",L15="",T15="Enter data here",U15="Enter data here")),"Missing information in this row. Leave the 'Description of input/output' (Column C) blank for this row if it is not used in this module","") -> Missing information in this row. Leave the 'Description of input/output' (Column C) blank for this row if it is not used in this module
B16: =IF(Summary!$C$9="No","","Materials") -> Materials | C16: =IF(Summary!$C$9="No","",'CO2 transport'!C19) -> e.g. Captured CO2 | D16: =IF(Summary!$C$9="No","","tonnes/yr") -> tonnes/yr | E16: =IF(Summary!$C$9="No","",IF(Summary!$C$5="Yes",'CO2 transport'!E19,IF(Summary!$C$4="Yes",'CO2 processing'!E19,'CO2 capture'!E19))) -> 0 | I16: =IF(Summary!$C$9="No","","No") -> No | J16: =IF(Summary!$C$9="No","",'CO2 transport'!J19) -> 0 | L16: =IF(Summary!$C$9="No","",'CO2 transport'!L19) -> 0 | O16: =IF(Summary!$C$9="No","",IF($D16="MWh/yr (LHV)",$E16,$J16*$E16*(1-$L16)/3.6)) -> 0 | T16: =IF(Summary!$C$9="No","",SUM(Summary!$N$3:$N$5)) -> #VALUE! | V16: =IF(Summary!$C$9="No","","Accounting for all the upstream emissions in supplying the delivered CO2. Any of this CO2 released during this process step will have nil burden in the outputs table below") -> Accounting for all the upstream emissions in supplying the delivered CO2. Any of this CO2 released during this process step will have nil burden in the outputs table below | W16: =IF(Summary!$C$9="No","",IFERROR(IF(D16="tonnes/yr", $T16*$E16/($O$19*3.6), "Wrong units for delivered CO2 used"), "Unfilled fields on left")) -> Unfilled fields on left | Z16: =IF(AND(C16<>"",OR(E16="",J16="",L16="",ISERROR(T16))),"Missing information in this row, check delivered CO2 intensity calculations if applicable.","") -> Missing information in this row, check delivered CO2 intensity calculations if applicable.
B18: Main output and co-products
B19: Module main output | C19: e.g. e-methanol | D19: tonnes/yr | I19: No | O19: =IF($D19="MWh/yr (LHV)",$E19,$J19*$E19*(1-$L19)/3.6) -> 0 | P19: =IFERROR(O19/O5,"") | R19: =IF($D19="MWh/yr (LHV)",$E19,$E19*MAX(0, $J19*(1-$L19)-2.441*$L19)/kWh_to_MJ) -> 0 | S19: =IFERROR(R19/(SUM($R$19:$R$25)),"") | Z19: =IF(AND(C19<>"",OR(E19="",J19="",L19="")),"Missing information in this row. Leave the 'Description of input/output' (Column C) blank for this row if it is not used in this module","") -> Missing information in this row. Leave the 'Description of input/output' (Column C) blank for this row if it is not used in this module
B20: Co-products | D20: tonnes/yr | O20: =IF($D20="MWh/yr (LHV)",$E20,$J20*$E20*(1-$L20)/3.6) -> 0 | R20: =IF($D20="MWh/yr (LHV)",$E20,$E20*MAX(0, $J20*(1-$L20)-2.441*$L20)/kWh_to_MJ) -> 0 | S20: =IFERROR(R20/(SUM($R$19:$R$25)),"") | Z20: =IF(AND(C20<>"",OR(E20="",J20="",L20="")),"Missing information in this row. Leave the 'Description of input/output' (Column C) blank for this row if it is not used in this module","")
B21: Co-products | D21: tonnes/yr | O21: =IF($D21="MWh/yr (LHV)",$E21,$J21*$E21*(1-$L21)/3.6) -> 0 | R21: =IF($D21="MWh/yr (LHV)",$E21,$E21*MAX(0, $J21*(1-$L21)-2.441*$L21)/kWh_to_MJ) -> 0 | S21: =IFERROR(R21/(SUM($R$19:$R$25)),"") | Z21: =IF(AND(C21<>"",OR(E21="",J21="",L21="")),"Missing information in this row. Leave the 'Description of input/output' (Column C) blank for this row if it is not used in this module","")
B22: Co-products | D22: tonnes/yr | O22: =IF($D22="MWh/yr (LHV)",$E22,$J22*$E22*(1-$L22)/3.6) -> 0 | R22: =IF($D22="MWh/yr (LHV)",$E22,$E22*MAX(0, $J22*(1-$L22)-2.441*$L22)/kWh_to_MJ) -> 0 | S22: =IFERROR(R22/(SUM($R$19:$R$25)),"") | Z22: =IF(AND(C22<>"",OR(E22="",J22="",L22="")),"Missing information in this row. Leave the 'Description of input/output' (Column C) blank for this row if it is not used in this module","")
B23: Co-product electricity | C23: e.g. Co-product electricity exported | D23: MWh/yr (LHV) | J23: NA | L23: NA | O23: =IF($D23="MWh/yr (LHV)",$E23,$J23*$E23*(1-$L23)/3.6) -> 0 | R23: =IF($D23="MWh/yr (LHV)",$E23,$E23*MAX(0, $J23*(1-$L23)-2.441*$L23)/kWh_to_MJ) -> 0 | S23: =IFERROR(R23/(SUM($R$19:$R$25)),"") | Z23: =IF(AND(C23<>"",OR(E23="",J23="",L23="")),"Missing information in this row. Leave the 'Description of input/output' (Column C) blank for this row if it is not used in this module","") -> Missing information in this row. Leave the 'Description of input/output' (Column C) blank for this row if it is not used in this module
B24: Co-product heat | C24: e.g. Co-product heat exported | D24: MWh/yr (LHV) | J24: Enter sensible heat | L24: NA | N24: Enter data here | O24: =IF($D24="MWh/yr (LHV)",$E24,$J24*$E24*(1-$L24)/3.6) -> 0 | R24: =IF($D24="MWh/yr (LHV)",$E24,$E24*MAX(0, $J24*(1-$L24)-2.441*$L24)/kWh_to_MJ)*IF(OR(N24="", NOT(ISNUMBER(N24))), 1, (N24)/(N24+273.15)) -> 0 | S24: =IFERROR(R24/(SUM($R$19:$R$25)),"") | Z24: =IF(AND(C24<>"",OR(E24="",J24="",L24="")),"Missing information in this row. Leave the 'Description of input/output' (Column C) blank for this row if it is not used in this module","") -> Missing information in this row. Leave the 'Description of input/output' (Column C) blank for this row if it is not used in this module
B25: Co-product steam | C25: e.g. Co-product steam exported | D25: MWh/yr (LHV) | J25: Enter sensible heat | L25: NA | N25: Enter data here | O25: =IF($D25="MWh/yr (LHV)",$E25,$J25*$E25*(1-$L25)/3.6) -> 0 | R25: =IF($D25="MWh/yr (LHV)",$E25,$E25*MAX(0, $J25*(1-$L25)-2.441*$L25)/kWh_to_MJ)*IF(OR(N25="", NOT(ISNUMBER(N25))), 1, (N25)/(N25+273.15)) -> 0 | S25: =IFERROR(R25/(SUM($R$19:$R$25)),"") | Z25: =IF(AND(C25<>"",OR(E25="",J25="",L25="")),"Missing information in this row. Leave the 'Description of input/output' (Column C) blank for this row if it is not used in this module","") -> Missing information in this row. Leave the 'Description of input/output' (Column C) blank for this row if it is not used in this module
B27: Residues, wastes and emissions
B28: Wastes | C28: e.g. Wastewater | D28: tonnes/yr | O28: =IF($D28="MWh/yr (LHV)",$E28,$J28*$E28*(1-$L28)/3.6) -> 0 | T28: =IF(B28="", "", IF(D28="MWh/yr (LHV)", "Use column to right", "Enter data here")) -> Enter data here | U28: =IF(B28="", "", IF(D28="MWh/yr (LHV)", "Enter data here", "Use column to left")) -> Use column to left | V28: Accounting for the emissions in disposing of this output | W28: =IFERROR(IF(D28="tonnes/yr", $T28*$E28/($O$19*3.6), $U28*$E28*3.6/($O$19*3.6)), "Unfilled fields on left") -> Unfilled fields on left | Z28: =IF(AND(C28<>"",OR(E28="",J28="",L28="",T28="Enter data here",U28="Enter data here")),"Missing information in this row. Leave the 'Description of input/output' (Column C) blank for this row if it is not used in this module","") -> Missing information in this row. Leave the 'Description of input/output' (Column C) blank for this row if it is not used in this module
B29: Wastes | C29: e.g. Reject materials, losses | D29: tonnes/yr | O29: =IF($D29="MWh/yr (LHV)",$E29,$J29*$E29*(1-$L29)/3.6) -> 0 | T29: =IF(B29="", "", IF(D29="MWh/yr (LHV)", "Use column to right", "Enter data here")) -> Enter data here | U29: =IF(B29="", "", IF(D29="MWh/yr (LHV)", "Enter data here", "Use column to left")) -> Use column to left | V29: Accounting for the emissions in disposing of this output | W29: =IFERROR(IF(D29="tonnes/yr", $T29*$E29/($O$19*3.6), $U29*$E29*3.6/($O$19*3.6)), "Unfilled fields on left") -> Unfilled fields on left | Z29: =IF(AND(C29<>"",OR(E29="",J29="",L29="",T29="Enter data here",U29="Enter data here")),"Missing information in this row. Leave the 'Description of input/output' (Column C) blank for this row if it is not used in this module","") -> Missing information in this row. Leave the 'Description of input/output' (Column C) blank for this row if it is not used in this module
B30: Wastes | C30: e.g. Spent catalysts | D30: tonnes/yr | O30: =IF($D30="MWh/yr (LHV)",$E30,$J30*$E30*(1-$L30)/3.6) -> 0 | T30: =IF(B30="", "", IF(D30="MWh/yr (LHV)", "Use column to right", "Enter data here")) -> Enter data here | U30: =IF(B30="", "", IF(D30="MWh/yr (LHV)", "Enter data here", "Use column to left")) -> Use column to left | V30: Accounting for the emissions in disposing of this output | W30: =IFERROR(IF(D30="tonnes/yr", $T30*$E30/($O$19*3.6), $U30*$E30*3.6/($O$19*3.6)), "Unfilled fields on left") -> Unfilled fields on left | Z30: =IF(AND(C30<>"",OR(E30="",J30="",L30="",T30="Enter data here",U30="Enter data here")),"Missing information in this row. Leave the 'Description of input/output' (Column C) blank for this row if it is not used in this module","") -> Missing information in this row. Leave the 'Description of input/output' (Column C) blank for this row if it is not used in this module
B31: Residues | C31: e.g. Sulphur | D31: tonnes/yr | O31: =IF($D31="MWh/yr (LHV)",$E31,$J31*$E31*(1-$L31)/3.6) -> 0 | T31: =IF(B31="", "", IF(D31="MWh/yr (LHV)", "Use column to right", "Enter data here")) -> Enter data here | U31: =IF(B31="", "", IF(D31="MWh/yr (LHV)", "Enter data here", "Use column to left")) -> Use column to left | V31: Accounting for the emissions in disposing of this output | W31: =IFERROR(IF(D31="tonnes/yr", $T31*$E31/($O$19*3.6), $U31*$E31*3.6/($O$19*3.6)), "Unfilled fields on left") -> Unfilled fields on left | Z31: =IF(AND(C31<>"",OR(E31="",J31="",L31="",T31="Enter data here",U31="Enter data here")),"Missing information in this row. Leave the 'Description of input/output' (Column C) blank for this row if it is not used in this module","") -> Missing information in this row. Leave the 'Description of input/output' (Column C) blank for this row if it is not used in this module
B32: Residues | C32: e.g. Ash | D32: tonnes/yr | O32: =IF($D32="MWh/yr (LHV)",$E32,$J32*$E32*(1-$L32)/3.6) -> 0 | T32: =IF(B32="", "", IF(D32="MWh/yr (LHV)", "Use column to right", "Enter data here")) -> Enter data here | U32: =IF(B32="", "", IF(D32="MWh/yr (LHV)", "Enter data here", "Use column to left")) -> Use column to left | V32: Accounting for the emissions in disposing of this output | W32: =IFERROR(IF(D32="tonnes/yr", $T32*$E32/($O$19*3.6), $U32*$E32*3.6/($O$19*3.6)), "Unfilled fields on left") -> Unfilled fields on left | Z32: =IF(AND(C32<>"",OR(E32="",J32="",L32="",T32="Enter data here",U32="Enter data here")),"Missing information in this row. Leave the 'Description of input/output' (Column C) blank for this row if it is not used in this module","") -> Missing information in this row. Leave the 'Description of input/output' (Column C) blank for this row if it is not used in this module
B33: CO2 emitted | C33: e.g. Biogenic CO2 emitted (e.g. some biogenic off-gases burnt onsite) | D33: tonnes/yr | O33: =IF($D33="MWh/yr (LHV)",$E33,$J33*$E33*(1-$L33)/3.6) -> 0 | T33: 0 | V33: Biogenic CO2 has nil GWP | W33: =IFERROR(IF(D33="tonnes/yr", $T33*$E33/($O$19*3.6), $U33*$E33*3.6/($O$19*3.6)), "Unfilled fields on left") -> Unfilled fields on left | Z33: =IF(AND(C33<>"",OR(E33="",J33="",L33="",T33="Enter data here",U33="Enter data here")),"Missing information in this row. Leave the 'Description of input/output' (Column C) blank for this row if it is not used in this module","") -> Missing information in this row. Leave the 'Description of input/output' (Column C) blank for this row if it is not used in this module
B34: CO2 emitted | C34: e.g. Fossil CO2 emitted from captured CO2 (e.g. combustion of off-gases arising from delivered CO2) | D34: tonnes/yr | O34: =IF($D34="MWh/yr (LHV)",$E34,$J34*$E34*(1-$L34)/3.6) -> 0 | T34: 0 | V34: Fossil CO2 emitted arising from the delivered captured CO2 is given a penalty of 0 gCO2e/kg CO2, under SAF Mandate rules, due to assumed nil burden on the release of any of the captured CO2 | W34: =IFERROR(IF(D34="tonnes/yr", $T34*$E34/($O$19*3.6), $U34*$E34*3.6/($O$19*3.6)), "Unfilled fields on left") -> Unfilled fields on left | Z34: =IF(AND(C34<>"",OR(E34="",J34="",L34="",T34="Enter data here",U34="Enter data here")),"Missing information in this row. Leave the 'Description of input/output' (Column C) blank for this row if it is not used in this module","") -> Missing information in this row. Leave the 'Description of input/output' (Column C) blank for this row if it is not used in this module
B35: CO2 emitted | C35: e.g. Fossil CO2 emitted from other process inputs (e.g. combustion of diesel, nat gas) | D35: tonnes/yr | O35: =IF($D35="MWh/yr (LHV)",$E35,$J35*$E35*(1-$L35)/3.6) -> 0 | T35: 1000 | V35: Fossil CO2 generated from other fossil process inputs (not captured CO2) and emitted is given a penalty of 1000 gCO2e/kg CO2 under SAF Mandate rules | W35: =IFERROR(IF(D35="tonnes/yr", $T35*$E35/($O$19*3.6), $U35*$E35*3.6/($O$19*3.6)), "Unfilled fields on left") -> Unfilled fields on left | Z35: =IF(AND(C35<>"",OR(E35="",J35="",L35="",T35="Enter data here",U35="Enter data here")),"Missing information in this row. Leave the 'Description of input/output' (Column C) blank for this row if it is not used in this module","") -> Missing information in this row. Leave the 'Description of input/output' (Column C) blank for this row if it is not used in this module
B36: Net CO2 sequestered | C36: e.g. Biogenic CO2 captured and sequestered | D36: tonnes/yr | O36: =IF($D36="MWh/yr (LHV)",$E36,$J36*$E36*(1-$L36)/3.6) -> 0 | T36: -1000 | V36: Biogenic CO2 that is captured from this process step and sequestered is given a credit of up to 1000 gCO2e/kg CO2, but any emissions involved in the transport, compression/liquefaction and injection of this CO2 (including any fugitive emissions/leakage) need subtracted from this value to derive the net emissions avoided | W36: =IFERROR(IF(D36="tonnes/yr", $T36*$E36/($O$19*3.6), $U36*$E36*3.6/($O$19*3.6)), "Unfilled fields on left") -> Unfilled fields on left | Z36: =IF(AND(C36<>"",OR(E36="",J36="",L36="",T36="Enter data here",U36="Enter data here")),"Missing information in this row. Leave the 'Description of input/output' (Column C) blank for this row if it is not used in this module","") -> Missing information in this row. Leave the 'Description of input/output' (Column C) blank for this row if it is not used in this module
B37: Net CO2 sequestered | C37: e.g. Fossil CO2 captured and sequestered | D37: tonnes/yr | O37: =IF($D37="MWh/yr (LHV)",$E37,$J37*$E37*(1-$L37)/3.6) -> 0 | T37: -1000 | V37: Fossil CO2 that is captured from this process step and sequestered is given a credit of up to 1000 gCO2e/kg CO2, but any emissions involved in the transport, compression/liquefaction and injection of this CO2 (including any fugitive emissions/leakage) need subtracted from this value to derive the net emissions avoided | W37: =IFERROR(IF(D37="tonnes/yr", $T37*$E37/($O$19*3.6), $U37*$E37*3.6/($O$19*3.6)), "Unfilled fields on left") -> Unfilled fields on left | Z37: =IF(AND(C37<>"",OR(E37="",J37="",L37="",T37="Enter data here",U37="Enter data here")),"Missing information in this row. Leave the 'Description of input/output' (Column C) blank for this row if it is not used in this module","") -> Missing information in this row. Leave the 'Description of input/output' (Column C) blank for this row if it is not used in this module
B38: Net CO2 utilised | C38: e.g. Biogenic CO2 captured and utilised (replacing fossil-derived CO2 in commercial applications) | D38: tonnes/yr | O38: =IF($D38="MWh/yr (LHV)",$E38,$J38*$E38*(1-$L38)/3.6) -> 0 | T38: 0 | V38: Biogenic CO2 that is captured at this step and utilised is not given any credit under SAF Mandate rules for PTL pathways | W38: =IFERROR(IF(D38="tonnes/yr", $T38*$E38/($O$19*3.6), $U38*$E38*3.6/($O$19*3.6)), "Unfilled fields on left") -> Unfilled fields on left | Z38: =IF(AND(C38<>"",OR(E38="",J38="",L38="",T38="Enter data here",U38="Enter data here")),"Missing information in this row. Leave the 'Description of input/output' (Column C) blank for this row if it is not used in this module","") -> Missing information in this row. Leave the 'Description of input/output' (Column C) blank for this row if it is not used in this module
B39: Net CO2 utilised | C39: e.g. Fossil CO2 captured and utilised (replacing fossil-derived CO2 in commercial applications) | D39: tonnes/yr | O39: =IF($D39="MWh/yr (LHV)",$E39,$J39*$E39*(1-$L39)/3.6) -> 0 | T39: 0 | V39: Fossil CO2 that is captured at this step and utilised is not given any credit under SAF Mandate rules for PTL pathways | W39: =IFERROR(IF(D39="tonnes/yr", $T39*$E39/($O$19*3.6), $U39*$E39*3.6/($O$19*3.6)), "Unfilled fields on left") -> Unfilled fields on left | Z39: =IF(AND(C39<>"",OR(E39="",J39="",L39="",T39="Enter data here",U39="Enter data here")),"Missing information in this row. Leave the 'Description of input/output' (Column C) blank for this row if it is not used in this module","") -> Missing information in this row. Leave the 'Description of input/output' (Column C) blank for this row if it is not used in this module
B40: Fugitive non-CO2 emitted | C40: e.g. Methane emitted, net of any mitigation | D40: tonnes/yr | O40: =IF($D40="MWh/yr (LHV)",$E40,$J40*$E40*(1-$L40)/3.6) -> 0 | T40: 28000 | V40: IPCC Fifth Assessment Report (AR5), GWP100 without carbon feedbacks | W40: =IFERROR(IF(D40="tonnes/yr", $T40*$E40/($O$19*3.6), $U40*$E40*3.6/($O$19*3.6)), "Unfilled fields on left") -> Unfilled fields on left | Z40: =IF(AND(C40<>"",OR(E40="",J40="",L40="",T40="Enter data here",U40="Enter data here")),"Missing information in this row. Leave the 'Description of input/output' (Column C) blank for this row if it is not used in this module","") -> Missing information in this row. Leave the 'Description of input/output' (Column C) blank for this row if it is not used in this module
B41: Fugitive non-CO2 emitted | C41: e.g. N2O emitted, net of any mitigation | D41: tonnes/yr | O41: =IF($D41="MWh/yr (LHV)",$E41,$J41*$E41*(1-$L41)/3.6) -> 0 | T41: 265000 | V41: IPCC Fifth Assessment Report (AR5), GWP100 without carbon feedbacks | W41: =IFERROR(IF(D41="tonnes/yr", $T41*$E41/($O$19*3.6), $U41*$E41*3.6/($O$19*3.6)), "Unfilled fields on left") -> Unfilled fields on left | Z41: =IF(AND(C41<>"",OR(E41="",J41="",L41="",T41="Enter data here",U41="Enter data here")),"Missing information in this row. Leave the 'Description of input/output' (Column C) blank for this row if it is not used in this module","") -> Missing information in this row. Leave the 'Description of input/output' (Column C) blank for this row if it is not used in this module
O42: =IF($D42="MWh/yr (LHV)",$E42,$J42*$E42*(1-$L42)/3.6) -> 0 | W42: =IFERROR(IF(D42="tonnes/yr", $T42*$E42/($O$19*3.6), $U42*$E42*3.6/($O$19*3.6)), "Unfilled fields on left") -> Unfilled fields on left | Z42: =IF(AND(C42<>"",OR(E42="",J42="",L42="",T42="Enter data here",U42="Enter data here")),"Missing information in this row. Leave the 'Description of input/output' (Column C) blank for this row if it is not used in this module","")
O43: =IF($D43="MWh/yr (LHV)",$E43,$J43*$E43*(1-$L43)/3.6) -> 0 | W43: =IFERROR(IF(D43="tonnes/yr", $T43*$E43/($O$19*3.6), $U43*$E43*3.6/($O$19*3.6)), "Unfilled fields on left") -> Unfilled fields on left | Z43: =IF(AND(C43<>"",OR(E43="",J43="",L43="",T43="Enter data here",U43="Enter data here")),"Missing information in this row. Leave the 'Description of input/output' (Column C) blank for this row if it is not used in this module","")
O44: =IF($D44="MWh/yr (LHV)",$E44,$J44*$E44*(1-$L44)/3.6) -> 0 | W44: =IFERROR(IF(D44="tonnes/yr", $T44*$E44/($O$19*3.6), $U44*$E44*3.6/($O$19*3.6)), "Unfilled fields on left") -> Unfilled fields on left | Z44: =IF(AND(C44<>"",OR(E44="",J44="",L44="",T44="Enter data here",U44="Enter data here")),"Missing information in this row. Leave the 'Description of input/output' (Column C) blank for this row if it is not used in this module","")
O45: =IF($D45="MWh/yr (LHV)",$E45,$J45*$E45*(1-$L45)/3.6) -> 0 | W45: =IFERROR(IF(D45="tonnes/yr", $T45*$E45/($O$19*3.6), $U45*$E45*3.6/($O$19*3.6)), "Unfilled fields on left") -> Unfilled fields on left | Z45: =IF(AND(C45<>"",OR(E45="",J45="",L45="",T45="Enter data here",U45="Enter data here")),"Missing information in this row. Leave the 'Description of input/output' (Column C) blank for this row if it is not used in this module","")
V47: Module total | W47: =SUM(W4:W46) -> 0
B48: Other characteristics
B49: Operating hours | C49: Full-load equivalents | D49: hr/yr
B50: Capture rate | C50: CCS capture rate | D50: %
B51: CO2 losses in T&S | C51: CO2 lost during transmission and storage | D51: %

Sheet Intermediate transport
A1: Demonstration project or FOAK Pre-FEED project selected and no upstream data available - if applicable, enter delivered intermediate fuel emission factor in the "Conversion to jet" worksheet
B2: Type of input/output | C2: Description of input/output | D2: Units | E2: Value | F2: Further flow details (e.g. energy source, type, distance, temperature, pressure, purity) | G2: Source / evidence (e.g. reports, contracts, delivery notes, lab tests, model) | H2: Flow in from/out to: | I2: Does the flow cross the GHG assessment boundary? | J2: Lower heating value [LHV] (MJ/kgdry) | K2: Reference for LHVdry | L2: Moisture content (kg water/kg as received) | M2: Reference for moisture content | N2: Co-product heat/steam temperature (°C) | O2: Equivalent energy flow (MWh/yr LHVwet) | P2: Module efficiency (MJLHV wet module main output/MJLHV wet module main input) | R2: Equivalent energy flow for allocation (MWh/yr LHVallocation) | S2: Energy allocation (MJLHV allocation main product/MJLHV allocation all module products) | T2: GHG intensity (gCO2e/kg of material) - for materials with tonnes/yr units | U2: GHG intensity (gCO2e/MJLHV wet of energy) - for materials with MWh/yr (LHV) units | V2: Reference for GHG intensity | W2: GHG emissions (gCO2e/MJLHV module main output), WITHOUT allocation | Y2: Comments & questions
B4: Main input
B5: Module main feedstock | C5: ='Conversion to intermediate'!C19 -> e.g. e-methanol | D5: tonnes/yr | I5: No | O5: =IF($D5="MWh/yr (LHV)",$E5,$J5*$E5*(1-$L5)/3.6) -> 0 | Z5: =IF(AND(C5<>"",OR(E5="",J5="",L5="")),"Missing information in this row.","") -> Missing information in this row.
B7: Energy supply and input materials
B8: Energy | C8: e.g. Electricity | D8: MWh/yr (LHV) | O8: =IF($D8="MWh/yr (LHV)",$E8,$J8*$E8*(1-$L8)/3.6) -> 0 | T8: =IF(B8="", "", IF(D8="MWh/yr (LHV)", "Use column to right", "Enter data here")) -> Use column to right | U8: =IF(B8="", "", IF(D8="MWh/yr (LHV)", "Enter data here", "Use column to left")) -> Enter data here | V8: Accounting for only the emissions in supplying this input. Record any GHGs released on use in outputs table below | W8: =IFERROR(IF(D8="tonnes/yr", $T8*$E8/($O$19*3.6), $U8*$E8*3.6/($O$19*3.6)), "Unfilled fields on left") -> Unfilled fields on left | Z8: =IF(AND(C8<>"",OR(E8="",J8="",L8="",T8="Enter data here",U8="Enter data here")),"Missing information in this row. Leave the 'Description of input/output' (Column C) blank for this row if it is not used in this module","") -> Missing information in this row. Leave the 'Description of input/output' (Column C) blank for this row if it is not used in this module
B9: Energy | C9: e.g. Natural gas | D9: MWh/yr (LHV) | O9: =IF($D9="MWh/yr (LHV)",$E9,$J9*$E9*(1-$L9)/3.6) -> 0 | T9: =IF(B9="", "", IF(D9="MWh/yr (LHV)", "Use column to right", "Enter data here")) -> Use column to right | U9: =IF(B9="", "", IF(D9="MWh/yr (LHV)", "Enter data here", "Use column to left")) -> Enter data here | V9: Accounting for only the emissions in supplying this input. Record any GHGs released on use in outputs table below | W9: =IFERROR(IF(D9="tonnes/yr", $T9*$E9/($O$19*3.6), $U9*$E9*3.6/($O$19*3.6)), "Unfilled fields on left") -> Unfilled fields on left | Z9: =IF(AND(C9<>"",OR(E9="",J9="",L9="",T9="Enter data here",U9="Enter data here")),"Missing information in this row. Leave the 'Description of input/output' (Column C) blank for this row if it is not used in this module","") -> Missing information in this row. Leave the 'Description of input/output' (Column C) blank for this row if it is not used in this module
B10: Energy | C10: e.g. Diesel | D10: tonnes/yr | O10: =IF($D10="MWh/yr (LHV)",$E10,$J10*$E10*(1-$L10)/3.6) -> 0 | T10: =IF(B10="", "", IF(D10="MWh/yr (LHV)", "Use column to right", "Enter data here")) -> Enter data here | U10: =IF(B10="", "", IF(D10="MWh/yr (LHV)", "Enter data here", "Use column to left")) -> Use column to left | V10: Accounting for only the emissions in supplying this input. Record any GHGs released on use in outputs table below | W10: =IFERROR(IF(D10="tonnes/yr", $T10*$E10/($O$19*3.6), $U10*$E10*3.6/($O$19*3.6)), "Unfilled fields on left") -> Unfilled fields on left | Z10: =IF(AND(C10<>"",OR(E10="",J10="",L10="",T10="Enter data here",U10="Enter data here")),"Missing information in this row. Leave the 'Description of input/output' (Column C) blank for this row if it is not used in this module","") -> Missing information in this row. Leave the 'Description of input/output' (Column C) blank for this row if it is not used in this module
B11: Energy | C11: e.g. Heating oil | D11: tonnes/yr | O11: =IF($D11="MWh/yr (LHV)",$E11,$J11*$E11*(1-$L11)/3.6) -> 0 | T11: =IF(B11="", "", IF(D11="MWh/yr (LHV)", "Use column to right", "Enter data here")) -> Enter data here | U11: =IF(B11="", "", IF(D11="MWh/yr (LHV)", "Enter data here", "Use column to left")) -> Use column to left | V11: Accounting for only the emissions in supplying this input. Record any GHGs released on use in outputs table below | W11: =IFERROR(IF(D11="tonnes/yr", $T11*$E11/($O$19*3.6), $U11*$E11*3.6/($O$19*3.6)), "Unfilled fields on left") -> Unfilled fields on left | Z11: =IF(AND(C11<>"",OR(E11="",J11="",L11="",T11="Enter data here",U11="Enter data here")),"Missing information in this row. Leave the 'Description of input/output' (Column C) blank for this row if it is not used in this module","") -> Missing information in this row. Leave the 'Description of input/output' (Column C) blank for this row if it is not used in this module
B12: Chemicals | C12: e.g. Oxygen | D12: tonnes/yr | O12: =IF($D12="MWh/yr (LHV)",$E12,$J12*$E12*(1-$L12)/3.6) -> 0 | T12: =IF(B12="", "", IF(D12="MWh/yr (LHV)", "Use column to right", "Enter data here")) -> Enter data here | U12: =IF(B12="", "", IF(D12="MWh/yr (LHV)", "Enter data here", "Use column to left")) -> Use column to left | V12: Accounting for only the emissions in supplying this input. Record any GHGs released on use in outputs table below | W12: =IFERROR(IF(D12="tonnes/yr", $T12*$E12/($O$19*3.6), $U12*$E12*3.6/($O$19*3.6)), "Unfilled fields on left") -> Unfilled fields on left | Z12: =IF(AND(C12<>"",OR(E12="",J12="",L12="",T12="Enter data here",U12="Enter data here")),"Missing information in this row. Leave the 'Description of input/output' (Column C) blank for this row if it is not used in this module","") -> Missing information in this row. Leave the 'Description of input/output' (Column C) blank for this row if it is not used in this module
B13: Chemicals | C13: e.g. Chemicals | D13: tonnes/yr | O13: =IF($D13="MWh/yr (LHV)",$E13,$J13*$E13*(1-$L13)/3.6) -> 0 | T13: =IF(B13="", "", IF(D13="MWh/yr (LHV)", "Use column to right", "Enter data here")) -> Enter data here | U13: =IF(B13="", "", IF(D13="MWh/yr (LHV)", "Enter data here", "Use column to left")) -> Use column to left | V13: Accounting for only the emissions in supplying this input. Record any GHGs released on use in outputs table below | W13: =IFERROR(IF(D13="tonnes/yr", $T13*$E13/($O$19*3.6), $U13*$E13*3.6/($O$19*3.6)), "Unfilled fields on left") -> Unfilled fields on left | Z13: =IF(AND(C13<>"",OR(E13="",J13="",L13="",T13="Enter data here",U13="Enter data here")),"Missing information in this row. Leave the 'Description of input/output' (Column C) blank for this row if it is not used in this module","") -> Missing information in this row. Leave the 'Description of input/output' (Column C) blank for this row if it is not used in this module
B14: Materials | C14: e.g. Catalyst | D14: tonnes/yr | O14: =IF($D14="MWh/yr (LHV)",$E14,$J14*$E14*(1-$L14)/3.6) -> 0 | T14: =IF(B14="", "", IF(D14="MWh/yr (LHV)", "Use column to right", "Enter data here")) -> Enter data here | U14: =IF(B14="", "", IF(D14="MWh/yr (LHV)", "Enter data here", "Use column to left")) -> Use column to left | V14: Accounting for only the emissions in supplying this input. Record any GHGs released on use in outputs table below | W14: =IFERROR(IF(D14="tonnes/yr", $T14*$E14/($O$19*3.6), $U14*$E14*3.6/($O$19*3.6)), "Unfilled fields on left") -> Unfilled fields on left | Z14: =IF(AND(C14<>"",OR(E14="",J14="",L14="",T14="Enter data here",U14="Enter data here")),"Missing information in this row. Leave the 'Description of input/output' (Column C) blank for this row if it is not used in this module","") -> Missing information in this row. Leave the 'Description of input/output' (Column C) blank for this row if it is not used in this module
B15: Materials | C15: e.g. Water | D15: tonnes/yr | O15: =IF($D15="MWh/yr (LHV)",$E15,$J15*$E15*(1-$L15)/3.6) -> 0 | T15: =IF(B15="", "", IF(D15="MWh/yr (LHV)", "Use column to right", "Enter data here")) -> Enter data here | U15: =IF(B15="", "", IF(D15="MWh/yr (LHV)", "Enter data here", "Use column to left")) -> Use column to left | V15: Accounting for only the emissions in supplying this input. Record any GHGs released on use in outputs table below | W15: =IFERROR(IF(D15="tonnes/yr", $T15*$E15/($O$19*3.6), $U15*$E15*3.6/($O$19*3.6)), "Unfilled fields on left") -> Unfilled fields on left | Z15: =IF(AND(C15<>"",OR(E15="",J15="",L15="",T15="Enter data here",U15="Enter data here")),"Missing information in this row. Leave the 'Description of input/output' (Column C) blank for this row if it is not used in this module","") -> Missing information in this row. Leave the 'Description of input/output' (Column C) blank for this row if it is not used in this module
O16: =IF($D16="MWh/yr (LHV)",$E16,$J16*$E16*(1-$L16)/3.6) -> 0 | T16: =IF(B16="", "", IF(D16="MWh/yr (LHV)", "Use column to right", "Enter data here")) | U16: =IF(B16="", "", IF(D16="MWh/yr (LHV)", "Enter data here", "Use column to left")) | V16: Accounting for only the emissions in supplying this input. Record any GHGs released on use in outputs table below | W16: =IFERROR(IF(D16="tonnes/yr", $T16*$E16/($O$19*3.6), $U16*$E16*3.6/($O$19*3.6)), "Unfilled fields on left") -> Unfilled fields on left | Z16: =IF(AND(C16<>"",OR(E16="",J16="",L16="",T16="Enter data here",U16="Enter data here")),"Missing information in this row. Leave the 'Description of input/output' (Column C) blank for this row if it is not used in this module","")
B18: Main output and co-products
B19: Module main output | C19: e.g. e-methanol | D19: tonnes/yr | I19: No | O19: =IF($D19="MWh/yr (LHV)",$E19,$J19*$E19*(1-$L19)/3.6) -> 0 | P19: =IFERROR(O19/O5,"") | R19: =IF($D19="MWh/yr (LHV)",$E19,$E19*MAX(0, $J19*(1-$L19)-2.441*$L19)/kWh_to_MJ) -> 0 | S19: =IFERROR(R19/(SUM($R$19:$R$21)),"") | Z19: =IF(AND(C19<>"",OR(E19="",J19="",L19="")),"Missing information in this row. Leave the 'Description of input/output' (Column C) blank for this row if it is not used in this module","") -> Missing information in this row. Leave the 'Description of input/output' (Column C) blank for this row if it is not used in this module
B20: Co-products | C20: (Unlikely to be any arising from this step) | D20: tonnes/yr | O20: =IF($D20="MWh/yr (LHV)",$E20,$J20*$E20*(1-$L20)/3.6) -> 0 | R20: =IF($D20="MWh/yr (LHV)",$E20,$E20*MAX(0, $J20*(1-$L20)-2.441*$L20)/kWh_to_MJ) -> 0 | S20: =IFERROR(R20/(SUM($R$19:$R$21)),"") | Z20: =IF(AND(C20<>"",OR(E20="",J20="",L20="")),"Missing information in this row. Leave the 'Description of input/output' (Column C) blank for this row if it is not used in this module","") -> Missing information in this row. Leave the 'Description of input/output' (Column C) blank for this row if it is not used in this module
B21: Co-products | C21: (Unlikely to be any arising from this step) | D21: tonnes/yr | O21: =IF($D21="MWh/yr (LHV)",$E21,$J21*$E21*(1-$L21)/3.6) -> 0 | R21: =IF($D21="MWh/yr (LHV)",$E21,$E21*MAX(0, $J21*(1-$L21)-2.441*$L21)/kWh_to_MJ) -> 0 | S21: =IFERROR(R21/(SUM($R$19:$R$21)),"") | Z21: =IF(AND(C21<>"",OR(E21="",J21="",L21="")),"Missing information in this row. Leave the 'Description of input/output' (Column C) blank for this row if it is not used in this module","") -> Missing information in this row. Leave the 'Description of input/output' (Column C) blank for this row if it is not used in this module
B23: Residues, wastes and emissions
B24: Wastes | C24: e.g. Wastewater | D24: tonnes/yr | O24: =IF($D24="MWh/yr (LHV)",$E24,$J24*$E24*(1-$L24)/3.6) -> 0 | T24: =IF(B24="", "", IF(D24="MWh/yr (LHV)", "Use column to right", "Enter data here")) -> Enter data here | U24: =IF(B24="", "", IF(D24="MWh/yr (LHV)", "Enter data here", "Use column to left")) -> Use column to left | V24: Accounting for the emissions in disposing of this output | W24: =IFERROR(IF(D24="tonnes/yr", $T24*$E24/($O$19*3.6), $U24*$E24*3.6/($O$19*3.6)), "Unfilled fields on left") -> Unfilled fields on left | Z24: =IF(AND(C24<>"",OR(E24="",J24="",L24="",T24="Enter data here",U24="Enter data here")),"Missing information in this row. Leave the 'Description of input/output' (Column C) blank for this row if it is not used in this module","") -> Missing information in this row. Leave the 'Description of input/output' (Column C) blank for this row if it is not used in this module
B25: Wastes | C25: e.g. Reject materials, losses | D25: tonnes/yr | O25: =IF($D25="MWh/yr (LHV)",$E25,$J25*$E25*(1-$L25)/3.6) -> 0 | T25: =IF(B25="", "", IF(D25="MWh/yr (LHV)", "Use column to right", "Enter data here")) -> Enter data here | U25: =IF(B25="", "", IF(D25="MWh/yr (LHV)", "Enter data here", "Use column to left")) -> Use column to left | V25: Accounting for the emissions in disposing of this output | W25: =IFERROR(IF(D25="tonnes/yr", $T25*$E25/($O$19*3.6), $U25*$E25*3.6/($O$19*3.6)), "Unfilled fields on left") -> Unfilled fields on left | Z25: =IF(AND(C25<>"",OR(E25="",J25="",L25="",T25="Enter data here",U25="Enter data here")),"Missing information in this row. Leave the 'Description of input/output' (Column C) blank for this row if it is not used in this module","") -> Missing information in this row. Leave the 'Description of input/output' (Column C) blank for this row if it is not used in this module
B26: Residues | C26: e.g. Sulphur | D26: tonnes/yr | O26: =IF($D26="MWh/yr (LHV)",$E26,$J26*$E26*(1-$L26)/3.6) -> 0 | T26: =IF(B26="", "", IF(D26="MWh/yr (LHV)", "Use column to right", "Enter data here")) -> Enter data here | U26: =IF(B26="", "", IF(D26="MWh/yr (LHV)", "Enter data here", "Use column to left")) -> Use column to left | V26: Accounting for the emissions in disposing of this output | W26: =IFERROR(IF(D26="tonnes/yr", $T26*$E26/($O$19*3.6), $U26*$E26*3.6/($O$19*3.6)), "Unfilled fields on left") -> Unfilled fields on left | Z26: =IF(AND(C26<>"",OR(E26="",J26="",L26="",T26="Enter data here",U26="Enter data here")),"Missing information in this row. Leave the 'Description of input/output' (Column C) blank for this row if it is not used in this module","") -> Missing information in this row. Leave the 'Description of input/output' (Column C) blank for this row if it is not used in this module
B27: Residues | C27: e.g. Ash | D27: tonnes/yr | O27: =IF($D27="MWh/yr (LHV)",$E27,$J27*$E27*(1-$L27)/3.6) -> 0 | T27: =IF(B27="", "", IF(D27="MWh/yr (LHV)", "Use column to right", "Enter data here")) -> Enter data here | U27: =IF(B27="", "", IF(D27="MWh/yr (LHV)", "Enter data here", "Use column to left")) -> Use column to left | V27: Accounting for the emissions in disposing of this output | W27: =IFERROR(IF(D27="tonnes/yr", $T27*$E27/($O$19*3.6), $U27*$E27*3.6/($O$19*3.6)), "Unfilled fields on left") -> Unfilled fields on left | Z27: =IF(AND(C27<>"",OR(E27="",J27="",L27="",T27="Enter data here",U27="Enter data here")),"Missing information in this row. Leave the 'Description of input/output' (Column C) blank for this row if it is not used in this module","") -> Missing information in this row. Leave the 'Description of input/output' (Column C) blank for this row if it is not used in this module
B28: CO2 emitted | C28: e.g. Fossil CO2 emitted onsite from use of inputs | D28: tonnes/yr | O28: =IF($D28="MWh/yr (LHV)",$E28,$J28*$E28*(1-$L28)/3.6) -> 0 | T28: 1000 | V28: Fossil CO2 generated and emitted (no CO2 capture) is given a penalty of 1 tonne CO2e/tonne CO2 | W28: =IFERROR(IF(D28="tonnes/yr", $T28*$E28/($O$19*3.6), $U28*$E28*3.6/($O$19*3.6)), "Unfilled fields on left") -> Unfilled fields on left | Z28: =IF(AND(C28<>"",OR(E28="",J28="",L28="",T28="Enter data here",U28="Enter data here")),"Missing information in this row. Leave the 'Description of input/output' (Column C) blank for this row if it is not used in this module","") -> Missing information in this row. Leave the 'Description of input/output' (Column C) blank for this row if it is not used in this module
B29: Fugitive non-CO2 emitted | C29: e.g. Methane emitted, net of any mitigation | D29: tonnes/yr | O29: =IF($D29="MWh/yr (LHV)",$E29,$J29*$E29*(1-$L29)/3.6) -> 0 | T29: 28000 | V29: IPCC Fifth Assessment Report (AR5), GWP100 without carbon feedbacks | W29: =IFERROR(IF(D29="tonnes/yr", $T29*$E29/($O$19*3.6), $U29*$E29*3.6/($O$19*3.6)), "Unfilled fields on left") -> Unfilled fields on left | Z29: =IF(AND(C29<>"",OR(E29="",J29="",L29="",T29="Enter data here",U29="Enter data here")),"Missing information in this row. Leave the 'Description of input/output' (Column C) blank for this row if it is not used in this module","") -> Missing information in this row. Leave the 'Description of input/output' (Column C) blank for this row if it is not used in this module
B30: Fugitive non-CO2 emitted | C30: e.g. N2O emitted, net of any mitigation | D30: tonnes/yr | O30: =IF($D30="MWh/yr (LHV)",$E30,$J30*$E30*(1-$L30)/3.6) -> 0 | T30: 265000 | V30: IPCC Fifth Assessment Report (AR5), GWP100 without carbon feedbacks | W30: =IFERROR(IF(D30="tonnes/yr", $T30*$E30/($O$19*3.6), $U30*$E30*3.6/($O$19*3.6)), "Unfilled fields on left") -> Unfilled fields on left | Z30: =IF(AND(C30<>"",OR(E30="",J30="",L30="",T30="Enter data here",U30="Enter data here")),"Missing information in this row. Leave the 'Description of input/output' (Column C) blank for this row if it is not used in this module","") -> Missing information in this row. Leave the 'Description of input/output' (Column C) blank for this row if it is not used in this module
O31: =IF($D31="MWh/yr (LHV)",$E31,$J31*$E31*(1-$L31)/3.6) -> 0 | W31: =IFERROR(IF(D31="tonnes/yr", $T31*$E31/($O$19*3.6), $U31*$E31*3.6/($O$19*3.6)), "Unfilled fields on left") -> Unfilled fields on left | Z31: =IF(AND(C31<>"",OR(E31="",J31="",L31="",T31="Enter data here",U31="Enter data here")),"Missing information in this row. Leave the 'Description of input/output' (Column C) blank for this row if it is not used in this module","")
O32: =IF($D32="MWh/yr (LHV)",$E32,$J32*$E32*(1-$L32)/3.6) -> 0 | W32: =IFERROR(IF(D32="tonnes/yr", $T32*$E32/($O$19*3.6), $U32*$E32*3.6/($O$19*3.6)), "Unfilled fields on left") -> Unfilled fields on left | Z32: =IF(AND(C32<>"",OR(E32="",J32="",L32="",T32="Enter data here",U32="Enter data here")),"Missing information in this row. Leave the 'Description of input/output' (Column C) blank for this row if it is not used in this module","")
O33: =IF($D33="MWh/yr (LHV)",$E33,$J33*$E33*(1-$L33)/3.6) -> 0 | W33: =IFERROR(IF(D33="tonnes/yr", $T33*$E33/($O$19*3.6), $U33*$E33*3.6/($O$19*3.6)), "Unfilled fields on left") -> Unfilled fields on left | Z33: =IF(AND(C33<>"",OR(E33="",J33="",L33="",T33="Enter data here",U33="Enter data here")),"Missing information in this row. Leave the 'Description of input/output' (Column C) blank for this row if it is not used in this module","")
O34: =IF($D34="MWh/yr (LHV)",$E34,$J34*$E34*(1-$L34)/3.6) -> 0 | W34: =IFERROR(IF(D34="tonnes/yr", $T34*$E34/($O$19*3.6), $U34*$E34*3.6/($O$19*3.6)), "Unfilled fields on left") -> Unfilled fields on left | Z34: =IF(AND(C34<>"",OR(E34="",J34="",L34="",T34="Enter data here",U34="Enter data here")),"Missing information in this row. Leave the 'Description of input/output' (Column C) blank for this row if it is not used in this module","")
V36: Module total | W36: =SUM(W4:W35) -> 0
B37: Other characteristics
B38: Operating hours | C38: Full-load equivalents | D38: hr/yr

Sheet Conversion to jet
B2: Type of input/output | C2: Description of input/output | D2: Units | E2: Value | F2: Further flow details (e.g. energy source, type, distance, temperature, pressure, purity) | G2: Source / evidence (e.g. reports, contracts, delivery notes, lab tests, model) | H2: Flow in from/out to: | I2: Does the flow cross the GHG assessment boundary? | J2: Lower heating value [LHV] (MJ/kgdry) | K2: Reference for LHVdry | L2: Moisture content (kg water/kg as received) | M2: Reference for moisture content | N2: Co-product heat/steam temperature (°C) | O2: Equivalent energy flow (MWh/yr LHVwet) | P2: Module efficiency (MJLHV wet module main output/MJLHV wet module main input) | R2: Equivalent energy flow for allocation (MWh/yr LHVallocation) | S2: Energy allocation (MJLHV allocation main product/MJLHV allocation all module products) | T2: GHG intensity (gCO2e/kg of material) - for materials with tonnes/yr units | U2: GHG intensity (gCO2e/MJLHV wet of energy) - for materials with MWh/yr (LHV) units | V2: Reference for GHG intensity | W2: GHG emissions (gCO2e/MJLHV module main output), WITHOUT allocation | Y2: Comments & questions
B4: Main input
B5: Module main feedstock | C5: ='Intermediate transport'!C19 -> e.g. e-methanol | D5: tonnes/yr | I5: No | O5: =IF($D5="MWh/yr (LHV)",$E5,$J5*$E5*(1-$L5)/3.6) -> 0 | T5: =IF(B5="", "", IF(D5="MWh/yr (LHV)", "Use column to right", "Enter data here")) -> Enter data here | U5: =IF(B5="", "", IF(D5="MWh/yr (LHV)", "Enter data here", "Use column to left")) -> Use column to left | V5: Accounting for only the emissions in supplying this input. Record any GHGs released on use in outputs table below | W5: =IFERROR(IF(D5="tonnes/yr", $T5*$E5/($O$20*3.6), $U5*$E5*3.6/($O$20*3.6)), "Unfilled fields on left") -> Unfilled fields on left | Z5: =IF(Guidance!$C$17="No", IF(AND(C5<>"",OR(E5="",J5="",L5="",T5="Enter data here",U5="Enter data here")),"Missing information in this row",""), IF(AND(C5<>"",OR(E5="",J5="",L5="")),"Missing information in this row","")) -> Missing information in this row
B7: Energy supply and input materials
B8: Energy | C8: e.g. Electricity | D8: MWh/yr (LHV) | O8: =IF($D8="MWh/yr (LHV)",$E8,$J8*$E8*(1-$L8)/3.6) -> 0 | T8: =IF(B8="", "", IF(D8="MWh/yr (LHV)", "Use column to right", "Enter data here")) -> Use column to right | U8: =IF(B8="", "", IF(D8="MWh/yr (LHV)", "Enter data here", "Use column to left")) -> Enter data here | V8: Accounting for only the emissions in supplying this input. Record any GHGs released on use in outputs table below | W8: =IFERROR(IF(D8="tonnes/yr", $T8*$E8/($O$19*3.6), $U8*$E8*3.6/($O$19*3.6)), "Unfilled fields on left") -> Unfilled fields on left | Z8: =IF(AND(C8<>"",OR(E8="",J8="",L8="",T8="Enter data here",U8="Enter data here")),"Missing information in this row. Leave the 'Description of input/output' (Column C) blank for this row if it is not used in this module","") -> Missing information in this row. Leave the 'Description of input/output' (Column C) blank for this row if it is not used in this module
B9: Energy | C9: e.g. Natural gas | D9: MWh/yr (LHV) | O9: =IF($D9="MWh/yr (LHV)",$E9,$J9*$E9*(1-$L9)/3.6) -> 0 | T9: =IF(B9="", "", IF(D9="MWh/yr (LHV)", "Use column to right", "Enter data here")) -> Use column to right | U9: =IF(B9="", "", IF(D9="MWh/yr (LHV)", "Enter data here", "Use column to left")) -> Enter data here | V9: Accounting for only the emissions in supplying this input. Record any GHGs released on use in outputs table below | W9: =IFERROR(IF(D9="tonnes/yr", $T9*$E9/($O$19*3.6), $U9*$E9*3.6/($O$19*3.6)), "Unfilled fields on left") -> Unfilled fields on left | Z9: =IF(AND(C9<>"",OR(E9="",J9="",L9="",T9="Enter data here",U9="Enter data here")),"Missing information in this row. Leave the 'Description of input/output' (Column C) blank for this row if it is not used in this module","") -> Missing information in this row. Leave the 'Description of input/output' (Column C) blank for this row if it is not used in this module
B10: Energy | C10: e.g. Diesel | D10: tonnes/yr | O10: =IF($D10="MWh/yr (LHV)",$E10,$J10*$E10*(1-$L10)/3.6) -> 0 | T10: =IF(B10="", "", IF(D10="MWh/yr (LHV)", "Use column to right", "Enter data here")) -> Enter data here | U10: =IF(B10="", "", IF(D10="MWh/yr (LHV)", "Enter data here", "Use column to left")) -> Use column to left | V10: Accounting for only the emissions in supplying this input. Record any GHGs released on use in outputs table below | W10: =IFERROR(IF(D10="tonnes/yr", $T10*$E10/($O$19*3.6), $U10*$E10*3.6/($O$19*3.6)), "Unfilled fields on left") -> Unfilled fields on left | Z10: =IF(AND(C10<>"",OR(E10="",J10="",L10="",T10="Enter data here",U10="Enter data here")),"Missing information in this row. Leave the 'Description of input/output' (Column C) blank for this row if it is not used in this module","") -> Missing information in this row. Leave the 'Description of input/output' (Column C) blank for this row if it is not used in this module
